Workbook
Name ___nit1: #REF!
Name __nit1: #REF!
Name _nit1: #REF!
Name A_impresión_IM: #REF!
Name A_impresión_IM: #REF!
Name aaa: MATCH(0.01,End_Bal,-1)+1
Name agencias: [1]Listas!$U$2:$U$10
Name agencias: [2]Listas!$U$2:$U$10
Name avvillas: #REF!
Name BANCOS: [3]BANCOS!$A$2:$A$25
Name BASE_DATOS_ESTUDIO_CRED: #REF!
Name Beg_Bal: #REF!
Name cartera: #REF!
Name clientes: #REF!
Name clientes: #REF!
Name COD_REPRES: #N/A
Name contador1: 5
Name contador2: 5
Name Data: #REF!
Name depositos: #REF!
Name depositos: #REF!
Name DINERS: #REF!
Name End_Bal: #REF!
Name Extra_Pay: #REF!
Name FECHA: #REF!
Name FECHA: #REF!
Name Full_Print: #REF!
Name Header_Row: ROW(#REF!)
Name Int: #REF!
Name Interest_Rate: #REF!
Name ITEM: #REF!
Name Last_Row: IF([4]COOADAMS!Values_Entered,Header_Row+[4]COOADAMS!Number_of_Payments,Header_Row)
Name Lista: {1,2,3,4;5,6,7,8;9,10,11,12;13,14,15,16}
Name Loan_Amount: #REF!
Name Loan_Start: #REF!
Name Loan_Years: #REF!
Name MONITOR: #REF!
Name MONITOR_AVVILLAS: #REF!
Name Net_Income: #REF!
Name NetIncomeGrowth: #REF!
Name nits: #REF!
Name NOMBRE: [5]ESTUDIO!$L$6
Name NombreRango1: #REF!
Name NombreRango1: #REF!
Name NOMINA: [5]ESTUDIO!$AE$107
Name Num_Pmt_Per_Year: #REF!
Name Number_of_Payments: MATCH(0.01,End_Bal,-1)+1
Name Other_Growth: #REF!
Name Pay_Date: #REF!
Name Pay_Num: #REF!
Name Payment_Date: DATE(YEAR(Loan_Start),MONTH(Loan_Start)+Payment_Number,DAY(Loan_Start))
Name Play: 656277505
Name Princ: #REF!
Name Print_Area_Reset: OFFSET(Full_Print,0,0,Last_Row)
Name Rand1: #REF!
Name Rand2: #REF!
Name RangoBeneficiosNetos: [6]DatosResumen!$B$9:$B$19,[6]DatosResumen!$D$9:$D$19
Name Retail_Growth: #REF!
Name Revenue: #REF!
Name RevenueGrowth: #REF!

Sheet PARÁMETROS
A1: VARIABLES | B1: Año 22 | C1: Año 23 | D1: Año 24 | E1: Año 25 | F1: Año 26 | G1: Año 27 | H1: Año 28 | I1: Año 29 | J1: Año 30 | K1: Año 31 | L1: Año 32 | M1: Año 32
A2: Inflación | B2: 0.11 | C2: 0.08 | D2: 0.06 | E2: 0.04 | F2: 0.04 | G2: 0.035 | H2: =+G2 -> 0.035
A3: Reajuste gastos | C3: =+B2 -> 0.11 | D3: =+C2 -> 0.08 | E3: =+D2 -> 0.06 | F3: =+E2 -> 0.04 | G3: =+F2 -> 0.04 | H3: =+G2 -> 0.035
A4: Crecimiento Desembolsos (IPC + Variación Base Social) | C4: 0 | D4: =+C2*2 -> 0.16 | E4: =+D2*2 -> 0.12 | F4: =+E2*2 -> 0.08 | G4: =+F2*2 -> 0.08 | H4: =+G2*2 -> 0.07
A5: % Cartera improductiva | C5: 0.03 | D5: =+C5 -> 0.03 | E5: =+D5 -> 0.03 | F5: =+E5 -> 0.03 | G5: =+F5 -> 0.03 | H5: =+G5 -> 0.03
A6: % Refinanciación | C6: 0.1 | D6: =+C6 -> 0.1 | E6: =+D6 -> 0.1 | F6: =+E6 -> 0.1 | G6: =+F6 -> 0.1 | H6: =+G6 -> 0.1
A7: Vida util PPE | C7: 36 | D7: =+C7 -> 36 | E7: =+D7 -> 36 | F7: =+E7 -> 36 | G7: =+F7 -> 36 | H7: =+G7 -> 36
A8: Provision General | B8: 0.01 | C8: =+B8 -> 0.01 | D8: =+C8 -> 0.01 | E8: =+D8 -> 0.01 | F8: =+E8+0.1% -> 0.011 | G8: =+F8+0.1% -> 0.012 | H8: =+G8+0.1% -> 0.013
A9: Siniestralidad | B9: 0.01 | C9: =+C8 -> 0.01 | D9: =+D8 -> 0.01 | E9: =+E8 -> 0.01 | F9: =+F8 -> 0.011 | G9: =+G8 -> 0.012 | H9: =+H8 -> 0.013
A10: IBR | B10: 0.11 | C10: 0.1 | D10: 0.09 | E10: 0.08 | F10: 0.06 | G10: =+G2+1% -> 0.045 | H10: =+H2+1% -> 0.045
A11: Tasa Ahorro Permanente (Inflacion año ant) | B11: 0.0562 | C11: =+B2 -> 0.11 | D11: =+C2 -> 0.08 | E11: =+D2 -> 0.06 | F11: =+E2 -> 0.04 | G11: =+F2 -> 0.04 | H11: =+G2 -> 0.035
A12: Tasa ahorro contractual | B12: 0.04 | C12: =+B12 -> 0.04 | D12: =+C12 -> 0.04 | E12: =+D12 -> 0.04 | F12: =+E12 -> 0.04 | G12: =+F12 -> 0.04 | H12: =+G12 -> 0.04
A13: Tasa CDAT | B13: 0.06 | C13: 0.09 | D13: 0.08 | E13: 0.07 | F13: =+F10 -> 0.06 | G13: 0.05 | H13: =+H10 -> 0.045
A14: Tasa Obligaciones Financieras DTF+ 4 | B14: =+B10+4% -> 0.15 | C14: =+C10+4% -> 0.14 | D14: =+D10+4% -> 0.13 | E14: =+E10+4% -> 0.12 | F14: =+F10+4% -> 0.1 | G14: =+G10+4% -> 0.085 | H14: =+H10+4% -> 0.085
A15: % asociados con ahorro vista | B15: 0 | C15: =+B15 -> 0 | D15: =+C15 -> 0 | E15: =+D15 -> 0 | F15: =+E15 -> 0 | G15: =+F15 -> 0 | H15: =+G15 -> 0
A16: % asociados con ahorro contractual | B16: 0.25 | C16: =+B16 -> 0.25 | D16: =+C16 -> 0.25 | E16: =+D16 -> 0.25 | F16: =+E16 -> 0.25 | G16: =+F16 -> 0.25 | H16: =+G16 -> 0.25
A17: # Aperturas mensuales CDATs / Base Social | B17: 0.001 | C17: =+B17 -> 0.001 | D17: =+C17 -> 0.001 | E17: =+D17 -> 0.001 | F17: =+E17 -> 0.001 | G17: =+F17 -> 0.001 | H17: =+G17 -> 0.001
A18: % Asociados con ahorro Permanente | B18: 1 | C18: 1 | D18: 1 | E18: 1 | F18: 1 | G18: 1 | H18: 1
A19: Salario Mínimo (pesos) | B19: 1000000 | C19: 1150000 | D19: =+C19*(1+(C2+1.5%)) -> 1259250 | E19: =+D19*(1+(D2+1.5%)) -> 1353693.8 | F19: =+E19*(1+(E2+1.5%)) -> 1428146.9 | G19: =+F19*(1+(F2+1.5%)) -> 1506695 | H19: =+G19*(1+(G2+1.5%)) -> 1582029.7
A20: Prom. Individual de Aporte Mensual | B20: 83000 | C20: =+B$20*(1+B2) -> 92130 | D20: =+C$20*(1+C2) -> 99500.4 | E20: =+D$20*(1+D2) -> 105470.42 | F20: =+E$20*(1+E2) -> 109689.24 | G20: =+F$20*(1+F2) -> 114076.81 | H20: =+G$20*(1+G2) -> 118069.5
A21: Prom. Indiv. Fondo mutual | B21: 0 | C21: 0 | D21: 0 | E21: 0 | F21: 0 | G21: 0 | H21: 0
A22: Prom. Indiv. Ahorro Vista | B22: 0 | C22: 0 | D22: 0 | E22: 0 | F22: 0 | G22: 0 | H22: 0
A23: Prom. Indiv. Ahorro Contractual | B23: =+B20*2 -> 166000 | C23: =+C20*2 -> 184260 | D23: =+D20*2 -> 199000.8 | E23: =+E20*2 -> 210940.85 | F23: =+F20*2 -> 219378.48 | G23: =+G20*2 -> 228153.62 | H23: =+H20*2 -> 236139
A24: Prom. Indiv. CDAT (sin extremos) | B24: =+B19*20 -> 20000000 | C24: =+C19*20 -> 23000000 | D24: =+D19*20 -> 25185000 | E24: =+E19*20 -> 27073875 | F24: =+F19*20 -> 28562938 | G24: =+G19*20 -> 30133900 | H24: =+H19*20 -> 31640595
A25: Saldo inicial asociados | C25: 1600 | D25: =+C28 -> 1540 | E25: =+D28 -> 1528 | F25: =+E28 -> 1552 | G25: =+F28 -> 1612 | H25: =+G28 -> 1708
A26: Ingreso anual de Asociados | C26: 600 | D26: =+C26+24 -> 624 | E26: =+D26+24 -> 648 | F26: =+E26+24 -> 672 | G26: =+F26+24 -> 696 | H26: =+G26+24 -> 720
A27: Retiro Anual de asociados | C27: =55*12 -> 660 | D27: =+C27-24 -> 636 | E27: =+D27-12 -> 624 | F27: =+E27-12 -> 612 | G27: =+F27-12 -> 600 | H27: =+G27-12 -> 588
A28: Asociados al cierre del Año | C28: =+C25+C26-C27 -> 1540 | D28: =+D25+D26-D27 -> 1528 | E28: =+E25+E26-E27 -> 1552 | F28: =+F25+F26-F27 -> 1612 | G28: =+G25+G26-G27 -> 1708 | H28: =+H25+H26-H27 -> 1840
A29: % Habilidad | B29: 1 | C29: 1 | D29: 1 | E29: 1 | F29: 1 | G29: 1 | H29: 1
A30: Aportes Fondo Mutual | B30: =+B19*0.7% -> 7000 | C30: =+C19*0.7% -> 8050 | D30: =+D19*0.7% -> 8814.75 | E30: =+E19*0.7% -> 9475.8562 | F30: =+F19*0.7% -> 9997.0283 | G30: =+G19*0.7% -> 10546.865 | H30: =+H19*0.7% -> 11074.208
A31: Cuota de admisión | B31: 0 | C31: 0 | D31: 0 | E31: 0 | F31: 0 | G31: 0 | H31: 0
A32: Compra Activos Fijos y Software | B32: =+B19*20 -> 20000000 | C32: =+C19*20 -> 23000000 | D32: =+D19*20 -> 25185000 | E32: =+E19*20 -> 27073875 | F32: =+F19*20 -> 28562938 | G32: =+G19*20 -> 30133900 | H32: =+H19*20 -> 31640595
A33: Compras Cartera y Abonos Extraordinarios | B33: =+B19*20 -> 20000000 | C33: =+C19*20 -> 23000000 | D33: =+D19*20 -> 25185000 | E33: =+E19*20 -> 27073875 | F33: =+F19*20 -> 28562938 | G33: =+G19*20 -> 30133900 | H33: =+H19*20 -> 31640595
A34: Liquidación Promedio ex - asociados | B34: =+B19 -> 1000000 | C34: =+C19 -> 1150000 | D34: =+D19 -> 1259250 | E34: =+E19 -> 1353693.8 | F34: =+F19 -> 1428146.9 | G34: =+G19 -> 1506695 | H34: =+H19 -> 1582029.7
A35: Aportes cruzados con cartera | B35: 0.5 | C35: =+B35 -> 0.5 | D35: =+C35 -> 0.5 | E35: =+D35 -> 0.5 | F35: =+E35 -> 0.5 | G35: =+F35 -> 0.5 | H35: =+G35 -> 0.5
A36: Crecim. Gastos Generales IPC + 50% crecim base social | C36: 0 | D36: 0 | E36: 0 | F36: 0 | G36: 0 | H36: 0
C39: TASAS DE CREDITO
A40: LINEA | B40: Año 2022 | C40: =+C1 -> Año 23 | D40: =+D1 -> Año 24 | E40: =+E1 -> Año 25 | F40: =+F1 -> Año 26 | G40: =+G1 -> Año 27 | H40: =+H1 -> Año 28
A41: LINEA 1 | B41: 0.012 | C41: 0.0125 | D41: 0.0135 | E41: =+D41 -> 0.0135 | F41: =+E41 -> 0.0135 | G41: =+F41 -> 0.0135 | H41: =+G41 -> 0.0135
A42: LINEA 2 | B42: =+B41 -> 0.012 | C42: =+C41 -> 0.0125 | D42: =+D41 -> 0.0135 | E42: =+E41 -> 0.0135 | F42: =+F41 -> 0.0135 | G42: =+G41 -> 0.0135 | H42: =+H41 -> 0.0135
A43: LINEA 3 | B43: =+B42 -> 0.012 | C43: =+C42 -> 0.0125 | D43: =+D42 -> 0.0135 | E43: =+E42 -> 0.0135 | F43: =+F42 -> 0.0135 | G43: =+G42 -> 0.0135 | H43: =+H42 -> 0.0135
A44: LINEA 4 | B44: =+B43 -> 0.012 | C44: =+C43 -> 0.0125 | D44: =+D43 -> 0.0135 | E44: =+E43 -> 0.0135 | F44: =+F43 -> 0.0135 | G44: =+G43 -> 0.0135 | H44: =+H43 -> 0.0135
A45: LINEA 5 | B45: =+B44 -> 0.012 | C45: =+C44 -> 0.0125 | D45: =+D44 -> 0.0135 | E45: =+E44 -> 0.0135 | F45: =+F44 -> 0.0135 | G45: =+G44 -> 0.0135 | H45: =+H44 -> 0.0135
A46: LINEA 6 | B46: =+B45 -> 0.012 | C46: =+C45 -> 0.0125 | D46: =+D45 -> 0.0135 | E46: =+E45 -> 0.0135 | F46: =+F45 -> 0.0135 | G46: =+G45 -> 0.0135 | H46: =+H45 -> 0.0135
A47: LINEA 7 | B47: =+B46 -> 0.012 | C47: =+C46 -> 0.0125 | D47: =+D46 -> 0.0135 | E47: =+E46 -> 0.0135 | F47: =+F46 -> 0.0135 | G47: =+G46 -> 0.0135 | H47: =+H46 -> 0.0135
D49: ROTACION . PLAZO PROMEDIO
A50: LINEA | B50: =+B1 -> Año 22 | C50: Año 1 | D50: Año 2 | E50: Años 3 | F50: Años 4 | G50: Años 5
A51: =+A41 -> LINEA 1 | B51: 48 | C51: =+B51 -> 48 | D51: =+C51+6 -> 54 | E51: =+D51 -> 54 | F51: =+E51 -> 54 | G51: =+F51 -> 54
A52: =+A42 -> LINEA 2 | B52: =+B51 -> 48 | C52: =+C51 -> 48 | D52: =+C52+6 -> 54 | E52: =+D52 -> 54 | F52: =+E52 -> 54 | G52: =+F52 -> 54
A53: =+A43 -> LINEA 3 | B53: =+B52 -> 48 | C53: =+C52 -> 48 | D53: =+C53+6 -> 54 | E53: =+D53 -> 54 | F53: =+E53 -> 54 | G53: =+F53 -> 54
A54: =+A44 -> LINEA 4 | B54: =+B53 -> 48 | C54: =+C53 -> 48 | D54: =+C54+6 -> 54 | E54: =+D54 -> 54 | F54: =+E54 -> 54 | G54: =+F54 -> 54
A55: =+A45 -> LINEA 5 | B55: =+B54 -> 48 | C55: =+C54 -> 48 | D55: =+C55+6 -> 54 | E55: =+D55 -> 54 | F55: =+E55 -> 54 | G55: =+F55 -> 54
A56: =+A46 -> LINEA 6 | B56: =+B55 -> 48 | C56: =+C55 -> 48 | D56: =+C56+6 -> 54 | E56: =+D56 -> 54 | F56: =+E56 -> 54 | G56: =+F56 -> 54
A57: =+A47 -> LINEA 7 | B57: =+B56 -> 48 | C57: =+C56 -> 48 | D57: =+C57+6 -> 54 | E57: =+D57 -> 54 | F57: =+E57 -> 54 | G57: =+F57 -> 54
C59: SALDO CARTERA
A60: LINEA | D60: 44896 | E60: 45261
A61: =+A51 -> LINEA 1 | D61: =+'EF. Anuales'!H5 -> 10200000000 | E61: =+'FLUJO DE CARTERA'!N127 -> 1.0476516e+10
A62: =+A52 -> LINEA 2 | D62: 0 | E62: =+'FLUJO DE CARTERA'!H128 -> 0
A63: =+A53 -> LINEA 3 | D63: 0 | E63: =+'FLUJO DE CARTERA'!H129 -> 0
A64: =+A54 -> LINEA 4 | D64: 0 | E64: =+'FLUJO DE CARTERA'!H130 -> 0
A65: =+A55 -> LINEA 5 | D65: 0 | E65: =+'FLUJO DE CARTERA'!H131 -> 0
A66: =+A56 -> LINEA 6 | D66: 0 | E66: =+'FLUJO DE CARTERA'!H132 -> 0
A67: =+A57 -> LINEA 7 | D67: 0 | E67: =+'FLUJO DE CARTERA'!H133 -> 0
A68: TOTAL | D68: =SUM(D61:D67) -> 10200000000 | E68: =SUM(E61:E67) -> 1.0476516e+10
D69: =+'EF. Anuales'!H5 -> 10200000000 | E69: =+E68/D68-1 -> 0.027109423
A70: Cruce mensual Ahorro Perman.
A71: LINEA | B71: =+B1 -> Año 22 | C71: =+C1 -> Año 23 | D71: =+D1 -> Año 24 | E71: =+E1 -> Año 25 | F71: =+F1 -> Año 26 | G71: =+G1 -> Año 27 | H71: =+H1 -> Año 28 | I71: =+I1 -> Año 29 | ... M71: =+M1 -> Año 32
A72: =+A61 -> LINEA 1 | B72: 0 | C72: =+B72*1.05 -> 0 | D72: =+C72*1.05 -> 0 | E72: =+D72*1.05 -> 0 | F72: =+E72*1.05 -> 0 | G72: =+F72*1.05 -> 0 | H72: =+G72*1.05 -> 0 | I72: =+H72*1.05 -> 0 | J72: =+I72*1.05 -> 0 | ... M72: =+L72*1.05 -> 0
A73: =+A62 -> LINEA 2 | B73: 0 | C73: =+B73 -> 0 | D73: =+C73 -> 0 | E73: =+D73 -> 0 | F73: =+E73 -> 0 | G73: =+F73 -> 0 | H73: =+G73 -> 0 | I73: =+H73 -> 0 | J73: =+I73 -> 0 | ... M73: =+L73 -> 0
A74: =+A63 -> LINEA 3 | B74: 0 | C74: =+B74 -> 0 | D74: =+C74 -> 0 | E74: =+D74 -> 0 | F74: =+E74 -> 0 | G74: =+F74 -> 0 | H74: =+G74 -> 0 | I74: =+H74 -> 0 | J74: =+I74 -> 0 | ... M74: =+L74 -> 0
A75: =+A64 -> LINEA 4 | B75: 0 | C75: =+B75 -> 0 | D75: =+C75 -> 0 | E75: =+D75 -> 0 | F75: =+E75 -> 0 | G75: =+F75 -> 0 | H75: =+G75 -> 0 | I75: =+H75 -> 0 | J75: =+I75 -> 0 | ... M75: =+L75 -> 0
A76: =+A65 -> LINEA 5 | B76: 0 | C76: =+B76 -> 0 | D76: =+C76 -> 0 | E76: =+D76 -> 0 | F76: =+E76 -> 0 | G76: =+F76 -> 0 | H76: =+G76 -> 0 | I76: =+H76 -> 0 | J76: =+I76 -> 0 | ... M76: =+L76 -> 0
A77: =+A66 -> LINEA 6 | B77: 0 | C77: =+B77 -> 0 | D77: =+C77 -> 0 | E77: =+D77 -> 0 | F77: =+E77 -> 0 | G77: =+F77 -> 0 | H77: =+G77 -> 0 | I77: =+H77 -> 0 | J77: =+I77 -> 0 | ... M77: =+L77 -> 0
A78: =+A67 -> LINEA 7 | B78: 0 | C78: =+B78 -> 0 | D78: =+C78 -> 0 | E78: =+D78 -> 0 | F78: =+E78 -> 0 | G78: =+F78 -> 0 | H78: =+G78 -> 0 | I78: =+H78 -> 0 | J78: =+I78 -> 0 | ... M78: =+L78 -> 0
A79: TOTAL | B79: =SUM(B72:B78) -> 0 | C79: =SUM(C72:C78) -> 0 | D79: =SUM(D72:D78) -> 0 | E79: =SUM(E72:E78) -> 0 | F79: =SUM(F72:F78) -> 0 | G79: =SUM(G72:G78) -> 0 | H79: =SUM(H72:H78) -> 0 | I79: =SUM(I72:I78) -> 0 | ... M79: =SUM(M72:M78) -> 0

Sheet EF. Anuales
A1: SITUACION FCIERA | B1: 43070 | C1: 43435 | D1: 43800 | E1: 44166 | F1: 44531 | G1: 44805 | H1: 44896 | I1: =EOMONTH(H1,12) -> 45291 | J1: =EOMONTH(I1,12) -> 45657 | K1: =EOMONTH(J1,12) -> 46022 | L1: =EOMONTH(K1,12) -> 46387 | M1: =EOMONTH(L1,12) -> 46752
A2: Efectivo y Eq NETO | B2: =+CUC!C4+CUC!C32+CUC!C559-CUC!C816-CUC!C939-B3-B4 -> 5.8458268e+08 | C2: =+CUC!D4+CUC!D32+CUC!D559-CUC!D816-CUC!D939-C3-C4 -> 5.9951969e+08 | D2: =+CUC!E4+CUC!E32+CUC!E559-CUC!E816-CUC!E939-D3-D4 -> 8.0749101e+08 | E2: =+CUC!F4+CUC!F32+CUC!F559-CUC!F816-CUC!F939-E3-E4 -> 6.0589841e+08 | F2: =+CUC!G4+CUC!G32+CUC!G559-CUC!G816-CUC!G939-F3-F4 -> 1.3094188e+09 | G2: =+CUC!I4+CUC!I32+CUC!I559-CUC!I816-CUC!I939-G3-G4 -> 3.988319e+08 | H2: 4.1077239e+08 | I2: =+'EF. Mensuales'!N2 -> 8.1084517e+08 | J2: =+'EF. Mensuales'!Z2 -> 3.4312872e+08 | K2: =+'EF. Mensuales'!AL2 -> 57182212 | L2: =+'EF. Mensuales'!AX2 -> 74774162 | M2: =+'EF. Mensuales'!BJ2 -> 81668341
A3: Fondo de Liquidez | B3: =+CUC!C18+CUC!C33 -> 1.3484277e+08 | C3: =+CUC!D18+CUC!D33 -> 1.4989328e+08 | D3: =+CUC!E18+CUC!E33 -> 1.5495799e+08 | E3: =+CUC!F18+CUC!F33 -> 1.8893476e+08 | F3: =+CUC!G18+CUC!G33 -> 1.990391e+08 | G3: =+CUC!I18+CUC!I33 -> 1.991237e+08 | H3: 200000000 | I3: =+'EF. Mensuales'!N3 -> 3.0572561e+08 | J3: =+'EF. Mensuales'!Z3 -> 3.6770639e+08 | K3: =+'EF. Mensuales'!AL3 -> 4.1669709e+08 | L3: =+'EF. Mensuales'!AX3 -> 4.5599099e+08 | M3: =+'EF. Mensuales'!BJ3 -> 4.926781e+08
A4: Otras inversiones | B4: =+CUC!C122+CUC!C143 -> 51466281 | C4: =+CUC!D122+CUC!D143 -> 59186064 | D4: =+CUC!E122+CUC!E143 -> 71421271 | E4: =+CUC!F122+CUC!F143 -> 78698206 | F4: =+CUC!G122+CUC!G143 -> 84550896 | G4: =+CUC!I122+CUC!I143 -> 88804730 | H4: 91000000 | I4: =+'EF. Mensuales'!N4 -> 91464606 | J4: =+'EF. Mensuales'!Z4 -> 91945474 | K4: =+'EF. Mensuales'!AL4 -> 92443172 | L4: =+'EF. Mensuales'!AX4 -> 92958290 | M4: =+'EF. Mensuales'!BJ4 -> 93491436
A5: Cartera de Crédito | B5: =+CUC!C248-B6 -> 7562279942 | C5: =+CUC!D248-C6 -> 7898206314 | D5: =+CUC!E248-D6 -> 7940979334 | E5: =+CUC!F248-E6 -> 9343276423 | F5: =+CUC!G248-F6 -> 9546677923 | G5: =+CUC!I248-G6 -> 10424484695 | H5: 10200000000 | I5: =+'EF. Mensuales'!N5 -> 1.0476516e+10 | J5: =+'EF. Mensuales'!Z5 -> 1.1704965e+10 | K5: =+'EF. Mensuales'!AL5 -> 1.3309053e+10 | L5: =+'EF. Mensuales'!AX5 -> 1.5088937e+10 | M5: =+'EF. Mensuales'!BJ5 -> 1.726379e+10
A6: Provisión Cartera | B6: =-CUC!C273-CUC!C279-CUC!C285-CUC!C327-CUC!C338-CUC!C344-CUC!C368-CUC!C374-CUC!C380-CUC!C410-CUC!C421-CUC!C427-CUC!C457-CUC!C468-CUC!C474-CUC!C480-CUC!C503-CUC!C514 -> -138241997 | C6: =-CUC!D273-CUC!D279-CUC!D285-CUC!D327-CUC!D338-CUC!D344-CUC!D368-CUC!D374-CUC!D380-CUC!D410-CUC!D421-CUC!D427-CUC!D457-CUC!D468-CUC!D474-CUC!D480-CUC!D503-CUC!D514 -> -175422728 | D6: =-CUC!E273-CUC!E279-CUC!E285-CUC!E327-CUC!E338-CUC!E344-CUC!E368-CUC!E374-CUC!E380-CUC!E410-CUC!E421-CUC!E427-CUC!E457-CUC!E468-CUC!E474-CUC!E480-CUC!E503-CUC!E514 -> -142263065 | E6: =-CUC!F273-CUC!F279-CUC!F285-CUC!F327-CUC!F338-CUC!F344-CUC!F368-CUC!F374-CUC!F380-CUC!F410-CUC!F421-CUC!F427-CUC!F457-CUC!F468-CUC!F474-CUC!F480-CUC!F503-CUC!F514 -> -229710931 | F6: =-CUC!G273-CUC!G279-CUC!G285-CUC!G327-CUC!G338-CUC!G344-CUC!G368-CUC!G374-CUC!G380-CUC!G410-CUC!G421-CUC!G427-CUC!G457-CUC!G468-CUC!G474-CUC!G480-CUC!G503-CUC!G514 -> -313414242 | G6: =-CUC!I273-CUC!I279-CUC!I285-CUC!I327-CUC!I338-CUC!I344-CUC!I368-CUC!I374-CUC!I380-CUC!I410-CUC!I421-CUC!I427-CUC!I457-CUC!I468-CUC!I474-CUC!I480-CUC!I503-CUC!I514 -> -420926655 | H6: -474000000 | I6: =+'EF. Mensuales'!N6 -> -5.2963137e+08 | J6: =+'EF. Mensuales'!Z6 -> -6.2946625e+08 | K6: =+'EF. Mensuales'!AL6 -> -7.5793685e+08 | L6: =+'EF. Mensuales'!AX6 -> -9.1120296e+08 | M6: =+'EF. Mensuales'!BJ6 -> -1.0815755e+09
A7: P.P. y Equipo | B7: =+CUC!C634 -> 26501912 | C7: =+CUC!D634 -> 63943446 | D7: =+CUC!E634 -> 53025588 | E7: =+CUC!F634 -> 45258441 | F7: =+CUC!G634 -> 43471937 | G7: =+CUC!I634 -> 34689329 | H7: 40000000 | I7: =+'EF. Mensuales'!N7 -> 51526370 | J7: =+'EF. Mensuales'!Z7 -> 61931508 | K7: =+'EF. Mensuales'!AL7 -> 71240903 | L7: =+'EF. Mensuales'!AX7 -> 79369047 | M7: =+'EF. Mensuales'!BJ7 -> 86736671
A8: Intangibles | B8: =+CUC!C685+CUC!C677 -> 0 | C8: =+CUC!D685+CUC!D677 -> 132121 | D8: =+CUC!E685+CUC!E677 -> 178036 | E8: =+CUC!F685+CUC!F677 -> 188049 | F8: =+CUC!G685+CUC!G677 -> 2573805 | G8: =+CUC!I685+CUC!I677 -> 1132121 | H8: 1000000 | I8: =+'EF. Mensuales'!N8 -> 1000000 | J8: =+'EF. Mensuales'!Z8 -> 1000000 | K8: =+'EF. Mensuales'!AL8 -> 1000000 | L8: =+'EF. Mensuales'!AX8 -> 1000000 | M8: =+'EF. Mensuales'!BJ8 -> 1000000
A9: Otros activos | B9: 0 | C9: 0 | D9: 0 | E9: 0 | F9: 0 | G9: 0 | H9: 0 | I9: =+'EF. Mensuales'!N9 -> 0 | J9: =+'EF. Mensuales'!Z9 -> 0 | K9: =+'EF. Mensuales'!AL9 -> 0 | L9: =+'EF. Mensuales'!AX9 -> 0 | M9: =+'EF. Mensuales'!BJ9 -> 0
A10: TOTAL ACTIVOS | B10: =SUM(B2:B9) -> 8.2214316e+09 | C10: =SUM(C2:C9) -> 8.5954582e+09 | D10: =SUM(D2:D9) -> 8.8857902e+09 | E10: =SUM(E2:E9) -> 1.0032543e+10 | F10: =SUM(F2:F9) -> 1.0872318e+10 | G10: =SUM(G2:G9) -> 1.072614e+10 | H10: =SUM(H2:H9) -> 1.0468772e+10 | I10: =SUM(I2:I9) -> 1.1207447e+10 | ... M10: =SUM(M2:M9) -> 1.6937789e+10
A11: Vistga | B11: =+CUC!C757 -> 0 | C11: =+CUC!D757 -> 0 | D11: =+CUC!E757 -> 0 | E11: =+CUC!F757 -> 0 | F11: =+CUC!G757 -> 0 | G11: =+CUC!I757 -> 0 | H11: 1028000000 | I11: =+'EF. Mensuales'!N11 -> 1.146959e+09 | J11: =+'EF. Mensuales'!Z11 -> 1.242156e+09 | K11: =+'EF. Mensuales'!AL11 -> 1.3187695e+09 | L11: =+'EF. Mensuales'!AX11 -> 1.3724982e+09 | M11: =+'EF. Mensuales'!BJ11 -> 1.4284159e+09
A12: Contractual | B12: =+CUC!C741+CUC!C751 -> 1332775490 | C12: =+CUC!D741+CUC!D751 -> 1402771460 | D12: =+CUC!E741+CUC!E751 -> 1477247907 | E12: =+CUC!F741+CUC!F751 -> 1677036711 | F12: =+CUC!G741+CUC!G751 -> 1781368054 | G12: =+CUC!I741+CUC!I751 -> 1816515682 | H12: 801000000 | I12: =+'EF. Mensuales'!N12 -> 1.185294e+09 | J12: =+'EF. Mensuales'!Z12 -> 1.4707883e+09 | K12: =+'EF. Mensuales'!AL12 -> 1.7016771e+09 | L12: =+'EF. Mensuales'!AX12 -> 1.9054588e+09 | M12: =+'EF. Mensuales'!BJ12 -> 2.1112348e+09
A13: CDAT | B13: =+CUC!C745 -> 5.2280401e+08 | C13: =+CUC!D745 -> 5.4761145e+08 | D13: =+CUC!E745 -> 6.0265058e+08 | E13: =+CUC!F745 -> 7.2475498e+08 | F13: =+CUC!G745 -> 7.8703672e+08 | G13: =+CUC!I745 -> 4.7534922e+08 | H13: 413000000 | I13: =+'EF. Mensuales'!N13 -> 7.2500313e+08 | J13: =+'EF. Mensuales'!Z13 -> 9.6411962e+08 | K13: =+'EF. Mensuales'!AL13 -> 1.1465243e+09 | L13: =+'EF. Mensuales'!AX13 -> 1.2819529e+09 | M13: =+'EF. Mensuales'!BJ13 -> 1.3871304e+09
A14: Obligaciones Financieras | B14: =+CUC!C768 -> 323600483 | C14: =+CUC!D768 -> 97966587 | D14: =+CUC!E768 -> 0 | E14: =+CUC!F768 -> 0 | F14: =+CUC!G768 -> 0 | G14: =+CUC!I768 -> 0 | H14: 0 | I14: =+'EF. Mensuales'!N14 -> 0 | J14: =+'EF. Mensuales'!Z14 -> 0 | K14: =+'EF. Mensuales'!AL14 -> 4.549269e+08 | L14: =+'EF. Mensuales'!AX14 -> 1.2146029e+09 | M14: =+'EF. Mensuales'!BJ14 -> 2.0297266e+09
A15: Provisiones | B15: =+CUC!C1021 -> 17405222 | C15: =+CUC!D1021 -> 25071773 | D15: =+CUC!E1021 -> 12585738 | E15: =+CUC!F1021 -> 17319502 | F15: =+CUC!G1021 -> 20171839 | G15: =+CUC!I1021 -> 23155121 | H15: 0 | I15: =+'EF. Mensuales'!N15 -> 0 | J15: =+'EF. Mensuales'!Z15 -> 0 | K15: =+'EF. Mensuales'!AL15 -> 0 | L15: =+'EF. Mensuales'!AX15 -> 0 | M15: =+'EF. Mensuales'!BJ15 -> 0
A16: Fondos | B16: =+CUC!C925 -> 4.0760234e+08 | C16: =+CUC!D925 -> 3.7076544e+08 | D16: =+CUC!E925 -> 3.833888e+08 | E16: =+CUC!F925 -> 4.3973142e+08 | F16: =+CUC!G925 -> 4.516251e+08 | G16: =+CUC!I925 -> 6.6048871e+08 | H16: 500000000 | I16: =+'EF. Mensuales'!N16 -> 4.9530824e+08 | J16: =+'EF. Mensuales'!Z16 -> 4.6479264e+08 | K16: =+'EF. Mensuales'!AL16 -> 4.8332947e+08 | L16: =+'EF. Mensuales'!AX16 -> 5.3980122e+08 | M16: =+'EF. Mensuales'!BJ16 -> 6.4582584e+08
A17: Otros pasivos | B17: 0 | C17: 0 | D17: 0 | E17: 0 | F17: 0 | G17: 0 | H17: 0 | I17: =+'EF. Mensuales'!N17 -> 0 | J17: =+'EF. Mensuales'!Z17 -> 0 | K17: =+'EF. Mensuales'!AL17 -> 0 | L17: =+'EF. Mensuales'!AX17 -> 0 | M17: =+'EF. Mensuales'!BJ17 -> 0
A18: TOTAL PASIVO | B18: =SUM(B11:B17) -> 2.6041876e+09 | C18: =SUM(C11:C17) -> 2.4441867e+09 | D18: =SUM(D11:D17) -> 2.475873e+09 | E18: =SUM(E11:E17) -> 2.8588426e+09 | F18: =SUM(F11:F17) -> 3.0402017e+09 | G18: =SUM(G11:G17) -> 2.9755087e+09 | H18: =SUM(H11:H17) -> 2742000000 | I18: =SUM(I11:I17) -> 3.5525643e+09 | ... M18: =SUM(M11:M17) -> 7.6023334e+09
A19: Aportes Sociales | B19: =+CUC!C1034+CUC!C970 -> 4436399229 | C19: =+CUC!D1034+CUC!D970 -> 4967580752 | D19: =+CUC!E1034+CUC!E970 -> 5151845990 | E19: =+CUC!F1034+CUC!F970 -> 5791804745 | F19: =+CUC!G1034+CUC!G970 -> 6296136317 | G19: =+CUC!I1034+CUC!I970 -> 6366656630 | H19: 6391000000 | I19: =+'EF. Mensuales'!N19 -> 6.3599645e+09 | J19: =+'EF. Mensuales'!Z19 -> 6.4410667e+09 | K19: =+'EF. Mensuales'!AL19 -> 6.6408709e+09 | L19: =+'EF. Mensuales'!AX19 -> 6.9828824e+09 | M19: =+'EF. Mensuales'!BJ19 -> 7.5229814e+09
A20: Reservas, fondos y Superavit | B20: =+CUC!C1044+CUC!C1053+CUC!C1067+CUC!C1062+CUC!C1070 -> 1.0553572e+09 | C20: =+CUC!D1044+CUC!D1053+CUC!D1067+CUC!D1062+CUC!D1070 -> 1.0804547e+09 | D20: =+CUC!E1044+CUC!E1053+CUC!E1067+CUC!E1062+CUC!E1070 -> 1.1011019e+09 | E20: =+CUC!F1044+CUC!F1053+CUC!F1067+CUC!F1062+CUC!F1070 -> 1.1324958e+09 | F20: =+CUC!G1044+CUC!G1053+CUC!G1067+CUC!G1062+CUC!G1070 -> 1.1823758e+09 | G20: =+CUC!I1044+CUC!I1053+CUC!I1067+CUC!I1062+CUC!I1070 -> 1.2530967e+09 | H20: 1.1823758e+09 | I20: =+'EF. Mensuales'!N20 -> 1.2130551e+09 | J20: =+'EF. Mensuales'!Z20 -> 1.2294276e+09 | K20: =+'EF. Mensuales'!AL20 -> 1.2551996e+09 | L20: =+'EF. Mensuales'!AX20 -> 1.2928759e+09 | M20: =+'EF. Mensuales'!BJ20 -> 1.3512268e+09
A21: Resultados Ejercicios Anteriores | I21: =+'EF. Mensuales'!N21 -> 0 | J21: =+'EF. Mensuales'!Z21 -> 0 | K21: =+'EF. Mensuales'!AL21 -> 0 | L21: =+'EF. Mensuales'!AX21 -> 0 | M21: =+'EF. Mensuales'!BJ21 -> 0
A22: Resultado Ejercicio | B22: =+CUC!C1064 -> 1.2548761e+08 | C22: =+CUC!D1064 -> 1.03236e+08 | D22: =+CUC!E1064 -> 1.5696922e+08 | E22: =+CUC!F1064 -> 2.4940023e+08 | F22: =+CUC!G1064 -> 3.5360442e+08 | G22: =+CUC!I1064 -> 1.3087776e+08 | H22: 1.5339658e+08 | I22: =+'EF. Mensuales'!N22 -> 81862550 | J22: =+'EF. Mensuales'!Z22 -> 1.2885979e+08 | K22: =+'EF. Mensuales'!AL22 -> 1.8838165e+08 | L22: =+'EF. Mensuales'!AX22 -> 2.9175413e+08 | M22: =+'EF. Mensuales'!BJ22 -> 4.6124778e+08
A23: TOTAL PATRIMONIO | B23: =+SUM(B19:B22) -> 5.617244e+09 | C23: =+SUM(C19:C22) -> 6.1512715e+09 | D23: =+SUM(D19:D22) -> 6.4099171e+09 | E23: =+SUM(E19:E22) -> 7.1737007e+09 | F23: =+SUM(F19:F22) -> 7.8321165e+09 | G23: =+SUM(G19:G22) -> 7.7506311e+09 | H23: =+SUM(H19:H22) -> 7.7267724e+09 | I23: =+SUM(I19:I22) -> 7.6548822e+09 | ... M23: =+SUM(M19:M22) -> 9.3354559e+09
B24: =+B10-B18-B23 -> 0 | C24: =+C10-C18-C23 -> 0 | D24: =+D10-D18-D23 -> 0 | E24: =+E10-E18-E23 -> 0 | F24: =+F10-F18-F23 -> 0 | G24: =+G10-G18-G23 -> 0 | H24: =+H10-H18-H23 -> 0 | I24: =+I10-I18-I23 -> 0 | ... M24: =+M10-M18-M23 -> 0
H25: =+H19+H11 -> 7419000000 | M25: =+M19+M11 -> 8.9513972e+09
A26: TEA implicita Cartera | C26: =+C57/AVERAGE(B5:C5) -> 0.15712541 | D26: =+D57/AVERAGE(C5:D5) -> 0.16597416 | E26: =+E57/AVERAGE(D5:E5) -> 0.16330602 | F26: =+F57/AVERAGE(E5:F5) -> 0.16261588 | H26: =+H57/AVERAGE(F5:H5) -> 0.14623972 | I26: =+I57/AVERAGE(H5:I5) -> 0.14959196 | J26: =+J57/AVERAGE(I5:J5) -> 0.16118236 | K26: =+K57/AVERAGE(J5:K5) -> 0.16115258 | L26: =+L57/AVERAGE(K5:L5) -> 0.16121748 | M26: =+M57/AVERAGE(L5:M5) -> 0.16058722
A27: FLUJO DE CAJA | I27: =+I1 -> 45291 | J27: =+J1 -> 45657 | K27: =+K1 -> 46022 | L27: =+L1 -> 46387 | M27: =+M1 -> 46752
A28: Saldo Inicial | I28: =+'EF. Mensuales'!C28 -> 4.1077239e+08 | J28: =+I54 -> 8.1084517e+08 | K28: =+J54 -> 3.4312872e+08 | L28: =+K54 -> 57182212 | M28: =+L54 -> 74774162
A29: Recaudos de Cartera (capital + intereses) | I29: =+SUM('EF. Mensuales'!C29:N29) -> 3.7322216e+09 | J29: =+SUM('EF. Mensuales'!O29:Z29) -> 3.7615527e+09 | K29: =+SUM('EF. Mensuales'!AA29:AL29) -> 4.2413594e+09 | L29: =+SUM('EF. Mensuales'!AM29:AX29) -> 4.8170331e+09 | M29: =+SUM('EF. Mensuales'!AY29:BJ29) -> 5.2470579e+09
A30: Recaudo Aportes | I30: =+SUM('EF. Mensuales'!C30:N30) -> 1.7384931e+09 | J30: =+SUM('EF. Mensuales'!O30:Z30) -> 1.8322004e+09 | K30: =+SUM('EF. Mensuales'!AA30:AL30) -> 1.9478278e+09 | L30: =+SUM('EF. Mensuales'!AM30:AX30) -> 2.0790499e+09 | M30: =+SUM('EF. Mensuales'!AY30:BJ30) -> 2.2669344e+09
A31: Captaciones | I31: =+SUM('EF. Mensuales'!C31:N31) -> 2.47094e+09 | J31: =+SUM('EF. Mensuales'!O31:Z31) -> 2.6872421e+09 | K31: =+SUM('EF. Mensuales'!AA31:AL31) -> 2.8835395e+09 | L31: =+SUM('EF. Mensuales'!AM31:AX31) -> 3.058343e+09 | M31: =+SUM('EF. Mensuales'!AY31:BJ31) -> 3.2457778e+09
A32: Rendimientos Excedentes Tesorería | I32: =+SUM('EF. Mensuales'!C32:N32) -> 25444758 | J32: =+SUM('EF. Mensuales'!O32:Z32) -> 18440879 | K32: =+SUM('EF. Mensuales'!AA32:AL32) -> 2352951.2 | L32: =+SUM('EF. Mensuales'!AM32:AX32) -> 1008935 | M32: =+SUM('EF. Mensuales'!AY32:BJ32) -> 800089.83
A33: Contribuciones Fondos | I33: =+SUM('EF. Mensuales'!C33:N33) -> 1.386105e+08 | J33: =+SUM('EF. Mensuales'!O33:Z33) -> 1.529145e+08 | K33: =+SUM('EF. Mensuales'!AA33:AL33) -> 1.6688173e+08 | L33: =+SUM('EF. Mensuales'!AM33:AX33) -> 1.8293984e+08 | M33: =+SUM('EF. Mensuales'!AY33:BJ33) -> 2.0237344e+08
A34: Recaudo Liq. Prestaciones Sociales | I34: =+SUM('EF. Mensuales'!C34:N34) -> 500940000 | J34: =+SUM('EF. Mensuales'!O34:Z34) -> 528582780 | K34: =+SUM('EF. Mensuales'!AA34:AL34) -> 557505234 | L34: =+SUM('EF. Mensuales'!AM34:AX34) -> 5.768571e+08 | M34: =+SUM('EF. Mensuales'!AY34:BJ34) -> 5.9665121e+08
A35: Pagos por Caja Cartera | I35: =+SUM('EF. Mensuales'!C35:N35) -> 276000000 | J35: =+SUM('EF. Mensuales'!O35:Z35) -> 302220000 | K35: =+SUM('EF. Mensuales'!AA35:AL35) -> 324886500 | L35: =+SUM('EF. Mensuales'!AM35:AX35) -> 3.4275526e+08 | M35: =+SUM('EF. Mensuales'!AY35:BJ35) -> 3.616068e+08
A36: Disminución de Inversiones | I36: =+SUM('EF. Mensuales'!C36:N36) -> 0 | J36: =+SUM('EF. Mensuales'!O36:Z36) -> 0 | K36: =+SUM('EF. Mensuales'!AA36:AL36) -> 0 | L36: =+SUM('EF. Mensuales'!AM36:AX36) -> 0 | M36: =+SUM('EF. Mensuales'!AY36:BJ36) -> 0
A37: =+A60 -> Admtivos, Sociales, comisiones | I37: =+SUM('EF. Mensuales'!C37:N37) -> 9301800.3 | J37: =+SUM('EF. Mensuales'!O37:Z37) -> 10045944 | K37: =+SUM('EF. Mensuales'!AA37:AL37) -> 10648701 | L37: =+SUM('EF. Mensuales'!AM37:AX37) -> 11074649 | M37: =+SUM('EF. Mensuales'!AY37:BJ37) -> 11517635
A38: Venta de PPE | I38: =+SUM('EF. Mensuales'!C38:N38) -> 0 | J38: =+SUM('EF. Mensuales'!O38:Z38) -> 0 | K38: =+SUM('EF. Mensuales'!AA38:AL38) -> 0 | L38: =+SUM('EF. Mensuales'!AM38:AX38) -> 0 | M38: =+SUM('EF. Mensuales'!AY38:BJ38) -> 0
A39: Nuevas obligaciones | I39: =+SUM('EF. Mensuales'!C39:N39) -> 0 | J39: =+SUM('EF. Mensuales'!O39:Z39) -> 0 | K39: =+SUM('EF. Mensuales'!AA39:AL39) -> 4.9151235e+08 | L39: =+SUM('EF. Mensuales'!AM39:AX39) -> 1.0245021e+09 | M39: =+SUM('EF. Mensuales'!AY39:BJ39) -> 1.3205925e+09
A40: TOTAL ENTRADAS | I40: =SUM(I29:I39) -> 8.8919518e+09 | J40: =SUM(J29:J39) -> 9.2931992e+09 | K40: =SUM(K29:K39) -> 1.0626514e+10 | L40: =SUM(L29:L39) -> 1.2093564e+10 | M40: =SUM(M29:M39) -> 1.3253312e+10
A41: Desembolsos NETOS | I41: =+SUM('EF. Mensuales'!C41:N41) -> 4860000000 | J41: =+SUM('EF. Mensuales'!O41:Z41) -> 5.6376e+09 | K41: =+SUM('EF. Mensuales'!AA41:AL41) -> 6314112000 | L41: =+SUM('EF. Mensuales'!AM41:AX41) -> 6819240960 | M41: =+SUM('EF. Mensuales'!AY41:BJ41) -> 7.3647802e+09
A42: Retiro Aportes en Efectivo (Remanentes) | I42: =+SUM('EF. Mensuales'!C42:N42) -> 1.4868606e+08 | J42: =+SUM('EF. Mensuales'!O42:Z42) -> 1.466706e+08 | K42: =+SUM('EF. Mensuales'!AA42:AL42) -> 1.4621398e+08 | L42: =+SUM('EF. Mensuales'!AM42:AX42) -> 1.4520073e+08 | M42: =+SUM('EF. Mensuales'!AY42:BJ42) -> 1.4450712e+08
A43: Retiro de Ahorros en Efectivo | I43: =+SUM('EF. Mensuales'!C43:N43) -> 1.8650899e+09 | J43: =+SUM('EF. Mensuales'!O43:Z43) -> 2.2829079e+09 | K43: =+SUM('EF. Mensuales'!AA43:AL43) -> 2.6071913e+09 | L43: =+SUM('EF. Mensuales'!AM43:AX43) -> 2.8637695e+09 | M43: =+SUM('EF. Mensuales'!AY43:BJ43) -> 3.0814368e+09
A44: Aumento de Fondo de Liquidez | I44: =+SUM('EF. Mensuales'!C44:N44) -> 95271253 | J44: =+SUM('EF. Mensuales'!O44:Z44) -> 48566467 | K44: =+SUM('EF. Mensuales'!AA44:AL44) -> 33352144 | L44: =+SUM('EF. Mensuales'!AM44:AX44) -> 21884858 | M44: =+SUM('EF. Mensuales'!AY44:BJ44) -> 17768351
A45: Cuatro por mil | I45: =+SUM('EF. Mensuales'!C45:N45) -> 0 | J45: =+SUM('EF. Mensuales'!O45:Z45) -> 0 | K45: =+SUM('EF. Mensuales'!AA45:AL45) -> 0 | L45: =+SUM('EF. Mensuales'!AM45:AX45) -> 0 | M45: =+SUM('EF. Mensuales'!AY45:BJ45) -> 0
A46: Pago Gastos Generales | I46: =+SUM('EF. Mensuales'!C46:N46) -> 1.0549422e+09 | J46: =+SUM('EF. Mensuales'!O46:Z46) -> 1.1701892e+09 | K46: =+SUM('EF. Mensuales'!AA46:AL46) -> 1.2638043e+09 | L46: =+SUM('EF. Mensuales'!AM46:AX46) -> 1.3396326e+09 | M46: =+SUM('EF. Mensuales'!AY46:BJ46) -> 1.3932179e+09
A47: Gastos TC | I47: =+SUM('EF. Mensuales'!C47:N47) -> 0 | J47: =+SUM('EF. Mensuales'!O47:Z47) -> 0 | K47: =+SUM('EF. Mensuales'!AA47:AL47) -> 0 | L47: =+SUM('EF. Mensuales'!AM47:AX47) -> 0 | M47: =+SUM('EF. Mensuales'!AY47:BJ47) -> 0
A48: Pago obligacion financiera | I48: =+SUM('EF. Mensuales'!C48:N48) -> 0 | J48: =+SUM('EF. Mensuales'!O48:Z48) -> 0 | K48: =+SUM('EF. Mensuales'!AA48:AL48) -> 49756208 | L48: =+SUM('EF. Mensuales'!AM48:AX48) -> 3.4427386e+08 | M48: =+SUM('EF. Mensuales'!AY48:BJ48) -> 6.3436334e+08
A49: Fondos y gastos sociales | I49: =+SUM('EF. Mensuales'!C49:N49) -> 3.8601952e+08 | J49: =+SUM('EF. Mensuales'!O49:Z49) -> 3.8212014e+08 | K49: =+SUM('EF. Mensuales'!AA49:AL49) -> 3.9528874e+08 | L49: =+SUM('EF. Mensuales'!AM49:AX49) -> 4.2966077e+08 | M49: =+SUM('EF. Mensuales'!AY49:BJ49) -> 4.8833898e+08
A50: Otros costos | I50: =+SUM('EF. Mensuales'!C50:N50) -> 0 | J50: =+SUM('EF. Mensuales'!O50:Z50) -> 0 | K50: =+SUM('EF. Mensuales'!AA50:AL50) -> 0 | L50: =+SUM('EF. Mensuales'!AM50:AX50) -> 0 | M50: =+SUM('EF. Mensuales'!AY50:BJ50) -> 0
A51: Gastos Bancarios | I51: =+SUM('EF. Mensuales'!C51:N51) -> 58870063 | J51: =+SUM('EF. Mensuales'!O51:Z51) -> 67676380 | K51: =+SUM('EF. Mensuales'!AA51:AL51) -> 75668031 | L51: =+SUM('EF. Mensuales'!AM51:AX51) -> 83745643 | M51: =+SUM('EF. Mensuales'!AY51:BJ51) -> 91870889
A52: Compras PPE y Diferidos | I52: =+SUM('EF. Mensuales'!C52:N52) -> 23000000 | J52: =+SUM('EF. Mensuales'!O52:Z52) -> 25185000 | K52: =+SUM('EF. Mensuales'!AA52:AL52) -> 27073875 | L52: =+SUM('EF. Mensuales'!AM52:AX52) -> 28562938 | M52: =+SUM('EF. Mensuales'!AY52:BJ52) -> 30133900
A53: TOTAL SALIDAS | I53: =SUM(I41:I52) -> 8.491879e+09 | J53: =SUM(J41:J52) -> 9.7609157e+09 | K53: =SUM(K41:K52) -> 1.0912461e+10 | L53: =SUM(L41:L52) -> 1.2075972e+10 | M53: =SUM(M41:M52) -> 1.3246417e+10
A54: Saldo Disponible | I54: =+I28+I40-I53 -> 8.1084517e+08 | J54: =+J28+J40-J53 -> 3.4312872e+08 | K54: =+K28+K40-K53 -> 57182212 | L54: =+L28+L40-L53 -> 74774162 | M54: =+M28+M40-M53 -> 81668341
A56: RESULTADO | B56: =+B1 -> 43070 | C56: =+C1 -> 43435 | D56: =+D1 -> 43800 | E56: =+E1 -> 44166 | F56: =+F1 -> 44531 | G56: =+G1 -> 44805 | H56: =+H1 -> 44896 | I56: =+I1 -> 45291 | ... M56: =+M1 -> 46752
A57: Intereses Cartera Crédito | B57: =+CUC!C1088 -> 1113153461 | C57: =+CUC!D1088 -> 1214617633 | D57: =+CUC!E1088 -> 1314447748 | E57: =+CUC!F1088 -> 1411311466 | F57: =+CUC!G1292 -> 1535903248 | G57: =+CUC!I1292 -> 1103055590 | H57: =+CUC!H1292 -> 1.4707408e+09 | I57: =+SUM('EF. Mensuales'!C58:N58) -> 1.5465203e+09 | J57: =+SUM('EF. Mensuales'!O58:Z58) -> 1.7876318e+09 | K57: =+SUM('EF. Mensuales'!AA58:AL58) -> 2.0155367e+09 | L57: =+SUM('EF. Mensuales'!AM58:AX58) -> 2.2891262e+09 | M57: =+SUM('EF. Mensuales'!AY58:BJ58) -> 2.5977173e+09
A58: Rendimientos financieros | B58: =+CUC!C1329 -> 40805288 | C58: =+CUC!D1329 -> 60979551 | D58: =+CUC!E1329 -> 6279522.8 | E58: =+CUC!F1329 -> 7717368.5 | F58: =+CUC!G1311+CUC!G1329 -> 4691940.8 | G58: =+CUC!I1311+CUC!I1329 -> 5272200.3 | H58: =+CUC!H1311+CUC!H1329 -> 7029600.5 | I58: =+SUM('EF. Mensuales'!C59:N59) -> 35899115 | J58: =+SUM('EF. Mensuales'!O59:Z59) -> 31855193 | K58: =+SUM('EF. Mensuales'!AA59:AL59) -> 17991504 | L58: =+SUM('EF. Mensuales'!AM59:AX59) -> 18417983 | M58: =+SUM('EF. Mensuales'!AY59:BJ59) -> 19718846
A59: Utilidad valoracion inversiones | B59: =+CUC!C1340 -> 8369587.9 | C59: =+CUC!D1340 -> 10374629 | D59: =+CUC!E1340 -> 11862555 | E59: =+CUC!F1340 -> 6881924 | F59: =+CUC!G1340 -> 5443853 | G59: =+CUC!I1340 -> 4059668 | H59: =+CUC!H1340 -> 5412890.7 | I59: =+SUM('EF. Mensuales'!C60:N60) -> 464606.45 | J59: =+SUM('EF. Mensuales'!O60:Z60) -> 480867.67 | K59: =+SUM('EF. Mensuales'!AA60:AL60) -> 497698.04 | L59: =+SUM('EF. Mensuales'!AM60:AX60) -> 515117.47 | M59: =+SUM('EF. Mensuales'!AY60:BJ60) -> 533146.59
A60: Admtivos, Sociales, comisiones | B60: =+CUC!C1087-CUC!C1344-B59-B58-B57 -> 2597199.5 | C60: =+CUC!D1087-CUC!D1344-C59-C58-C57 -> 3925545 | D60: =+CUC!E1087-CUC!E1344-D59-D58-D57 -> 7841967.9 | E60: =+CUC!F1087-CUC!F1344-E59-E58-E57 -> 7950423.1 | F60: =+CUC!G1087-CUC!G1344-F59-F58-F57 -> 970589.71 | G60: =+CUC!I1087-CUC!I1344-G59-G58-G57 -> 6976350.2 | H60: =+CUC!H1087-CUC!H1344-H59-H58-H57 -> 9301800.3 | I60: =+SUM('EF. Mensuales'!C61:N61) -> 9301800.3 | J60: =+SUM('EF. Mensuales'!O61:Z61) -> 10045944 | K60: =+SUM('EF. Mensuales'!AA61:AL61) -> 10648701 | L60: =+SUM('EF. Mensuales'!AM61:AX61) -> 11074649 | M60: =+SUM('EF. Mensuales'!AY61:BJ61) -> 11517635
A61: Total Ingresos Operacionales | B61: =+CUC!C1087-CUC!C1344 -> 1.1649255e+09 | C61: =+CUC!D1087-CUC!D1344 -> 1.2898974e+09 | D61: =+CUC!E1087-CUC!E1344 -> 1.3404318e+09 | E61: =+CUC!F1087-CUC!F1344 -> 1.4338612e+09 | F61: =+CUC!G1087-CUC!G1344 -> 1.5470096e+09 | G61: =+CUC!I1087-CUC!I1344 -> 1.1193638e+09 | H61: =SUM(H57:H60) -> 1.4924851e+09 | I61: =SUM(I57:I60) -> 1.5921858e+09 | J61: =SUM(J57:J60) -> 1.8300138e+09 | K61: =SUM(K57:K60) -> 2.0446746e+09 | L61: =SUM(L57:L60) -> 2.319134e+09 | M61: =SUM(M57:M60) -> 2.6294869e+09
A62: Cuatro por mil | B62: 0 | C62: 0 | D62: 0 | E62: 0 | F62: 0 | G62: 0 | H62: 0 | I62: =+SUM('EF. Mensuales'!C63:N63) -> 0 | J62: =+SUM('EF. Mensuales'!O63:Z63) -> 0 | K62: =+SUM('EF. Mensuales'!AA63:AL63) -> 0 | L62: =+SUM('EF. Mensuales'!AM63:AX63) -> 0 | M62: =+SUM('EF. Mensuales'!AY63:BJ63) -> 0
A63: Intereses credito bancario | B63: =+CUC!C1956 -> 36409920 | C63: =+CUC!D1956 -> 20249624 | D63: =+CUC!E1956 -> 2381294 | E63: =+CUC!F1956 -> 0 | F63: =+CUC!G1956 -> 0 | G63: =+CUC!I1956 -> 0 | H63: =+CUC!H1956 -> 0 | I63: =+SUM('EF. Mensuales'!C64:N64) -> 0 | J63: =+SUM('EF. Mensuales'!O64:Z64) -> 0 | K63: =+SUM('EF. Mensuales'!AA64:AL64) -> 13170761 | L63: =+SUM('EF. Mensuales'!AM64:AX64) -> 79447814 | M63: =+SUM('EF. Mensuales'!AY64:BJ64) -> 1.2889454e+08
A64: Gastos Generales Admón | B64: =+CUC!C1438+CUC!C1484-CUC!C1520 -> 6.9104582e+08 | C64: =+CUC!D1438+CUC!D1484-CUC!D1520 -> 7.7559982e+08 | D64: =+CUC!E1438+CUC!E1484-CUC!E1520 -> 8.1255396e+08 | E64: =+CUC!F1438+CUC!F1484-CUC!F1520 -> 8.2378538e+08 | F64: =+CUC!G1438+CUC!G1484-CUC!G1520 -> 8.5414225e+08 | G64: =+CUC!I1438+CUC!I1484-CUC!I1520 -> 7.1326386e+08 | H64: =+CUC!H1438+CUC!H1484-CUC!H1520 -> 9.5101849e+08 | I64: =+SUM('EF. Mensuales'!C65:N65) -> 1.0549422e+09 | J64: =+SUM('EF. Mensuales'!O65:Z65) -> 1.1701892e+09 | K64: =+SUM('EF. Mensuales'!AA65:AL65) -> 1.2638043e+09 | L64: =+SUM('EF. Mensuales'!AM65:AX65) -> 1.3396326e+09 | M64: =+SUM('EF. Mensuales'!AY65:BJ65) -> 1.3932179e+09
A65: =+A47 -> Gastos TC | B65: 0 | C65: 0 | D65: 0 | E65: 0 | F65: 0 | G65: 0 | H65: 0 | I65: =+SUM('EF. Mensuales'!C66:N66) -> 0 | J65: =+SUM('EF. Mensuales'!O66:Z66) -> 0 | K65: =+SUM('EF. Mensuales'!AA66:AL66) -> 0 | L65: =+SUM('EF. Mensuales'!AM66:AX66) -> 0 | M65: =+SUM('EF. Mensuales'!AY66:BJ66) -> 0
A66: Depreciaciones y Amortizaciones | B66: =+CUC!C1585 -> 4331945 | C66: =+CUC!D1585 -> 11109353 | D66: =+CUC!E1585 -> 11098454 | E66: =+CUC!F1585 -> 10449496 | F66: =+CUC!G1585 -> 10468083 | G66: =+CUC!I1585 -> 8782608 | H66: =+CUC!H1585 -> 11710144 | I66: =+SUM('EF. Mensuales'!C67:N67) -> 11473630 | J66: =+SUM('EF. Mensuales'!O67:Z67) -> 14779862 | K66: =+SUM('EF. Mensuales'!AA67:AL67) -> 17764480 | L66: =+SUM('EF. Mensuales'!AM67:AX67) -> 20434794 | M66: =+SUM('EF. Mensuales'!AY67:BJ67) -> 22766277
A67: Gastos Varios y otros gastos | B67: =+CUC!C1658+CUC!C1520 -> 1.8810358e+08 | C67: =+CUC!D1658+CUC!D1520 -> 1.9708087e+08 | D67: =+CUC!E1658+CUC!E1520 -> 1.7882533e+08 | E67: =+CUC!F1658+CUC!F1520 -> 1.1674707e+08 | F67: =+CUC!G1658+CUC!G1520 -> 1.1112702e+08 | G67: =+CUC!I1658+CUC!I1520 -> 39512155 | H67: =+CUC!H1658+CUC!H1520 -> 73789968 | I67: =+SUM('EF. Mensuales'!C68:N68) -> 120000000 | J67: =+SUM('EF. Mensuales'!O68:Z68) -> 1.332e+08 | K67: =+SUM('EF. Mensuales'!AA68:AL68) -> 1.43856e+08 | L67: =+SUM('EF. Mensuales'!AM68:AX68) -> 1.5248736e+08 | M67: =+SUM('EF. Mensuales'!AY68:BJ68) -> 1.5858685e+08
A68: Multas sanciones y litigios | B68: 0 | C68: 0 | D68: 0 | E68: 0 | F68: 0 | G68: 0 | H68: 0 | I68: =+SUM('EF. Mensuales'!C69:N69) -> 0 | J68: =+SUM('EF. Mensuales'!O69:Z69) -> 0 | K68: =+SUM('EF. Mensuales'!AA69:AL69) -> 0 | L68: =+SUM('EF. Mensuales'!AM69:AX69) -> 0 | M68: =+SUM('EF. Mensuales'!AY69:BJ69) -> 0
A69: Gastos Financieros | B69: =+CUC!C1955+CUC!C1626 -> 34922096 | C69: =+CUC!D1955+CUC!D1626 -> 44107437 | D69: =+CUC!E1955+CUC!E1626 -> 51203811 | E69: =+CUC!F1955+CUC!F1626 -> 43854521 | F69: =+CUC!G1955+CUC!G1626 -> 55137808 | G69: =+CUC!I1955+CUC!I1626 -> 38047708 | H69: =+CUC!H1955+CUC!H1626 -> 50730277 | I69: =+SUM('EF. Mensuales'!C70:N70) -> 58870063 | J69: =+SUM('EF. Mensuales'!O70:Z70) -> 67676380 | K69: =+SUM('EF. Mensuales'!AA70:AL70) -> 75668031 | L69: =+SUM('EF. Mensuales'!AM70:AX70) -> 83745643 | M69: =+SUM('EF. Mensuales'!AY70:BJ70) -> 91870889
A70: Deterioro | B70: =+CUC!C1521-CUC!C1344 -> -6978502 | C70: =+CUC!D1521-CUC!D1344 -> 29948960 | D70: =+CUC!E1521-CUC!E1344 -> 30591973 | E70: =+CUC!F1521-CUC!F1344 -> 90330808 | F70: =+CUC!G1521-CUC!G1344 -> 84305895 | G70: =+CUC!I1521-CUC!I1344 -> 110108395 | H70: =+CUC!H1521-CUC!H1344 -> 1.4681119e+08 | I70: =+SUM('EF. Mensuales'!C71:N71) -> 55631368 | J70: =+SUM('EF. Mensuales'!O71:Z71) -> 99834885 | K70: =+SUM('EF. Mensuales'!AA71:AL71) -> 1.2847059e+08 | L70: =+SUM('EF. Mensuales'!AM71:AX71) -> 1.5326611e+08 | M70: =+SUM('EF. Mensuales'!AY71:BJ71) -> 1.7037259e+08
A71: Intereses Depósitos | B71: =+CUC!C1951+CUC!C1952+CUC!C1953+CUC!C1954 -> 91603056 | C71: =+CUC!D1951+CUC!D1952+CUC!D1953+CUC!D1954 -> 107940295 | D71: =+CUC!E1951+CUC!E1952+CUC!E1953+CUC!E1954 -> 96807748 | E71: =+CUC!F1951+CUC!F1952+CUC!F1953+CUC!F1954 -> 99293670 | F71: =+CUC!G1951+CUC!G1952+CUC!G1953+CUC!G1954 -> 78224154 | G71: =+CUC!I1951+CUC!I1952+CUC!I1953+CUC!I1954 -> 78771320 | H71: =+CUC!H1951+CUC!H1952+CUC!H1953+CUC!H1954 -> 1.0502843e+08 | I71: =+SUM('EF. Mensuales'!C72:N72) -> 2.0940596e+08 | J71: =+SUM('EF. Mensuales'!O72:Z72) -> 2.1547368e+08 | K71: =+SUM('EF. Mensuales'!AA72:AL72) -> 2.1355881e+08 | L71: =+SUM('EF. Mensuales'!AM72:AX72) -> 1.9836558e+08 | M71: =+SUM('EF. Mensuales'!AY72:BJ72) -> 2.0253012e+08
A72: Otros Costos | B72: 0 | C72: =+CUC!D1889 -> 0 | D72: =+CUC!E1889 -> 0 | E72: 0 | F72: 0 | G72: 0 | H72: 0 | I72: =+SUM('EF. Mensuales'!C73:N73) -> 0 | J72: =+SUM('EF. Mensuales'!O73:Z73) -> 0 | K72: =+SUM('EF. Mensuales'!AA73:AL73) -> 0 | L72: =+SUM('EF. Mensuales'!AM73:AX73) -> 0 | M72: =+SUM('EF. Mensuales'!AY73:BJ73) -> 0
A73: Total Costos y Gastos Operacionales | B73: =SUM(B62:B72) -> 1.0394379e+09 | C73: =SUM(C62:C72) -> 1.1860364e+09 | D73: =SUM(D62:D72) -> 1.1834626e+09 | E73: =SUM(E62:E72) -> 1.1844609e+09 | F73: =SUM(F62:F72) -> 1.1934052e+09 | G73: =SUM(G62:G72) -> 9.8848605e+08 | H73: =+SUM(H62:H72) -> 1.3390885e+09 | I73: =SUM(I62:I72) -> 1.5103233e+09 | J73: =SUM(J62:J72) -> 1.701154e+09 | K73: =SUM(K62:K72) -> 1.856293e+09 | L73: =SUM(L62:L72) -> 2.0273799e+09 | M73: =SUM(M62:M72) -> 2.1682391e+09
A74: Resultado Anual | B74: =+B61-B73 -> 1.2548761e+08 | C74: =+C61-C73 -> 1.03861e+08 | D74: =+D61-D73 -> 1.5696922e+08 | E74: =+E61-E73 -> 2.4940023e+08 | F74: =+F61-F73 -> 3.5360442e+08 | G74: =+G61-G73 -> 1.3087776e+08 | H74: =+H61-H73 -> 1.5339658e+08 | I74: =+I61-I73 -> 81862550 | ... M74: =+M61-M73 -> 4.6124778e+08
B75: =+B74-B22 -> 0 | C75: =+C74-C22 -> 624995 | D75: =+D74-D22 -> 2.682209e-07 | E75: =+E74-E22 -> 0 | F75: =+F74-F22 -> 0 | G75: =+G74-G22 -> -1.1920929e-07 | H75: =+H74-H22 -> 0 | I75: =+I74-I22 -> 0 | ... M75: =+M74-M22 -> -4.7683716e-07
A76: INDICADOR | B76: =+B1 -> 43070 | C76: =+C1 -> 43435 | D76: =+D1 -> 43800 | E76: =+E1 -> 44166 | F76: =+F1 -> 44531 | G76: =+G1 -> 44805 | H76: =+H1 -> 44896 | I76: =+I1 -> 45291 | ... M76: =+M1 -> 46752
A77: Cartera NETA / Activos | B77: =+(B5+B6)/B10 -> 0.90301037 | C77: =+(C5+C6)/C10 -> 0.89847259 | D77: =+(D5+D6)/D10 -> 0.87766154 | E77: =+(E5+E6)/E10 -> 0.90840031 | F77: =+(F5+F6)/F10 -> 0.84924516 | G77: =+(G5+G6)/G10 -> 0.93263357 | H77: =+(H5+H6)/H10 -> 0.92904876 | I77: =+(I5+I6)/I10 -> 0.88752462 | ... M77: =+(M5+M6)/M10 -> 0.95539119
A78: Provisión / Cartera | B78: =+B6/B5 -> -0.018280465 | C78: =+C6/C5 -> -0.022210451 | D78: =+D6/D5 -> -0.017915053 | E78: =+E6/E5 -> -0.024585694 | F78: =+F6/F5 -> -0.032829665 | G78: =+G6/G5 -> -0.040378653 | H78: =+H6/H5 -> -0.046470588 | I78: =+I6/I5 -> -0.05055415 | ... M78: =+M6/M5 -> -0.062649947
A79: PPE / Activos | B79: =+B7/B10 -> 0.0032235155 | C79: =+C7/C10 -> 0.0074392132 | D79: =+D7/D10 -> 0.0059674589 | E79: =+E7/E10 -> 0.0045111633 | F79: =+F7/F10 -> 0.0039984055 | G79: =+G7/G10 -> 0.0032340926 | H79: =+H7/H10 -> 0.0038208873 | I79: =+I7/I10 -> 0.004597512 | ... M79: =+M7/M10 -> 0.0051208968
A80: Activos Financieros / Pasivos financieros y aportes | B80: =+(B2+B3+B4+B5)/(B11+B12+B13+B14+B15+B19) -> 1.2563231 | C80: =+(C2+C3+C4+C5)/(C11+C12+C13+C14+C15+C19) -> 1.2365861 | D80: =+(D2+D3+D4+D5)/(D11+D12+D13+D14+D15+D19) -> 1.2388791 | E80: =+(E2+E3+E4+E5)/(E11+E12+E13+E14+E15+E19) -> 1.2442957 | F80: =+(F2+F3+F4+F5)/(F11+F12+F13+F14+F15+F19) -> 1.2538038 | G80: =+(G2+G3+G4+G5)/(G11+G12+G13+G14+G15+G19) -> 1.2798501 | H80: =+(H2+H3+H4+H5)/(H11+H12+H13+H14+H15+H19) -> 1.2628023 | I80: =+(I2+I3+I4+I5)/(I11+I12+I13+I14+I15+I19) -> 1.2407643 | ... M80: =+(M2+M3+M4+M5)/(M11+M12+M13+M14+M15+M19) -> 1.2384158
A81: Patrimonio / Aportes | B81: =+B23/B19 -> 1.2661719 | C81: =+C23/C19 -> 1.2382831 | D81: =+D23/D19 -> 1.2441981 | E81: =+E23/E19 -> 1.2385951 | F81: =+F23/F19 -> 1.243956 | G81: =+G23/G19 -> 1.2173785 | H81: =+H23/H19 -> 1.2090084 | I81: =+I23/I19 -> 1.2036045 | ... M81: =+M23/M19 -> 1.240925
A82: Capital institucional | B82: =+B20/B10 -> 0.1283666 | C82: =+C20/C10 -> 0.12570065 | D82: =+D20/D10 -> 0.12391716 | E82: =+E20/E10 -> 0.11288222 | F82: =+F20/F10 -> 0.10875103 | G82: =+G20/G10 -> 0.11682644 | H82: =+H20/H10 -> 0.11294312 | I82: =+I20/I10 -> 0.10823653 | ... M82: =+M20/M10 -> 0.079775862
A83: Crecimiento Ap + Ahp | C83: =+(C11+C19)/(B11+B19)-1 -> 0.11973258 | D83: =+(D11+D19)/(C11+C19)-1 -> 0.037093557 | E83: =+(E11+E19)/(D11+D19)-1 -> 0.12421931 | F83: =+(F11+F19)/(E11+E19)-1 -> 0.087076757 | G83: =+(G11+G19)/(F11+F19)-1 -> 0.01120057 | H83: =+(H11+H19)/(F11+F19)-1 -> 0.1783417 | I83: =+(I11+I19)/(F11+F19)-1 -> 0.19230637 | J83: =+(J11+J19)/(I11+I19)-1 -> 0.023484892 | K83: =+(K11+K19)/(J11+J19)-1 -> 0.035976777 | L83: =+(L11+L19)/(K11+K19)-1 -> 0.049718358 | M83: =+(M11+M19)/(L11+L19)-1 -> 0.071333276
A84: Crecimiento otras captaciones | C84: =+(C12+C13)/(B12+B13)-1 -> 0.051090994 | D84: =+(D12+D13)/(C12+C13)-1 -> 0.066405208 | E84: =+(E12+E13)/(D12+D13)-1 -> 0.1547639 | F84: =+(F12+F13)/(E12+E13)-1 -> 0.069370328 | G84: =+(G12+G13)/(F12+F13)-1 -> -0.10766989 | H84: =+(H12+H13)/(F12+F13)-1 -> -0.52733307 | I84: =+(I12+I13)/(H12+H13)-1 -> 0.57355612 | J84: =+(J12+J13)/(I12+I13)-1 -> 0.27462261 | K84: =+(K12+K13)/(J12+J13)-1 -> 0.16973681 | L84: =+(L12+L13)/(K12+K13)-1 -> 0.11909634 | M84: =+(M12+M13)/(L12+L13)-1 -> 0.097556702
A85: Crecimien de Cartera | C85: =+C5/B5-1 -> 0.044421309 | D85: =+D5/C5-1 -> 0.0054155359 | E85: =+E5/D5-1 -> 0.17658994 | F85: =+F5/E5-1 -> 0.021769826 | G85: =+G5/F5-1 -> 0.091948925 | H85: =+H5/F5-1 -> 0.068434494 | I85: =+I5/F5-1 -> 0.097399137 | J85: =+J5/I5-1 -> 0.11725737 | K85: =+K5/J5-1 -> 0.13704338 | L85: =+L5/K5-1 -> 0.13373485 | M85: =+M5/L5-1 -> 0.14413562
A86: Margen NETO | B86: =+B74/B61 -> 0.10772158 | C86: =+C74/C61 -> 0.08051881 | D86: =+D74/D61 -> 0.11710348 | E86: =+E74/E61 -> 0.17393611 | F86: =+F74/F61 -> 0.22857286 | G86: =+G74/G61 -> 0.11692156 | H86: =+H74/H61 -> 0.10277931 | I86: =+I74/I61 -> 0.051415199 | ... M86: =+M74/M61 -> 0.1754136
A87: Excedente / Aportes | B87: =+B22/B19 -> 0.028285916 | C87: =+C22/C19 -> 0.020781948 | D87: =+D22/D19 -> 0.030468539 | E87: =+E22/E19 -> 0.043060884 | F87: =+F22/F19 -> 0.056162129 | G87: =+G22/G19 -> 0.020556748 | H87: =+H22/H19 -> 0.024001969 | I87: =+I22/I19 -> 0.012871542 | ... M87: =+M22/M19 -> 0.061311833
A88: G. Personal + Generales / Ingresos | B88: =+(+B64)/B61 -> 0.5932103 | C88: =+(+C64)/C61 -> 0.60128801 | D88: =+(+D64)/D61 -> 0.60618822 | E88: =+(+E64)/E61 -> 0.57452241 | F88: =+(+F64)/F61 -> 0.55212471 | G88: =+(+G64)/G61 -> 0.63720469 | H88: =+(+H64)/H61 -> 0.63720469 | I88: =+(+I64)/I61 -> 0.66257483 | ... M88: =+(+M64)/M61 -> 0.529844
A89: Tasa Cartera | C89: =+C57/+(AVERAGE(C5:C5)*98%) -> 0.15692243 | D89: =+D57/+(AVERAGE(D5:D5)*98%) -> 0.16890526 | E89: =+E57/+(AVERAGE(E5:E5)*98%) -> 0.1541337 | F89: =+F57/+(AVERAGE(F5:F5)*98%) -> 0.16416687 | G89: =+G57/+(AVERAGE(G5:G5)*98%)/9*12 -> 0.14396452 | H89: =+H57/+(AVERAGE(H5:H5)*98%) -> 0.14713293 | I89: =+I57/+(AVERAGE(I5:I5)*98%) -> 0.15063041 | J89: =+J57/+(AVERAGE(J5:J5)*98%) -> 0.15584105 | K89: =+K57/+(AVERAGE(K5:K5)*98%) -> 0.15453167 | L89: =+L57/+(AVERAGE(L5:L5)*98%) -> 0.15480501 | M89: =+M57/+(AVERAGE(M5:M5)*98%) -> 0.15354287
A90: Tasa Depositos | C90: =+C71/+AVERAGE(B93:C93) -> 0.056721682 | D90: =+D71/+AVERAGE(C93:D93) -> 0.048040193 | E90: =+E71/+AVERAGE(D93:E93) -> 0.044310814 | F90: =+F71/+AVERAGE(E93:F93) -> 0.031477288 | G90: =+G71/+AVERAGE(F93:G93) -> 0.032414382 | H90: =+H71/+AVERAGE(G93:H93) -> 0.046330638 | I90: =+I71/+AVERAGE(H93:I93) -> 0.079032209 | J90: =+J71/+AVERAGE(I93:J93) -> 0.063992706 | ... M90: =+M71/+AVERAGE(L93:M93) -> 0.042697737
A91: Excedente / Activos | B91: =+B22/B10 -> 0.015263475 | C91: =+C22/C10 -> 0.01201053 | D91: =+D22/D10 -> 0.017665196 | E91: =+E22/E10 -> 0.024859123 | F91: =+F22/F10 -> 0.032523369 | G91: =+G22/G10 -> 0.012201758 | H91: =+H22/H10 -> 0.014652777 | I91: =+I22/I10 -> 0.0073042999 | ... M91: =+M22/M10 -> 0.027231876
A93: Total depositos | B93: =+B11+B12+B13 -> 1.8555795e+09 | C93: =+C11+C12+C13 -> 1.9503829e+09 | D93: =+D11+D12+D13 -> 2.0798985e+09 | E93: =+E11+E12+E13 -> 2.4017917e+09 | F93: =+F11+F12+F13 -> 2.5684048e+09 | G93: =+G11+G12+G13 -> 2.2918649e+09 | H93: =+H11+H12+H13 -> 2242000000 | I93: =+I11+I12+I13 -> 3.0572561e+09 | ... M93: =+M11+M12+M13 -> 4.926781e+09

Sheet EF. Mensuales
A1: SITUACION FINANCIERA | B1: 44896 | C1: =EOMONTH(B1,1) -> 44957 | D1: =EOMONTH(C1,1) -> 44985 | E1: =EOMONTH(D1,1) -> 45016 | F1: =EOMONTH(E1,1) -> 45046 | G1: =EOMONTH(F1,1) -> 45077 | H1: =EOMONTH(G1,1) -> 45107 | I1: =EOMONTH(H1,1) -> 45138 | J1: =EOMONTH(I1,1) -> 45169 | ... BJ1: =EOMONTH(BI1,1) -> 46752
A2: =+'EF. Anuales'!A2 -> Efectivo y Eq NETO | B2: =+'EF. Anuales'!H2 -> 4.1077239e+08 | C2: =+C54 -> 4.2157543e+08 | D2: =+D54 -> 4.5508654e+08 | E2: =+E54 -> 4.8698718e+08 | F2: =+F54 -> 6.556917e+08 | G2: =+G54 -> 6.825146e+08 | H2: =+H54 -> 7.0783613e+08 | I2: =+I54 -> 6.5780096e+08 | J2: =+J54 -> 6.8203604e+08 | ... BJ2: =+BJ54 -> 81668341
A3: =+'EF. Anuales'!A3 -> Fondo de Liquidez | B3: =+'EF. Anuales'!H3 -> 200000000 | C3: =+anexos!B7 -> 2.3183455e+08 | D3: =+anexos!C7 -> 2.3921009e+08 | E3: =+anexos!D7 -> 2.4633661e+08 | F3: =+anexos!E7 -> 2.5322376e+08 | G3: =+anexos!F7 -> 2.605998e+08 | H3: =+anexos!G7 -> 2.6772483e+08 | I3: =+anexos!H7 -> 2.7460861e+08 | J3: =+anexos!I7 -> 2.8126053e+08 | ... BJ3: =+anexos!BI7 -> 4.926781e+08
A4: =+'EF. Anuales'!A4 -> Otras inversiones | B4: =+'EF. Anuales'!H4 -> 91000000 | C4: =+B4+C60 -> 91000000 | D4: =+C4+D60 -> 91000000 | E4: =+D4+E60 -> 91000000 | F4: =+E4+F60 -> 91000000 | G4: =+F4+G60 -> 91000000 | H4: =+G4+H60 -> 91000000 | I4: =+H4+I60 -> 91000000 | J4: =+I4+J60 -> 91000000 | ... BJ4: =+BI4+BJ60 -> 93491436
A5: =+'EF. Anuales'!A5 -> Cartera de Crédito | B5: =+'EF. Anuales'!H5 -> 10200000000 | C5: =+anexos!B19 -> 1.0238886e+10 | D5: =+anexos!C19 -> 1.0276666e+10 | E5: =+anexos!D19 -> 1.0313376e+10 | F5: =+anexos!E19 -> 1.0205537e+10 | G5: =+anexos!F19 -> 1.0242413e+10 | H5: =+anexos!G19 -> 1.0278288e+10 | I5: =+anexos!H19 -> 1.0387082e+10 | J5: =+anexos!I19 -> 1.0419923e+10 | ... BJ5: =+anexos!BI19 -> 1.726379e+10
A6: =+'EF. Anuales'!A6 -> Provisión Cartera | B6: =+'EF. Anuales'!H6 -> -474000000 | C6: =+anexos!B34 -> -474000000 | D6: =+anexos!C34 -> -4.7942542e+08 | E6: =+anexos!D34 -> -4.848521e+08 | F6: =+anexos!E34 -> -4.860783e+08 | G6: =+anexos!F34 -> -4.9151086e+08 | H6: =+anexos!G34 -> -4.9694462e+08 | I6: =+anexos!H34 -> -5.0463657e+08 | J6: =+anexos!I34 -> -5.1006831e+08 | ... BJ6: =+anexos!BI34 -> -1.0815755e+09
A7: =+'EF. Anuales'!A7 -> P.P. y Equipo | B7: =+'EF. Anuales'!H7 -> 40000000 | C7: =+anexos!B42 -> 38888889 | D7: =+anexos!C42 -> 37808642 | E7: =+anexos!D42 -> 36758402 | F7: =+anexos!E42 -> 35737335 | G7: =+anexos!F42 -> 34744631 | H7: =+anexos!G42 -> 33779503 | I7: =+anexos!H42 -> 32841183 | J7: =+anexos!I42 -> 31928928 | ... BJ7: =+anexos!BI42 -> 86736671
A8: =+'EF. Anuales'!A8 -> Intangibles | B8: =+'EF. Anuales'!H8 -> 1000000 | C8: =+anexos!B48 -> 1000000 | D8: =+anexos!C48 -> 1000000 | E8: =+anexos!D48 -> 1000000 | F8: =+anexos!E48 -> 1000000 | G8: =+anexos!F48 -> 1000000 | H8: =+anexos!G48 -> 1000000 | I8: =+anexos!H48 -> 1000000 | J8: =+anexos!I48 -> 1000000 | ... BJ8: =+anexos!BI48 -> 1000000
A9: =+'EF. Anuales'!A9 -> Otros activos | B9: =+'EF. Anuales'!H9 -> 0 | C9: =+B9 -> 0 | D9: =+C9 -> 0 | E9: =+D9 -> 0 | F9: =+E9 -> 0 | G9: =+F9 -> 0 | H9: =+G9 -> 0 | I9: =+H9 -> 0 | J9: =+I9 -> 0 | ... BJ9: =+BI9 -> 0
A10: TOTAL ACTIVOS | B10: =SUM(B2:B9) -> 1.0468772e+10 | C10: =SUM(C2:C9) -> 1.0549184e+10 | D10: =SUM(D2:D9) -> 1.0621345e+10 | E10: =SUM(E2:E9) -> 1.0690606e+10 | F10: =SUM(F2:F9) -> 1.0756112e+10 | G10: =SUM(G2:G9) -> 1.0820761e+10 | H10: =SUM(H2:H9) -> 1.0882684e+10 | I10: =SUM(I2:I9) -> 1.0939696e+10 | ... BJ10: =SUM(BJ2:BJ9) -> 1.6937789e+10
A11: =+'EF. Anuales'!A11 -> Vistga | B11: =+'EF. Anuales'!H11 -> 1028000000 | C11: =+anexos!B67 -> 1.0374233e+09 | D11: =+anexos!C67 -> 1.046933e+09 | E11: =+anexos!D67 -> 1.0565299e+09 | F11: =+anexos!E67 -> 1.0662148e+09 | G11: =+anexos!F67 -> 1.0759884e+09 | H11: =+anexos!G67 -> 1.0858517e+09 | I11: =+anexos!H67 -> 1.0958053e+09 | J11: =+anexos!I67 -> 1.1058502e+09 | ... BJ11: =+anexos!BI67 -> 1.4284159e+09
A12: =+'EF. Anuales'!A12 -> Contractual | B12: =+'EF. Anuales'!H12 -> 801000000 | C12: =+anexos!B73 -> 836487500 | D12: =+anexos!C73 -> 8.7040715e+08 | E12: =+anexos!D73 -> 9.0281904e+08 | F12: =+anexos!E73 -> 9.3378098e+08 | G12: =+anexos!F73 -> 9.7053841e+08 | H12: =+anexos!G73 -> 1.0056565e+09 | I12: =+anexos!H73 -> 1.0391981e+09 | J12: =+anexos!I73 -> 1.0712235e+09 | ... BJ12: =+anexos!BI73 -> 2.1112348e+09
A13: =+'EF. Anuales'!A13 -> CDAT | B13: =+'EF. Anuales'!H13 -> 413000000 | C13: =+anexos!B80 -> 4.4443464e+08 | D13: =+anexos!C80 -> 4.7476066e+08 | E13: =+anexos!D80 -> 5.0401717e+08 | F13: =+anexos!E80 -> 5.3224188e+08 | G13: =+anexos!F80 -> 5.5947118e+08 | H13: =+anexos!G80 -> 5.8574019e+08 | I13: =+anexos!H80 -> 6.1108275e+08 | J13: =+anexos!I80 -> 6.3553156e+08 | ... BJ13: =+anexos!BI80 -> 1.3871304e+09
A14: =+'EF. Anuales'!A14 -> Obligaciones Financieras | B14: =+'EF. Anuales'!H14 -> 0 | C14: =+anexos!B88 -> 0 | D14: =+anexos!C88 -> 0 | E14: =+anexos!D88 -> 0 | F14: =+anexos!E88 -> 0 | G14: =+anexos!F88 -> 0 | H14: =+anexos!G88 -> 0 | I14: =+anexos!H88 -> 0 | J14: =+anexos!I88 -> 0 | ... BJ14: =+anexos!BI88 -> 2.0297266e+09
A15: =+'EF. Anuales'!A15 -> Provisiones | B15: =+'EF. Anuales'!H15 -> 0 | C15: =+anexos!B116 -> 0 | D15: =+anexos!C116 -> 0 | E15: =+anexos!D116 -> 0 | F15: =+anexos!E116 -> 0 | G15: =+anexos!F116 -> 0 | H15: =+anexos!G116 -> 0 | I15: =+anexos!H116 -> 0 | J15: =+anexos!I116 -> 0 | ... BJ15: =+anexos!BI116 -> 0
A16: =+'EF. Anuales'!A16 -> Fondos | B16: =+'EF. Anuales'!H16 -> 500000000 | C16: =+anexos!B103 -> 4.9036667e+08 | D16: =+anexos!C103 -> 4.8109972e+08 | E16: =+anexos!D103 -> 5.9490117e+08 | F16: =+anexos!E103 -> 5.8120862e+08 | G16: =+anexos!F103 -> 5.6805159e+08 | H16: =+anexos!G103 -> 5.5540778e+08 | I16: =+anexos!H103 -> 5.4325579e+08 | J16: =+anexos!I103 -> 5.3157513e+08 | ... BJ16: =+anexos!BI103 -> 6.4582584e+08
A17: =+'EF. Anuales'!A17 -> Otros pasivos | B17: =+'EF. Anuales'!H17 -> 0 | C17: =+anexos!B95 -> 0 | D17: =+anexos!C95 -> 0 | E17: =+anexos!D95 -> 0 | F17: =+anexos!E95 -> 0 | G17: =+anexos!F95 -> 0 | H17: =+anexos!G95 -> 0 | I17: =+anexos!H95 -> 0 | J17: =+anexos!I95 -> 0 | ... BJ17: =+anexos!BI95 -> 0
A18: TOTAL PASIVO | B18: =SUM(B11:B17) -> 2742000000 | C18: =SUM(C11:C17) -> 2.8087121e+09 | D18: =SUM(D11:D17) -> 2.8732006e+09 | E18: =SUM(E11:E17) -> 3.0582673e+09 | F18: =SUM(F11:F17) -> 3.1134463e+09 | G18: =SUM(G11:G17) -> 3.1740496e+09 | H18: =SUM(H11:H17) -> 3.2326561e+09 | I18: =SUM(I11:I17) -> 3.2893419e+09 | ... BJ18: =SUM(BJ11:BJ17) -> 7.6023334e+09
A19: =+'EF. Anuales'!A19 -> Aportes Sociales | B19: =+'EF. Anuales'!H19 -> 6391000000 | C19: =+anexos!B110 -> 6.3934122e+09 | D19: =+anexos!C110 -> 6.3948543e+09 | E19: =+anexos!D110 -> 6.3953453e+09 | F19: =+anexos!E110 -> 6.3949038e+09 | G19: =+anexos!F110 -> 6.3935483e+09 | H19: =+anexos!G110 -> 6.391297e+09 | I19: =+anexos!H110 -> 6.3881678e+09 | J19: =+anexos!I110 -> 6.3841784e+09 | ... BJ19: =+anexos!BI110 -> 7.5229814e+09
A20: =+'EF. Anuales'!A20 -> Reservas, fondos y Superavit | B20: =+'EF. Anuales'!H20 -> 1.1823758e+09 | C20: =+B20 -> 1.1823758e+09 | D20: =+C20 -> 1.1823758e+09 | E20: =(+D20)+((D21)*20%) -> 1.2130551e+09 | F20: =+E20 -> 1.2130551e+09 | G20: =+F20 -> 1.2130551e+09 | H20: =+G20 -> 1.2130551e+09 | I20: =+H20 -> 1.2130551e+09 | J20: =+I20 -> 1.2130551e+09 | K20: =+J20 -> 1.2130551e+09 | L20: =+K20 -> 1.2130551e+09 | M20: =+L20 -> 1.2130551e+09 | ... P20: =+O20 -> 1.2130551e+09 | Q20: =(+P20)+((P21)*20%) -> 1.2294276e+09 | R20: =+Q20 -> 1.2294276e+09 | S20: =+R20 -> 1.2294276e+09 | T20: =+S20 -> 1.2294276e+09 | U20: =+T20 -> 1.2294276e+09 | V20: =+U20 -> 1.2294276e+09 | W20: =+V20 -> 1.2294276e+09 | X20: =+W20 -> 1.2294276e+09 | Y20: =+X20 -> 1.2294276e+09 | ... AB20: =+AA20 -> 1.2294276e+09 | AC20: =(+AB20)+((AB21)*20%) -> 1.2551996e+09 | AD20: =+AC20 -> 1.2551996e+09 | AE20: =+AD20 -> 1.2551996e+09 | AF20: =+AE20 -> 1.2551996e+09 | AG20: =+AF20 -> 1.2551996e+09 | AH20: =+AG20 -> 1.2551996e+09 | AI20: =+AH20 -> 1.2551996e+09 | AJ20: =+AI20 -> 1.2551996e+09 | AK20: =+AJ20 -> 1.2551996e+09 | ... AN20: =+AM20 -> 1.2551996e+09 | AO20: =(+AN20)+((AN21)*20%) -> 1.2928759e+09 | AP20: =+AO20 -> 1.2928759e+09 | AQ20: =+AP20 -> 1.2928759e+09 | AR20: =+AQ20 -> 1.2928759e+09 | AS20: =+AR20 -> 1.2928759e+09 | AT20: =+AS20 -> 1.2928759e+09 | AU20: =+AT20 -> 1.2928759e+09 | AV20: =+AU20 -> 1.2928759e+09 | AW20: =+AV20 -> 1.2928759e+09 | ... AZ20: =+AY20 -> 1.2928759e+09 | BA20: =(+AZ20)+((AZ21)*20%) -> 1.3512268e+09 | BB20: =+BA20 -> 1.3512268e+09 | BC20: =+BB20 -> 1.3512268e+09 | BD20: =+BC20 -> 1.3512268e+09 | BE20: =+BD20 -> 1.3512268e+09 | BF20: =+BE20 -> 1.3512268e+09 | BG20: =+BF20 -> 1.3512268e+09 | BH20: =+BG20 -> 1.3512268e+09 | BI20: =+BH20 -> 1.3512268e+09 | BJ20: =+BI20 -> 1.3512268e+09
A21: =+'EF. Anuales'!A21 -> Resultados Ejercicios Anteriores | C21: =+B22 -> 1.5339658e+08 | D21: =+C21 -> 1.5339658e+08 | O21: =+N22 -> 81862550 | P21: =+O21 -> 81862550 | AA21: =+Z22 -> 1.2885979e+08 | AB21: =+AA21 -> 1.2885979e+08 | AM21: =+AL22 -> 1.8838165e+08 | AN21: =+AM21 -> 1.8838165e+08 | AY21: =+AX22 -> 2.9175413e+08 | AZ21: =+AY21 -> 2.9175413e+08
A22: =+'EF. Anuales'!A22 -> Resultado Ejercicio | B22: =+'EF. Anuales'!H22 -> 1.5339658e+08 | C22: =+C76 -> 11287702 | D22: =+D76 -> 17518116 | E22: =+E76 -> 23938239 | F22: =+F76 -> 34706379 | G22: =+G76 -> 40107782 | H22: =+H76 -> 45675355 | I22: =+I76 -> 49131632 | J22: =+J76 -> 55665929 | ... BJ22: =+BJ76 -> 4.6124778e+08
A23: TOTAL PATRIMONIO | B23: =SUM(B19:B22) -> 7.7267724e+09 | C23: =SUM(C19:C22) -> 7.7404723e+09 | D23: =SUM(D19:D22) -> 7.7481448e+09 | E23: =SUM(E19:E22) -> 7.6323386e+09 | F23: =SUM(F19:F22) -> 7.6426653e+09 | G23: =SUM(G19:G22) -> 7.6467112e+09 | H23: =SUM(H19:H22) -> 7.6500275e+09 | I23: =SUM(I19:I22) -> 7.6503545e+09 | ... BJ23: =SUM(BJ19:BJ22) -> 9.3354559e+09
B24: =+B10-B18-B23 -> 0 | C24: =+C10-C18-C23 -> 0 | D24: =+D10-D18-D23 -> 0 | E24: =+E10-E18-E23 -> 0 | F24: =+F10-F18-F23 -> 0 | G24: =+G10-G18-G23 -> 0 | H24: =+H10-H18-H23 -> 0 | I24: =+I10-I18-I23 -> 0 | ... BJ24: =+BJ10-BJ18-BJ23 -> 0
A27: FLUJO DE CAJA | B27: =+B1 -> 44896 | C27: =+C1 -> 44957 | D27: =+D1 -> 44985 | E27: =+E1 -> 45016 | F27: =+F1 -> 45046 | G27: =+G1 -> 45077 | H27: =+H1 -> 45107 | I27: =+I1 -> 45138 | ... BJ27: =+BJ1 -> 46752
A28: Saldo Inicial | C28: =+B2 -> 4.1077239e+08 | D28: =+C54 -> 4.2157543e+08 | E28: =+D54 -> 4.5508654e+08 | F28: =+E54 -> 4.8698718e+08 | G28: =+F54 -> 6.556917e+08 | H28: =+G54 -> 6.825146e+08 | I28: =+H54 -> 7.0783613e+08 | J28: =+I54 -> 6.5780096e+08 | K28: =+J54 -> 6.8203604e+08 | ... BJ28: =+BI54 -> 33188502
A29: =+'EF. Anuales'!A29 -> Recaudos de Cartera (capital + intereses) | C29: =+anexos!B18 -> 2.8387363e+08 | D29: =+anexos!C18 -> 2.8495585e+08 | E29: =+anexos!D18 -> 2.8600729e+08 | F29: =+anexos!E18 -> 4.3054345e+08 | G29: =+anexos!F18 -> 2.8402773e+08 | H29: =+anexos!G18 -> 2.8505401e+08 | I29: =+anexos!H18 -> 2.8605244e+08 | J29: =+anexos!I18 -> 2.8908027e+08 | ... BJ29: =+anexos!BI18 -> 4.4590191e+08
A30: =+'EF. Anuales'!A30 -> Recaudo Aportes | C30: =+anexos!B107 -> 1.47408e+08 | D30: =+anexos!C107 -> 1.4694735e+08 | E30: =+anexos!D107 -> 1.464867e+08 | F30: =+anexos!E107 -> 1.4602605e+08 | G30: =+anexos!F107 -> 1.455654e+08 | H30: =+anexos!G107 -> 1.4510475e+08 | I30: =+anexos!H107 -> 1.446441e+08 | J30: =+anexos!I107 -> 1.4418345e+08 | ... BJ30: =+anexos!BI107 -> 1.9393058e+08
A31: =+'EF. Anuales'!A31 -> Captaciones | C31: =+anexos!B64+anexos!B70+anexos!B76 -> 1.9785917e+08 | D31: =+anexos!C64+anexos!C70+anexos!C76 -> 1.9843694e+08 | E31: =+anexos!D64+anexos!D70+anexos!D76 -> 1.9902192e+08 | F31: =+anexos!E64+anexos!E70+anexos!E76 -> 1.9961416e+08 | G31: =+anexos!F64+anexos!F70+anexos!F76 -> 2.0740361e+08 | H31: =+anexos!G64+anexos!G70+anexos!G76 -> 2.0798775e+08 | I31: =+anexos!H64+anexos!H70+anexos!H76 -> 2.0857936e+08 | J31: =+anexos!I64+anexos!I70+anexos!I76 -> 2.0917851e+08 | ... BJ31: =+anexos!BI64+anexos!BI70+anexos!BI76 -> 2.7632859e+08
A32: =+'EF. Anuales'!A32 -> Rendimientos Excedentes Tesorería | C32: =+C28*(PARÁMETROS!$C$2/24) -> 1369241.3 | D32: =+D28*(PARÁMETROS!$C$2/24) -> 1405251.4 | E32: =+E28*(PARÁMETROS!$C$2/24) -> 1516955.1 | F32: =+F28*(PARÁMETROS!$C$2/24) -> 1623290.6 | G32: =+G28*(PARÁMETROS!$C$2/24) -> 2185639 | H32: =+H28*(PARÁMETROS!$C$2/24) -> 2275048.7 | I32: =+I28*(PARÁMETROS!$C$2/24) -> 2359453.8 | J32: =+J28*(PARÁMETROS!$C$2/24) -> 2192669.9 | ... N32: =+N28*(PARÁMETROS!$C$2/24) -> 2974528 | O32: =+O28*(PARÁMETROS!$D$2/24) -> 2027112.9 | P32: =+P28*(PARÁMETROS!$D$2/24) -> 1887186.7 | Q32: =+Q28*(PARÁMETROS!$D$2/24) -> 1750676.3 | R32: =+R28*(PARÁMETROS!$D$2/24) -> 1617615.4 | S32: =+S28*(PARÁMETROS!$D$2/24) -> 1836189.7 | T32: =+T28*(PARÁMETROS!$D$2/24) -> 1707818.7 | U32: =+U28*(PARÁMETROS!$D$2/24) -> 1582824 | V32: =+V28*(PARÁMETROS!$D$2/24) -> 1277336 | ... Z32: =+Z28*(PARÁMETROS!$D$2/24) -> 1212988.1 | AA32: =+AA28*(PARÁMETROS!$E$2/24) -> 571881.21 | AB32: =+AB28*(PARÁMETROS!$E$2/24) -> 425298.52 | AC32: =+AC28*(PARÁMETROS!$E$2/24) -> 283915.34 | AD32: =+AD28*(PARÁMETROS!$E$2/24) -> 147711.52 | AE32: =+AE28*(PARÁMETROS!$E$2/24) -> 275314.59 | AF32: =+AF28*(PARÁMETROS!$E$2/24) -> 142841.75 | AG32: =+AG28*(PARÁMETROS!$E$2/24) -> 15565.77 | AH32: =+AH28*(PARÁMETROS!$E$2/24) -> 114428.06 | ... AL32: =+AL28*(PARÁMETROS!$E$2/24) -> 94917.855 | AM32: =+AM28*(PARÁMETROS!$F$2/24) -> 95303.686 | AN32: =+AN28*(PARÁMETROS!$F$2/24) -> 41714.378 | AO32: =+AO28*(PARÁMETROS!$F$2/24) -> 66644.836 | AP32: =+AP28*(PARÁMETROS!$F$2/24) -> 53589.634 | AQ32: =+AQ28*(PARÁMETROS!$F$2/24) -> 174012.27 | AR32: =+AR28*(PARÁMETROS!$F$2/24) -> 699.39055 | AS32: =+AS28*(PARÁMETROS!$F$2/24) -> 83129.462 | AT32: =+AT28*(PARÁMETROS!$F$2/24) -> 102772.65 | ... AX32: =+AX28*(PARÁMETROS!$F$2/24) -> 68968.842 | AY32: =+AY28*(PARÁMETROS!$G$2/24) -> 109045.65 | AZ32: =+AZ28*(PARÁMETROS!$G$2/24) -> 37003.588 | BA32: =+BA28*(PARÁMETROS!$G$2/24) -> 69890.781 | BB32: =+BB28*(PARÁMETROS!$G$2/24) -> 51983.455 | BC32: =+BC28*(PARÁMETROS!$G$2/24) -> 168189.18 | BD32: =+BD28*(PARÁMETROS!$G$2/24) -> 3581.2087 | BE32: =+BE28*(PARÁMETROS!$G$2/24) -> 80862.827 | BF32: =+BF28*(PARÁMETROS!$G$2/24) -> 94009.549 | ... BJ32: =+BJ28*(PARÁMETROS!$G$2/24) -> 48399.899
A33: =+'EF. Anuales'!A33 -> Contribuciones Fondos | C33: =+anexos!B101 -> 11200000 | D33: =+anexos!C101 -> 11165000 | E33: =+anexos!D101 -> 11130000 | F33: =+anexos!E101 -> 11095000 | G33: =+anexos!F101 -> 11060000 | H33: =+anexos!G101 -> 11025000 | I33: =+anexos!H101 -> 10990000 | J33: =+anexos!I101 -> 10955000 | ... BJ33: =+anexos!BI101 -> 17929670
A34: =+'EF. Anuales'!A34 -> Recaudo Liq. Prestaciones Sociales | C34: =+'FLUJO DE CARTERA'!C201 -> 41745000 | D34: =+'FLUJO DE CARTERA'!D201 -> 41745000 | E34: =+'FLUJO DE CARTERA'!E201 -> 41745000 | F34: =+'FLUJO DE CARTERA'!F201 -> 41745000 | G34: =+'FLUJO DE CARTERA'!G201 -> 41745000 | H34: =+'FLUJO DE CARTERA'!H201 -> 41745000 | I34: =+'FLUJO DE CARTERA'!I201 -> 41745000 | J34: =+'FLUJO DE CARTERA'!J201 -> 41745000 | ... BJ34: =+'FLUJO DE CARTERA'!BJ201 -> 49720935
A35: =+'EF. Anuales'!A35 -> Pagos por Caja Cartera | C35: =+'FLUJO DE CARTERA'!C212 -> 23000000 | D35: =+'FLUJO DE CARTERA'!D212 -> 23000000 | E35: =+'FLUJO DE CARTERA'!E212 -> 23000000 | F35: =+'FLUJO DE CARTERA'!F212 -> 23000000 | G35: =+'FLUJO DE CARTERA'!G212 -> 23000000 | H35: =+'FLUJO DE CARTERA'!H212 -> 23000000 | I35: =+'FLUJO DE CARTERA'!I212 -> 23000000 | J35: =+'FLUJO DE CARTERA'!J212 -> 23000000 | ... BJ35: =+'FLUJO DE CARTERA'!BJ212 -> 30133900
A36: =+'EF. Anuales'!A36 -> Disminución de Inversiones | C36: =+anexos!B6 -> 0 | D36: =+anexos!C6 -> 0 | E36: =+anexos!D6 -> 0 | F36: =+anexos!E6 -> 0 | G36: =+anexos!F6 -> 0 | H36: =+anexos!G6 -> 0 | I36: =+anexos!H6 -> 0 | J36: =+anexos!I6 -> 0 | ... BJ36: =+anexos!BI6 -> 0
A37: =+'EF. Anuales'!A37 -> Admtivos, Sociales, comisiones | C37: =+C61 -> 775150.02 | D37: =+D61 -> 775150.02 | E37: =+E61 -> 775150.02 | F37: =+F61 -> 775150.02 | G37: =+G61 -> 775150.02 | H37: =+H61 -> 775150.02 | I37: =+I61 -> 775150.02 | J37: =+J61 -> 775150.02 | ... BJ37: =+BJ61 -> 959802.91
A38: Ventas de PPE | C38: =+anexos!B40 -> 0 | D38: =+anexos!C40 -> 0 | E38: =+anexos!D40 -> 0 | F38: =+anexos!E40 -> 0 | G38: =+anexos!F40 -> 0 | H38: =+anexos!G40 -> 0 | I38: =+anexos!H40 -> 0 | J38: =+anexos!I40 -> 0 | ... BJ38: =+anexos!BI40 -> 0
A39: =+'EF. Anuales'!A39 -> Nuevas obligaciones | C39: =IF(+SUM(C28:C37)>C53,0,(C53-SUM(C28:C37))*1.5) -> 0 | D39: =IF(+SUM(D28:D37)>D53,0,(D53-SUM(D28:D37))*1.5) -> 0 | E39: =IF(+SUM(E28:E37)>E53,0,(E53-SUM(E28:E37))*1.5) -> 0 | F39: =IF(+SUM(F28:F37)>F53,0,(F53-SUM(F28:F37))*1.5) -> 0 | G39: =IF(+SUM(G28:G37)>G53,0,(G53-SUM(G28:G37))*1.5) -> 0 | H39: =IF(+SUM(H28:H37)>H53,0,(H53-SUM(H28:H37))*1.5) -> 0 | I39: =IF(+SUM(I28:I37)>I53,0,(I53-SUM(I28:I37))*1.5) -> 0 | J39: =IF(+SUM(J28:J37)>J53,0,(J53-SUM(J28:J37))*1.5) -> 0 | ... BJ39: =IF(+SUM(BJ28:BJ37)>BJ53,0,(BJ53-SUM(BJ28:BJ37))*1.5) -> 2.4500502e+08
A40: TOTAL ENTRADAS | C40: =SUM(C29:C39) -> 7.0723019e+08 | D40: =SUM(D29:D39) -> 7.0843054e+08 | E40: =SUM(E29:E39) -> 7.0968302e+08 | F40: =SUM(F29:F39) -> 8.544221e+08 | G40: =SUM(G29:G39) -> 7.1576253e+08 | H40: =SUM(H29:H39) -> 7.1696671e+08 | I40: =SUM(I29:I39) -> 7.181455e+08 | J40: =SUM(J29:J39) -> 7.2111005e+08 | ... BJ40: =SUM(BJ29:BJ39) -> 1.2599588e+09
A41: =+'EF. Anuales'!A41 -> Desembolsos NETOS | C41: =+anexos!B12-anexos!B13 -> 405000000 | D41: =+anexos!C12-anexos!C13 -> 405000000 | E41: =+anexos!D12-anexos!D13 -> 405000000 | F41: =+anexos!E12-anexos!E13 -> 405000000 | G41: =+anexos!F12-anexos!F13 -> 405000000 | H41: =+anexos!G12-anexos!G13 -> 405000000 | I41: =+anexos!H12-anexos!H13 -> 405000000 | J41: =+anexos!I12-anexos!I13 -> 405000000 | ... BJ41: =+anexos!BI12-anexos!BI13 -> 6.1373169e+08
A42: =+'EF. Anuales'!A42 -> Retiro Aportes en Efectivo (Remanentes) | C42: =+anexos!B109-'FLUJO DE CARTERA'!C190 -> 0 | D42: =+anexos!C109-'FLUJO DE CARTERA'!D190 -> 0 | E42: =+anexos!D109-'FLUJO DE CARTERA'!E190 -> 0 | F42: =+anexos!E109-'FLUJO DE CARTERA'!F190 -> 0 | G42: =+anexos!F109-'FLUJO DE CARTERA'!G190 -> 0 | H42: =+anexos!G109-'FLUJO DE CARTERA'!H190 -> 0 | I42: =+anexos!H109-'FLUJO DE CARTERA'!I190 -> 73886650 | J42: =+anexos!I109-'FLUJO DE CARTERA'!J190 -> 0 | ... BJ42: =+anexos!BI109-'FLUJO DE CARTERA'!BJ190 -> 72543094
A43: =+'EF. Anuales'!A43 -> Retiro de Ahorros en Efectivo | C43: =+anexos!B72+anexos!B79+anexos!B66 -> 1.3670453e+08 | D43: =+anexos!C72+anexos!C79+anexos!C66 -> 1.4031283e+08 | E43: =+anexos!D72+anexos!D79+anexos!D66 -> 1.4381558e+08 | F43: =+anexos!E72+anexos!E79+anexos!E66 -> 1.4721704e+08 | G43: =+anexos!F72+anexos!F79+anexos!F66 -> 1.5052128e+08 | H43: =+anexos!G72+anexos!G79+anexos!G66 -> 1.5403183e+08 | I43: =+anexos!H72+anexos!H79+anexos!H66 -> 1.5744048e+08 | J43: =+anexos!I72+anexos!I79+anexos!I66 -> 1.6075134e+08 | ... BJ43: =+anexos!BI72+anexos!BI79+anexos!BI66 -> 2.6491741e+08
A44: =+'EF. Anuales'!A44 -> Aumento de Fondo de Liquidez | C44: =+anexos!B5 -> 31167880 | D44: =+anexos!C5 -> 6602756.4 | E44: =+anexos!D5 -> 6329161.8 | F44: =+anexos!E5 -> 6066028.6 | G44: =+anexos!F5 -> 6531958.6 | H44: =+anexos!G5 -> 6256364.8 | I44: =+anexos!H5 -> 5991360.7 | J44: =+anexos!I5 -> 5736554.2 | ... BJ44: =+anexos!BI5 -> 1256128.9
A45: =+'EF. Anuales'!A45 -> Cuatro por mil | C45: 0 | D45: 0 | E45: 0 | F45: 0 | G45: 0 | H45: 0 | I45: 0 | J45: 0 | K45: 0 | L45: 0 | M45: 0 | N45: 0 | O45: 0 | P45: 0 | Q45: 0 | R45: 0 | S45: 0 | T45: 0 | U45: 0 | V45: 0 | W45: 0 | X45: 0 | Y45: 0 | Z45: 0 | AA45: 0 | AB45: 0 | AC45: 0 | AD45: 0 | AE45: 0 | AF45: 0 | AG45: 0 | AH45: 0 | AI45: 0 | AJ45: 0 | AK45: 0 | AL45: 0 | AM45: 0 | AN45: 0 | AO45: 0 | AP45: 0 | AQ45: 0 | AR45: 0 | AS45: 0 | AT45: 0 | AU45: 0 | AV45: 0 | AW45: 0 | AX45: 0 | AY45: 0 | AZ45: 0 | BA45: 0 | BB45: 0 | BC45: 0 | BD45: 0 | BE45: 0 | BF45: 0 | BG45: 0 | BH45: 0 | BI45: 0 | BJ45: 0
A46: =+'EF. Anuales'!A46 -> Pago Gastos Generales | C46: =+C65 -> 87880309 | D46: =+D65 -> 87880309 | E46: =+E65 -> 87880309 | F46: =+F65 -> 87880309 | G46: =+G65 -> 87880309 | H46: =+H65 -> 87880309 | I46: =+I65 -> 87380309 | J46: =+J65 -> 87907205 | ... BJ46: =+BJ65 -> 1.1617439e+08
A47: =+'EF. Anuales'!A47 -> Gastos TC | C47: =+C66 -> 0 | D47: =+D66 -> 0 | E47: =+E66 -> 0 | F47: =+F66 -> 0 | G47: =+G66 -> 0 | H47: =+H66 -> 0 | I47: =+I66 -> 0 | J47: =+J66 -> 0 | ... BJ47: =+BJ66 -> 0
A48: =+'EF. Anuales'!A48 -> Pago obligacion financiera | C48: =+anexos!B85+anexos!B86 -> 0 | D48: =+anexos!C85+anexos!C86 -> 0 | E48: =+anexos!D85+anexos!D86 -> 0 | F48: =+anexos!E85+anexos!E86 -> 0 | G48: =+anexos!F85+anexos!F86 -> 0 | H48: =+anexos!G85+anexos!G86 -> 0 | I48: =+anexos!H85+anexos!H86 -> 0 | J48: =+anexos!I85+anexos!I86 -> 0 | ... BJ48: =+anexos!BI85+anexos!BI86 -> 63995016
A49: =+'EF. Anuales'!A49 -> Fondos y gastos sociales | C49: =+anexos!B92+anexos!B99+anexos!B115+C68 -> 30833333 | D49: =+anexos!C92+anexos!C99+anexos!C115+D68 -> 30431944 | E49: =+anexos!D92+anexos!D99+anexos!D115+E68 -> 30045822 | F49: =+anexos!E92+anexos!E99+anexos!E115+F68 -> 34787549 | G49: =+anexos!F92+anexos!F99+anexos!F115+G68 -> 34217026 | H49: =+anexos!G92+anexos!G99+anexos!G115+H68 -> 33668816 | I49: =+anexos!H92+anexos!H99+anexos!H115+I68 -> 33141991 | J49: =+anexos!I92+anexos!I99+anexos!I115+J68 -> 32635658 | ... BJ49: =+anexos!BI92+anexos!BI99+anexos!BI115+BJ68 -> 40515405
A50: =+'EF. Anuales'!A50 -> Otros costos | C50: =+C73 -> 0 | D50: =+D73 -> 0 | E50: =+E73 -> 0 | F50: =+F73 -> 0 | G50: =+G73 -> 0 | H50: =+H73 -> 0 | I50: =+I73 -> 0 | J50: =+J73 -> 0 | ... BJ50: =+BJ73 -> 0
A51: =+'EF. Anuales'!A51 -> Gastos Bancarios | C51: =+SUM(C41:C50)*0.7% -> 4841102.4 | D51: =+SUM(D41:D50)*0.7% -> 4691594.9 | E51: =+SUM(E41:E50)*0.7% -> 4711496.1 | F51: =+SUM(F41:F50)*0.7% -> 4766656.5 | G51: =+SUM(G41:G50)*0.7% -> 4789054 | H51: =+SUM(H41:H50)*0.7% -> 4807861.3 | I51: =+SUM(I41:I50)*0.7% -> 5339885.5 | J51: =+SUM(J41:J50)*0.7% -> 4844215.3 | ... BJ51: =+SUM(BJ41:BJ50)*0.7% -> 8211931.9
A52: =+'EF. Anuales'!A52 -> Compras PPE y Diferidos | C52: =+anexos!B41+anexos!B47 -> 0 | D52: =+anexos!C41+anexos!C47 -> 0 | E52: =+anexos!D41+anexos!D47 -> 0 | F52: =+anexos!E41+anexos!E47 -> 0 | G52: =+anexos!F41+anexos!F47 -> 0 | H52: =+anexos!G41+anexos!G47 -> 0 | I52: =+anexos!H41+anexos!H47 -> 0 | J52: =+anexos!I41+anexos!I47 -> 0 | ... BJ52: =+anexos!BI41+anexos!BI47 -> 30133900
A53: TOTAL SALIDAS | C53: =SUM(C41:C52) -> 6.9642716e+08 | D53: =SUM(D41:D52) -> 6.7491943e+08 | E53: =SUM(E41:E52) -> 6.7778237e+08 | F53: =SUM(F41:F52) -> 6.8571758e+08 | G53: =SUM(G41:G52) -> 6.8893963e+08 | H53: =SUM(H41:H52) -> 6.9164519e+08 | I53: =SUM(I41:I52) -> 7.6818067e+08 | J53: =SUM(J41:J52) -> 6.9687497e+08 | ... BJ53: =SUM(BJ41:BJ52) -> 1.211479e+09
A54: Saldo Disponible | C54: =+C28+C40-C53 -> 4.2157543e+08 | D54: =+D28+D40-D53 -> 4.5508654e+08 | E54: =+E28+E40-E53 -> 4.8698718e+08 | F54: =+F28+F40-F53 -> 6.556917e+08 | G54: =+G28+G40-G53 -> 6.825146e+08 | H54: =+H28+H40-H53 -> 7.0783613e+08 | I54: =+I28+I40-I53 -> 6.5780096e+08 | J54: =+J28+J40-J53 -> 6.8203604e+08 | ... BJ54: =+BJ28+BJ40-BJ53 -> 81668341
A57: ESTADO RESULTADOS | B57: =+B1 -> 44896 | C57: =+C1 -> 44957 | D57: =+D1 -> 44985 | E57: =+E1 -> 45016 | F57: =+F1 -> 45046 | G57: =+G1 -> 45077 | H57: =+H1 -> 45107 | I57: =+I1 -> 45138 | ... BJ57: =+BJ1 -> 46752
A58: =+'EF. Anuales'!A57 -> Intereses Cartera Crédito | B58: ='EF. Anuales'!H57/12 -> 1.2256173e+08 | C58: =+anexos!B11 -> 127500000 | D58: =+anexos!C11 -> 1.2798607e+08 | E58: =+anexos!D11 -> 1.2845832e+08 | F58: =+anexos!E11 -> 1.289172e+08 | G58: =+anexos!F11 -> 1.2756921e+08 | H58: =+anexos!G11 -> 1.2803016e+08 | I58: =+anexos!H11 -> 1.284786e+08 | J58: =+anexos!I11 -> 1.2983853e+08 | ... BJ58: =+anexos!BI11 -> 2.297512e+08
A59: =+'EF. Anuales'!A58 -> Rendimientos financieros | B59: ='EF. Anuales'!H58/12 -> 585800.04 | C59: =+anexos!B4+C32 -> 2035908 | D59: =+anexos!C4+D32 -> 2178033.2 | E59: =+anexos!D4+E32 -> 2314322.1 | F59: =+anexos!E4+F32 -> 2444412.7 | G59: =+anexos!F4+G32 -> 3029718.2 | H59: =+anexos!G4+H32 -> 3143714.7 | I59: =+anexos!H4+I32 -> 3251869.9 | J59: =+anexos!I4+J32 -> 3108031.9 | ... BJ59: =+anexos!BI4+BJ32 -> 1681031
A60: =+'EF. Anuales'!A59 -> Utilidad valoracion inversiones | B60: ='EF. Anuales'!H59/12 -> 451074.22 | C60: 0 | D60: 0 | E60: 0 | F60: 0 | G60: 0 | H60: 0 | I60: 0 | J60: 0 | K60: 0 | L60: 0 | M60: 0 | N60: =+B60*1.03 -> 464606.45 | O60: 0 | P60: 0 | Q60: 0 | R60: 0 | S60: 0 | T60: 0 | U60: 0 | V60: 0 | W60: 0 | X60: 0 | Y60: 0 | Z60: =+N60*1.035 -> 480867.67 | AA60: =+O60*1.035 -> 0 | AB60: =+P60*1.035 -> 0 | AC60: =+Q60*1.035 -> 0 | AD60: =+R60*1.035 -> 0 | AE60: =+S60*1.035 -> 0 | AF60: =+T60*1.035 -> 0 | AG60: =+U60*1.035 -> 0 | ... BJ60: =+AX60*1.035 -> 533146.59
A61: =+'EF. Anuales'!A60 -> Admtivos, Sociales, comisiones | B61: ='EF. Anuales'!H60/12 -> 775150.02 | C61: =+B61 -> 775150.02 | D61: =+C61 -> 775150.02 | E61: =+D61 -> 775150.02 | F61: =+E61 -> 775150.02 | G61: =+F61 -> 775150.02 | H61: =+G61 -> 775150.02 | I61: =+H61 -> 775150.02 | J61: =+I61 -> 775150.02 | ... N61: =+M61 -> 775150.02 | O61: =+C61*(1+PARÁMETROS!$C$2) -> 837162.03 | P61: =+D61*(1+PARÁMETROS!$C$2) -> 837162.03 | Q61: =+E61*(1+PARÁMETROS!$C$2) -> 837162.03 | R61: =+F61*(1+PARÁMETROS!$C$2) -> 837162.03 | S61: =+G61*(1+PARÁMETROS!$C$2) -> 837162.03 | T61: =+H61*(1+PARÁMETROS!$C$2) -> 837162.03 | U61: =+I61*(1+PARÁMETROS!$C$2) -> 837162.03 | V61: =+J61*(1+PARÁMETROS!$C$2) -> 837162.03 | ... Z61: =+N61*(1+PARÁMETROS!$C$2) -> 837162.03 | AA61: =+O61*(1+PARÁMETROS!$D$2) -> 887391.75 | AB61: =+P61*(1+PARÁMETROS!$D$2) -> 887391.75 | AC61: =+Q61*(1+PARÁMETROS!$D$2) -> 887391.75 | AD61: =+R61*(1+PARÁMETROS!$D$2) -> 887391.75 | AE61: =+S61*(1+PARÁMETROS!$D$2) -> 887391.75 | AF61: =+T61*(1+PARÁMETROS!$D$2) -> 887391.75 | AG61: =+U61*(1+PARÁMETROS!$D$2) -> 887391.75 | AH61: =+V61*(1+PARÁMETROS!$D$2) -> 887391.75 | ... AL61: =+Z61*(1+PARÁMETROS!$D$2) -> 887391.75 | AM61: =+AA61*(1+PARÁMETROS!$E$2) -> 922887.42 | AN61: =+AB61*(1+PARÁMETROS!$E$2) -> 922887.42 | AO61: =+AC61*(1+PARÁMETROS!$E$2) -> 922887.42 | AP61: =+AD61*(1+PARÁMETROS!$E$2) -> 922887.42 | AQ61: =+AE61*(1+PARÁMETROS!$E$2) -> 922887.42 | AR61: =+AF61*(1+PARÁMETROS!$E$2) -> 922887.42 | AS61: =+AG61*(1+PARÁMETROS!$E$2) -> 922887.42 | AT61: =+AH61*(1+PARÁMETROS!$E$2) -> 922887.42 | ... AX61: =+AL61*(1+PARÁMETROS!$E$2) -> 922887.42 | AY61: =+AM61*(1+PARÁMETROS!$F$2) -> 959802.91 | AZ61: =+AN61*(1+PARÁMETROS!$F$2) -> 959802.91 | BA61: =+AO61*(1+PARÁMETROS!$F$2) -> 959802.91 | BB61: =+AP61*(1+PARÁMETROS!$F$2) -> 959802.91 | BC61: =+AQ61*(1+PARÁMETROS!$F$2) -> 959802.91 | BD61: =+AR61*(1+PARÁMETROS!$F$2) -> 959802.91 | BE61: =+AS61*(1+PARÁMETROS!$F$2) -> 959802.91 | BF61: =+AT61*(1+PARÁMETROS!$F$2) -> 959802.91 | ... BJ61: =+AX61*(1+PARÁMETROS!$F$2) -> 959802.91
A62: Total Ingresos | B62: =SUM(B58:B61) -> 1.2437376e+08 | C62: =SUM(C58:C61) -> 1.3031106e+08 | D62: =SUM(D58:D61) -> 1.3093925e+08 | E62: =SUM(E58:E61) -> 1.3154779e+08 | F62: =SUM(F58:F61) -> 1.3213676e+08 | G62: =SUM(G58:G61) -> 1.3137408e+08 | H62: =SUM(H58:H61) -> 1.3194902e+08 | I62: =SUM(I58:I61) -> 1.3250562e+08 | ... BJ62: =SUM(BJ58:BJ61) -> 2.3292518e+08
A63: =+'EF. Anuales'!A62 -> Cuatro por mil | B63: ='EF. Anuales'!H62/12 -> 0 | C63: =+C45 -> 0 | D63: =+D45 -> 0 | E63: =+E45 -> 0 | F63: =+F45 -> 0 | G63: =+G45 -> 0 | H63: =+H45 -> 0 | I63: =+I45 -> 0 | J63: =+J45 -> 0 | ... BJ63: =+BJ45 -> 0
A64: Intereses crédito bancario | B64: ='EF. Anuales'!H63/12 -> 0 | C64: =+anexos!B86 -> 0 | D64: =+anexos!C86 -> 0 | E64: =+anexos!D86 -> 0 | F64: =+anexos!E86 -> 0 | G64: =+anexos!F86 -> 0 | H64: =+anexos!G86 -> 0 | I64: =+anexos!H86 -> 0 | J64: =+anexos!I86 -> 0 | ... BJ64: =+anexos!BI86 -> 13002971
A65: Gastos Administración | B65: ='EF. Anuales'!H64/12 -> 79251540 | C65: =+'Gastos Generales 2021-2024'!J88-'Gastos Generales 2021-2024'!J85 -> 87880309 | D65: =+'Gastos Generales 2021-2024'!K88-'Gastos Generales 2021-2024'!K85 -> 87880309 | E65: =+'Gastos Generales 2021-2024'!L88-'Gastos Generales 2021-2024'!L85 -> 87880309 | F65: =+'Gastos Generales 2021-2024'!M88-'Gastos Generales 2021-2024'!M85 -> 87880309 | G65: =+'Gastos Generales 2021-2024'!N88-'Gastos Generales 2021-2024'!N85 -> 87880309 | H65: =+'Gastos Generales 2021-2024'!O88-'Gastos Generales 2021-2024'!O85 -> 87880309 | I65: =+'Gastos Generales 2021-2024'!P88-'Gastos Generales 2021-2024'!P85 -> 87380309 | J65: =+'Gastos Generales 2021-2024'!Q88-'Gastos Generales 2021-2024'!Q85 -> 87907205 | ... BJ65: =+'Gastos Generales 2021-2024'!BQ88-'Gastos Generales 2021-2024'!BQ85 -> 1.1617439e+08
A66: =+'EF. Anuales'!A65 -> Gastos TC | B66: ='EF. Anuales'!H65/12 -> 0 | C66: 0 | D66: 0 | E66: 0 | F66: 0 | G66: =+'FLUJO DE CARTERA'!G107+'FLUJO DE CARTERA'!G103+'FLUJO DE CARTERA'!G105 -> 0 | H66: =+'FLUJO DE CARTERA'!H107+'FLUJO DE CARTERA'!H103+'FLUJO DE CARTERA'!H105 -> 0 | I66: =+'FLUJO DE CARTERA'!I107+'FLUJO DE CARTERA'!I103+'FLUJO DE CARTERA'!I105 -> 0 | J66: =+'FLUJO DE CARTERA'!J107+'FLUJO DE CARTERA'!J103+'FLUJO DE CARTERA'!J105 -> 0 | K66: =+'FLUJO DE CARTERA'!K107+'FLUJO DE CARTERA'!K103+'FLUJO DE CARTERA'!K105 -> 0 | L66: =+'FLUJO DE CARTERA'!L107+'FLUJO DE CARTERA'!L103+'FLUJO DE CARTERA'!L105 -> 0 | M66: =+'FLUJO DE CARTERA'!M107+'FLUJO DE CARTERA'!M103+'FLUJO DE CARTERA'!M105 -> 0 | N66: =+'FLUJO DE CARTERA'!N107+'FLUJO DE CARTERA'!N103+'FLUJO DE CARTERA'!N105 -> 0 | ... BJ66: =+'FLUJO DE CARTERA'!BJ107+'FLUJO DE CARTERA'!BJ103+'FLUJO DE CARTERA'!BJ105 -> 0
A67: =+'EF. Anuales'!A66 -> Depreciaciones y Amortizaciones | B67: ='EF. Anuales'!H66/12 -> 975845.33 | C67: =+anexos!B39+anexos!B46 -> 1111111.1 | D67: =+anexos!C39+anexos!C46 -> 1080246.9 | E67: =+anexos!D39+anexos!D46 -> 1050240.1 | F67: =+anexos!E39+anexos!E46 -> 1021066.7 | G67: =+anexos!F39+anexos!F46 -> 992703.76 | H67: =+anexos!G39+anexos!G46 -> 965128.65 | I67: =+anexos!H39+anexos!H46 -> 938319.52 | J67: =+anexos!I39+anexos!I46 -> 912255.09 | ... BJ67: =+anexos!BI39+anexos!BI46 -> 1617222
A68: =+'EF. Anuales'!A67 -> Gastos Varios y otros gastos | B68: ='EF. Anuales'!H67/12 -> 6149164 | C68: =+'Gastos Generales 2021-2024'!J85 -> 10000000 | D68: =+'Gastos Generales 2021-2024'!K85 -> 10000000 | E68: =+'Gastos Generales 2021-2024'!L85 -> 10000000 | F68: =+'Gastos Generales 2021-2024'!M85 -> 10000000 | G68: =+'Gastos Generales 2021-2024'!N85 -> 10000000 | H68: =+'Gastos Generales 2021-2024'!O85 -> 10000000 | I68: =+'Gastos Generales 2021-2024'!P85 -> 10000000 | J68: =+'Gastos Generales 2021-2024'!Q85 -> 10000000 | ... BJ68: =+'Gastos Generales 2021-2024'!BQ85 -> 13215571
A69: =+'EF. Anuales'!A68 -> Multas sanciones y litigios | B69: ='EF. Anuales'!H68/12 -> 0 | C69: =+anexos!B114 -> 0 | D69: =+anexos!C114 -> 0 | E69: =+anexos!D114 -> 0 | F69: =+anexos!E114 -> 0 | G69: =+anexos!F114 -> 0 | H69: =+anexos!G114 -> 0 | I69: =+anexos!H114 -> 0 | J69: =+anexos!I114 -> 0 | ... BJ69: =+anexos!BI114 -> 0
A70: =+'EF. Anuales'!A69 -> Gastos Financieros | B70: ='EF. Anuales'!H69/12 -> 4227523.1 | C70: =+C51 -> 4841102.4 | D70: =+D51 -> 4691594.9 | E70: =+E51 -> 4711496.1 | F70: =+F51 -> 4766656.5 | G70: =+G51 -> 4789054 | H70: =+H51 -> 4807861.3 | I70: =+I51 -> 5339885.5 | J70: =+J51 -> 4844215.3 | ... BJ70: =+BJ51 -> 8211931.9
A71: =+'EF. Anuales'!A70 -> Deterioro | B71: ='EF. Anuales'!H70/12 -> 12234266 | C71: =-anexos!B32 -> 0 | D71: =-anexos!C32 -> 5425422.3 | E71: =-anexos!D32 -> 5426674.9 | F71: =-anexos!E32 -> 1226204.4 | G71: =-anexos!F32 -> 5432558.3 | H71: =-anexos!G32 -> 5433762.3 | I71: =-anexos!H32 -> 7691944.5 | J71: =-anexos!I32 -> 5431742 | ... BJ71: =-anexos!BI32 -> 16104203
A72: =+'EF. Anuales'!A71 -> Intereses Depósitos | B72: ='EF. Anuales'!H71/12 -> 8752368.9 | C72: =+anexos!B65+anexos!B71+anexos!B77 -> 15190833 | D72: =+anexos!C65+anexos!C71+anexos!C77 -> 15631265 | E72: =+anexos!D65+anexos!D71+anexos!D77 -> 16058948 | F72: =+anexos!E65+anexos!E71+anexos!E77 -> 16474383 | G72: =+anexos!F65+anexos!F71+anexos!F77 -> 16878053 | H72: =+anexos!G65+anexos!G71+anexos!G77 -> 17294389 | I72: =+anexos!H65+anexos!H71+anexos!H77 -> 17698880 | J72: =+anexos!I65+anexos!I71+anexos!I77 -> 18091996 | ... BJ72: =+anexos!BI65+anexos!BI71+anexos!BI77 -> 17476425
A73: =+'EF. Anuales'!A72 -> Otros Costos | B73: ='EF. Anuales'!H72/12 -> 0 | C73: 0 | D73: 0 | E73: 0 | F73: 0 | G73: 0 | H73: 0 | I73: 0 | J73: 0 | K73: 0 | L73: 0 | M73: 0 | N73: 0 | O73: 0 | P73: 0 | Q73: 0 | R73: 0 | S73: 0 | T73: 0 | U73: 0 | V73: 0 | W73: 0 | X73: 0 | Y73: 0 | Z73: 0 | AA73: 0 | AB73: 0 | AC73: 0 | AD73: 0 | AE73: 0 | AF73: 0 | AG73: 0 | AH73: 0 | AI73: 0 | AJ73: 0 | AK73: 0 | AL73: 0 | AM73: 0 | AN73: 0 | AO73: 0 | AP73: 0 | AQ73: 0 | AR73: 0 | AS73: 0 | AT73: 0 | AU73: 0 | AV73: 0 | AW73: 0 | AX73: 0 | AY73: 0 | AZ73: 0 | BA73: 0 | BB73: 0 | BC73: 0 | BD73: 0 | BE73: 0 | BF73: 0 | BG73: 0 | BH73: 0 | BI73: 0 | BJ73: 0
A74: Total Costos y Gastos | B74: =SUM(B63:B73) -> 1.1159071e+08 | C74: =SUM(C63:C73) -> 1.1902336e+08 | D74: =SUM(D63:D73) -> 1.2470884e+08 | E74: =SUM(E63:E73) -> 1.2512767e+08 | F74: =SUM(F63:F73) -> 1.2136862e+08 | G74: =SUM(G63:G73) -> 1.2597268e+08 | H74: =SUM(H63:H73) -> 1.2638145e+08 | I74: =SUM(I63:I73) -> 1.2904934e+08 | ... BJ74: =SUM(BJ63:BJ73) -> 1.8580272e+08
A75: Resultado Mensual | B75: =B62-B74 -> 12783049 | C75: =+C62-C74 -> 11287702 | D75: =+D62-D74 -> 6230414.1 | E75: =+E62-E74 -> 6420122.6 | F75: =+F62-F74 -> 10768141 | G75: =+G62-G74 -> 5401403.2 | H75: =+H62-H74 -> 5567572.1 | I75: =+I62-I74 -> 3456277.9 | J75: =+J62-J74 -> 6534296.3 | ... BJ75: =+BJ62-BJ74 -> 47122461
A76: Resultado Acumulado | B76: =B75 -> 12783049 | C76: =+C75 -> 11287702 | D76: =+C76+D75 -> 17518116 | E76: =+D76+E75 -> 23938239 | F76: =+E76+F75 -> 34706379 | G76: =+F76+G75 -> 40107782 | H76: =+G76+H75 -> 45675355 | I76: =+H76+I75 -> 49131632 | J76: =+I76+J75 -> 55665929 | K76: =+J76+K75 -> 62339326 | ... N76: =+M76+N75 -> 81862550 | O76: =+O75 -> 5017970.1 | P76: =+O76+P75 -> 11261147 | Q76: =+P76+Q75 -> 18716715 | R76: =+Q76+R75 -> 32234484 | S76: =+R76+S75 -> 40483253 | T76: =+S76+T75 -> 49910384 | U76: =+T76+U75 -> 57388325 | V76: =+U76+V75 -> 69716307 | W76: =+V76+W75 -> 83178454 | ... Z76: =+Y76+Z75 -> 1.2885979e+08 | AA76: =+AA75 -> 7950169.7 | AB76: =+AA76+AB75 -> 17699590 | AC76: =+AB76+AC75 -> 29229957 | AD76: =+AC76+AD75 -> 48789882 | AE76: =+AD76+AE75 -> 61887899 | AF76: =+AE76+AF75 -> 76719082 | AG76: =+AF76+AG75 -> 89785950 | AH76: =+AG76+AH75 -> 1.0688641e+08 | AI76: =+AH76+AI75 -> 1.256082e+08 | ... AL76: =+AK76+AL75 -> 1.8838165e+08 | AM76: =+AM75 -> 16235326 | AN76: =+AM76+AN75 -> 34160813 | AO76: =+AN76+AO75 -> 53456808 | AP76: =+AO76+AP75 -> 82321232 | AQ76: =+AP76+AQ75 -> 1.0311578e+08 | AR76: =+AQ76+AR75 -> 1.2608015e+08 | AS76: =+AR76+AS75 -> 1.4633889e+08 | AT76: =+AS76+AT75 -> 1.7191353e+08 | AU76: =+AT76+AU75 -> 1.9924941e+08 | ... AX76: =+AW76+AX75 -> 2.9175413e+08 | AY76: =+AY75 -> 26625480 | AZ76: =+AY76+AZ75 -> 55469736 | BA76: =+AZ76+BA75 -> 86117546 | BB76: =+BA76+BB75 -> 1.2891246e+08 | BC76: =+BB76+BC75 -> 1.6159916e+08 | BD76: =+BC76+BD75 -> 1.96847e+08 | BE76: =+BD76+BE75 -> 2.2952382e+08 | BF76: =+BE76+BF75 -> 2.7460456e+08 | BG76: =+BF76+BG75 -> 3.1948268e+08 | ... BJ76: =+BI76+BJ75 -> 4.6124778e+08
A77: Tasa Mensual de Interés Ahorros | C77: =+C72/B11 -> 0.014777075 | D77: =+D72/C11 -> 0.015067393 | E77: =+E72/D11 -> 0.01533904 | F77: =+F72/E11 -> 0.015592917 | G77: =+G72/F11 -> 0.015829881 | H77: =+H72/G11 -> 0.016073025 | I77: =+I72/H11 -> 0.016299538 | J77: =+J72/I11 -> 0.016510229 | ... BJ77: =+BJ72/BI11 -> 0.012275613
A78: Tasa Mensual de Interés Cartera | C78: =+C58/B5 -> 0.0125 | D78: =+D58/C5 -> 0.0125 | E78: =+E58/D5 -> 0.0125 | F78: =+F58/E5 -> 0.0125 | G78: =+G58/F5 -> 0.0125 | H78: =+H58/G5 -> 0.0125 | I78: =+I58/H5 -> 0.0125 | J78: =+J58/I5 -> 0.0125 | ... BJ78: =+BJ58/BI5 -> 0.0135

Sheet posible retiro
A1: No | B1: CEDULA | C1: DIRECCION | D1: APORTES | E1: PERMANENTE | F1: CREDITOS | G1: CDAT | H1: TOTAL AHORRO
D27: =SUM(D2:D26) -> 0 | E27: =SUM(E2:E26) -> 0 | F27: =SUM(F2:F26) -> 0 | G27: =SUM(G2:G26) -> 0 | H27: =SUM(H2:H26) -> 0

Sheet Colocaciones 1er Año
A1: APROBACIONES | B1: =+anexos!B2 -> 44957 | C1: =+anexos!C2 -> 44985 | D1: =+anexos!D2 -> 45016 | E1: =+anexos!E2 -> 45046 | F1: =+anexos!F2 -> 45077 | G1: =+anexos!G2 -> 45107 | H1: =+anexos!H2 -> 45138 | I1: =+anexos!I2 -> 45169 | ... M1: =+anexos!M2 -> 45291
A2: LINEA 1 | B2: 450000000 | C2: =+B2 -> 450000000 | D2: =+C2 -> 450000000 | E2: =+D2 -> 450000000 | F2: =+E2 -> 450000000 | G2: =+F2 -> 450000000 | H2: =+G2 -> 450000000 | I2: =+H2 -> 450000000 | J2: =+I2 -> 450000000 | ... M2: =+L2 -> 450000000
A3: LINEA 2 | B3: 0 | C3: =+B3 -> 0 | D3: =+C3 -> 0 | E3: =+D3 -> 0 | F3: =+E3 -> 0 | G3: =+F3 -> 0 | H3: =+G3 -> 0 | I3: =+H3 -> 0 | J3: =+I3 -> 0 | ... M3: =+L3 -> 0
A4: LINEA 3 | B4: 0 | C4: =+B4 -> 0 | D4: =+C4 -> 0 | E4: =+D4 -> 0 | F4: =+E4 -> 0 | G4: =+F4 -> 0 | H4: =+G4 -> 0 | I4: =+H4 -> 0 | J4: =+I4 -> 0 | ... M4: =+L4 -> 0
A5: LINEA 4 | B5: 0 | C5: =+B5 -> 0 | D5: =+C5 -> 0 | E5: =+D5 -> 0 | F5: =+E5 -> 0 | G5: =+F5 -> 0 | H5: =+G5 -> 0 | I5: =+H5 -> 0 | J5: =+I5 -> 0 | ... M5: =+L5 -> 0
A6: LINEA 5 | B6: 0 | C6: =+B6 -> 0 | D6: =+C6 -> 0 | E6: =+D6 -> 0 | F6: =+E6 -> 0 | G6: =+F6 -> 0 | H6: =+G6 -> 0 | I6: =+H6 -> 0 | J6: =+I6 -> 0 | ... M6: =+L6 -> 0
A7: LINEA 6 | B7: 0 | C7: =+B7 -> 0 | D7: =+C7 -> 0 | E7: =+D7 -> 0 | F7: =+E7 -> 0 | G7: =+F7 -> 0 | H7: =+G7 -> 0 | I7: =+H7 -> 0 | J7: =+I7 -> 0 | ... M7: =+L7 -> 0
A8: LINEA 7 | B8: 0 | C8: =+B8 -> 0 | D8: =+C8 -> 0 | E8: =+D8 -> 0 | F8: =+E8 -> 0 | G8: =+F8 -> 0 | H8: =+G8 -> 0 | I8: =+H8 -> 0 | J8: =+I8 -> 0 | ... M8: =+L8 -> 0
A9: LINEA 8 | B9: 0 | C9: =+B9 -> 0 | D9: =+C9 -> 0 | E9: =+D9 -> 0 | F9: =+E9 -> 0 | G9: =+F9 -> 0 | H9: =+G9 -> 0 | I9: =+H9 -> 0 | J9: =+I9 -> 0 | ... M9: =+L9 -> 0
A10: TOTAL | B10: =SUM(B2:B9) -> 450000000 | C10: =SUM(C2:C9) -> 450000000 | D10: =SUM(D2:D9) -> 450000000 | E10: =SUM(E2:E9) -> 450000000 | F10: =SUM(F2:F9) -> 450000000 | G10: =SUM(G2:G9) -> 450000000 | H10: =SUM(H2:H9) -> 450000000 | I10: =SUM(I2:I9) -> 450000000 | ... M10: =SUM(M2:M9) -> 450000000
A13: REFINANCIACIONES | B13: =+B1 -> 44957 | C13: =+C1 -> 44985 | D13: =+D1 -> 45016 | E13: =+E1 -> 45046 | F13: =+F1 -> 45077 | G13: =+G1 -> 45107 | H13: =+H1 -> 45138 | I13: =+I1 -> 45169 | ... M13: =+M1 -> 45291
A14: =+A2 -> LINEA 1 | B14: =+B2*PARÁMETROS!$C$6 -> 45000000 | C14: =+C2*PARÁMETROS!$C$6 -> 45000000 | D14: =+D2*PARÁMETROS!$C$6 -> 45000000 | E14: =+E2*PARÁMETROS!$C$6 -> 45000000 | F14: =+F2*PARÁMETROS!$C$6 -> 45000000 | G14: =+G2*PARÁMETROS!$C$6 -> 45000000 | H14: =+H2*PARÁMETROS!$C$6 -> 45000000 | I14: =+I2*PARÁMETROS!$C$6 -> 45000000 | ... M14: =+M2*PARÁMETROS!$C$6 -> 45000000
A15: =+A3 -> LINEA 2 | B15: =+B3*PARÁMETROS!$C$6 -> 0 | C15: =+C3*PARÁMETROS!$C$6 -> 0 | D15: =+D3*PARÁMETROS!$C$6 -> 0 | E15: =+E3*PARÁMETROS!$C$6 -> 0 | F15: =+F3*PARÁMETROS!$C$6 -> 0 | G15: =+G3*PARÁMETROS!$C$6 -> 0 | H15: =+H3*PARÁMETROS!$C$6 -> 0 | I15: =+I3*PARÁMETROS!$C$6 -> 0 | ... M15: =+M3*PARÁMETROS!$C$6 -> 0
A16: =+A4 -> LINEA 3 | B16: =+B4*PARÁMETROS!$C$6 -> 0 | C16: =+C4*PARÁMETROS!$C$6 -> 0 | D16: =+D4*PARÁMETROS!$C$6 -> 0 | E16: =+E4*PARÁMETROS!$C$6 -> 0 | F16: =+F4*PARÁMETROS!$C$6 -> 0 | G16: =+G4*PARÁMETROS!$C$6 -> 0 | H16: =+H4*PARÁMETROS!$C$6 -> 0 | I16: =+I4*PARÁMETROS!$C$6 -> 0 | ... M16: =+M4*PARÁMETROS!$C$6 -> 0
A17: =+A5 -> LINEA 4 | B17: =+B5*PARÁMETROS!$C$6 -> 0 | C17: =+C5*PARÁMETROS!$C$6 -> 0 | D17: =+D5*PARÁMETROS!$C$6 -> 0 | E17: =+E5*PARÁMETROS!$C$6 -> 0 | F17: =+F5*PARÁMETROS!$C$6 -> 0 | G17: =+G5*PARÁMETROS!$C$6 -> 0 | H17: =+H5*PARÁMETROS!$C$6 -> 0 | I17: =+I5*PARÁMETROS!$C$6 -> 0 | ... M17: =+M5*PARÁMETROS!$C$6 -> 0
A18: =+A6 -> LINEA 5 | B18: =+B6*PARÁMETROS!$C$6 -> 0 | C18: =+C6*PARÁMETROS!$C$6 -> 0 | D18: =+D6*PARÁMETROS!$C$6 -> 0 | E18: =+E6*PARÁMETROS!$C$6 -> 0 | F18: =+F6*PARÁMETROS!$C$6 -> 0 | G18: =+G6*PARÁMETROS!$C$6 -> 0 | H18: =+H6*PARÁMETROS!$C$6 -> 0 | I18: =+I6*PARÁMETROS!$C$6 -> 0 | ... M18: =+M6*PARÁMETROS!$C$6 -> 0
A19: =+A7 -> LINEA 6 | B19: =+B7*PARÁMETROS!$C$6 -> 0 | C19: =+C7*PARÁMETROS!$C$6 -> 0 | D19: =+D7*PARÁMETROS!$C$6 -> 0 | E19: =+E7*PARÁMETROS!$C$6 -> 0 | F19: =+F7*PARÁMETROS!$C$6 -> 0 | G19: =+G7*PARÁMETROS!$C$6 -> 0 | H19: =+H7*PARÁMETROS!$C$6 -> 0 | I19: =+I7*PARÁMETROS!$C$6 -> 0 | ... M19: =+M7*PARÁMETROS!$C$6 -> 0
A20: =+A8 -> LINEA 7 | B20: =+B8*PARÁMETROS!$C$6 -> 0 | C20: =+C8*PARÁMETROS!$C$6 -> 0 | D20: =+D8*PARÁMETROS!$C$6 -> 0 | E20: =+E8*PARÁMETROS!$C$6 -> 0 | F20: =+F8*PARÁMETROS!$C$6 -> 0 | G20: =+G8*PARÁMETROS!$C$6 -> 0 | H20: =+H8*PARÁMETROS!$C$6 -> 0 | I20: =+I8*PARÁMETROS!$C$6 -> 0 | ... M20: =+M8*PARÁMETROS!$C$6 -> 0
A21: =+A9 -> LINEA 8 | B21: =+B9*PARÁMETROS!$C$6 -> 0 | C21: =+C9*PARÁMETROS!$C$6 -> 0 | D21: =+D9*PARÁMETROS!$C$6 -> 0 | E21: =+E9*PARÁMETROS!$C$6 -> 0 | F21: =+F9*PARÁMETROS!$C$6 -> 0 | G21: =+G9*PARÁMETROS!$C$6 -> 0 | H21: =+H9*PARÁMETROS!$C$6 -> 0 | I21: =+I9*PARÁMETROS!$C$6 -> 0 | ... M21: =+M9*PARÁMETROS!$C$6 -> 0
A22: TOTAL | B22: =SUM(B14:B21) -> 45000000 | C22: =SUM(C14:C21) -> 45000000 | D22: =SUM(D14:D21) -> 45000000 | E22: =SUM(E14:E21) -> 45000000 | F22: =SUM(F14:F21) -> 45000000 | G22: =SUM(G14:G21) -> 45000000 | H22: =SUM(H14:H21) -> 45000000 | I22: =SUM(I14:I21) -> 45000000 | ... M22: =SUM(M14:M21) -> 45000000

Sheet Gastos Generales 2021-2024
J1: Año 2023 | K1: Año 2024 | L1: Año 2025 | M1: Año 2026 | N1: Año 2027
A2: IPC | J2: =+PARÁMETROS!B2 -> 0.11 | K2: =+PARÁMETROS!C2 -> 0.08 | L2: =+PARÁMETROS!D2 -> 0.06 | M2: =+PARÁMETROS!E2 -> 0.04 | N2: =+PARÁMETROS!F2 -> 0.04
A3: INCREMENTO | J3: =+PARÁMETROS!C3 -> 0.11 | K3: =+PARÁMETROS!D3 -> 0.08 | L3: =+PARÁMETROS!E3 -> 0.06 | M3: =+PARÁMETROS!F3 -> 0.04 | N3: =+PARÁMETROS!G3 -> 0.04
A5: CUC | B5: GASTO | C5: =+CUC!D2 -> 43435 | D5: =+CUC!E2 -> 43800 | E5: =+CUC!F2 -> 44166 | F5: =+CUC!G2 -> 44531 | G5: =+CUC!H2 -> 44896 | H5: Año 2023 | I5: ppto mes | J5: =+anexos!B90 -> 44957 | K5: =+anexos!C90 -> 44985 | L5: =+anexos!D90 -> 45016 | M5: =+anexos!E90 -> 45046 | N5: =+anexos!F90 -> 45077 | O5: =+anexos!G90 -> 45107 | P5: =+anexos!H90 -> 45138 | Q5: =+anexos!I90 -> 45169 | ... BQ5: =+anexos!BI90 -> 46752
A6: =+CUC!A1439 -> 510501 | B6: =+CUC!B1439 -> SALARIO INTEGRAL | C6: =+CUC!D1439 -> 102113334 | D6: =+CUC!E1439 -> 131086667 | E6: =+CUC!F1439 -> 135940619 | F6: =+CUC!G1439 -> 140698187 | G6: =+CUC!H1439 -> 1.5383102e+08 | H6: =+SUM(J6:U6) -> 1.7075244e+08 | I6: =+G6/12*(1+J$3) -> 14229370 | J6: =+I6 -> 14229370 | K6: =+J6 -> 14229370 | L6: =+K6 -> 14229370 | M6: =+L6 -> 14229370 | N6: =+M6 -> 14229370 | O6: =+N6 -> 14229370 | P6: =+O6 -> 14229370 | Q6: =+P6 -> 14229370 | ... U6: =+T6 -> 14229370 | V6: =+J6*(1+$J$3) -> 15794600 | W6: =+K6*(1+$J$3) -> 15794600 | X6: =+L6*(1+$J$3) -> 15794600 | Y6: =+M6*(1+$J$3) -> 15794600 | Z6: =+N6*(1+$J$3) -> 15794600 | AA6: =+O6*(1+$J$3) -> 15794600 | AB6: =+P6*(1+$J$3) -> 15794600 | AC6: =+Q6*(1+$J$3) -> 15794600 | ... AG6: =+U6*(1+$J$3) -> 15794600 | AH6: =+V6*(1+$K$3) -> 17058168 | AI6: =+W6*(1+$K$3) -> 17058168 | AJ6: =+X6*(1+$K$3) -> 17058168 | AK6: =+Y6*(1+$K$3) -> 17058168 | AL6: =+Z6*(1+$K$3) -> 17058168 | AM6: =+AA6*(1+$K$3) -> 17058168 | AN6: =+AB6*(1+$K$3) -> 17058168 | AO6: =+AC6*(1+$K$3) -> 17058168 | ... AS6: =+AG6*(1+$K$3) -> 17058168 | AT6: =+AH6*(1+$L$3) -> 18081658 | AU6: =+AI6*(1+$L$3) -> 18081658 | AV6: =+AJ6*(1+$L$3) -> 18081658 | AW6: =+AK6*(1+$L$3) -> 18081658 | AX6: =+AL6*(1+$L$3) -> 18081658 | AY6: =+AM6*(1+$L$3) -> 18081658 | AZ6: =+AN6*(1+$L$3) -> 18081658 | BA6: =+AO6*(1+$L$3) -> 18081658 | ... BE6: =+AS6*(1+$L$3) -> 18081658 | BF6: =+AT6*(1+$M$3) -> 18804925 | BG6: =+AU6*(1+$M$3) -> 18804925 | BH6: =+AV6*(1+$M$3) -> 18804925 | BI6: =+AW6*(1+$M$3) -> 18804925 | BJ6: =+AX6*(1+$M$3) -> 18804925 | BK6: =+AY6*(1+$M$3) -> 18804925 | BL6: =+AZ6*(1+$M$3) -> 18804925 | BM6: =+BA6*(1+$M$3) -> 18804925 | ... BQ6: =+BE6*(1+$M$3) -> 18804925
A7: =+CUC!A1440 -> 510502 | B7: =+CUC!B1440 -> DE REPRESENTACION | C7: =+CUC!D1440 -> 0 | D7: =+CUC!E1440 -> 0 | E7: =+CUC!F1440 -> 0 | F7: =+CUC!G1440 -> 0 | G7: =+CUC!H1440 -> 0 | H7: =+SUM(J7:U7) -> 0 | I7: =+G7/12*(1+J$3) -> 0 | J7: =+I7 -> 0 | K7: =+J7 -> 0 | L7: =+K7 -> 0 | M7: =+L7 -> 0 | N7: =+M7 -> 0 | O7: =+N7 -> 0 | P7: =+O7 -> 0 | Q7: =+P7 -> 0 | ... U7: =+T7 -> 0 | V7: =+J7*(1+$J$3) -> 0 | W7: =+K7*(1+$J$3) -> 0 | X7: =+L7*(1+$J$3) -> 0 | Y7: =+M7*(1+$J$3) -> 0 | Z7: =+N7*(1+$J$3) -> 0 | AA7: =+O7*(1+$J$3) -> 0 | AB7: =+P7*(1+$J$3) -> 0 | AC7: =+Q7*(1+$J$3) -> 0 | ... AG7: =+U7*(1+$J$3) -> 0 | AH7: =+V7*(1+$K$3) -> 0 | AI7: =+W7*(1+$K$3) -> 0 | AJ7: =+X7*(1+$K$3) -> 0 | AK7: =+Y7*(1+$K$3) -> 0 | AL7: =+Z7*(1+$K$3) -> 0 | AM7: =+AA7*(1+$K$3) -> 0 | AN7: =+AB7*(1+$K$3) -> 0 | AO7: =+AC7*(1+$K$3) -> 0 | ... AS7: =+AG7*(1+$K$3) -> 0 | AT7: =+AH7*(1+$L$3) -> 0 | AU7: =+AI7*(1+$L$3) -> 0 | AV7: =+AJ7*(1+$L$3) -> 0 | AW7: =+AK7*(1+$L$3) -> 0 | AX7: =+AL7*(1+$L$3) -> 0 | AY7: =+AM7*(1+$L$3) -> 0 | AZ7: =+AN7*(1+$L$3) -> 0 | BA7: =+AO7*(1+$L$3) -> 0 | ... BE7: =+AS7*(1+$L$3) -> 0 | BF7: =+AT7*(1+$M$3) -> 0 | BG7: =+AU7*(1+$M$3) -> 0 | BH7: =+AV7*(1+$M$3) -> 0 | BI7: =+AW7*(1+$M$3) -> 0 | BJ7: =+AX7*(1+$M$3) -> 0 | BK7: =+AY7*(1+$M$3) -> 0 | BL7: =+AZ7*(1+$M$3) -> 0 | BM7: =+BA7*(1+$M$3) -> 0 | ... BQ7: =+BE7*(1+$M$3) -> 0
A8: =+CUC!A1441 -> 510503 | B8: =+CUC!B1441 -> SUELDOS | C8: =+CUC!D1441 -> 241463868 | D8: =+CUC!E1441 -> 225373745 | E8: =+CUC!F1441 -> 244786393 | F8: =+CUC!G1441 -> 248114514 | G8: =+CUC!H1441 -> 2.904816e+08 | H8: =+SUM(J8:U8) -> 3.2243457e+08 | I8: =+G8/12*(1+J$3) -> 26869548 | J8: =+I8 -> 26869548 | K8: =+J8 -> 26869548 | L8: =+K8 -> 26869548 | M8: =+L8 -> 26869548 | N8: =+M8 -> 26869548 | O8: =+N8 -> 26869548 | P8: =+O8 -> 26869548 | Q8: =+P8 -> 26869548 | ... U8: =+T8 -> 26869548 | V8: =+J8*(1+$J$3) -> 29825198 | W8: =+K8*(1+$J$3) -> 29825198 | X8: =+L8*(1+$J$3) -> 29825198 | Y8: =+M8*(1+$J$3) -> 29825198 | Z8: =+N8*(1+$J$3) -> 29825198 | AA8: =+O8*(1+$J$3) -> 29825198 | AB8: =+P8*(1+$J$3) -> 29825198 | AC8: =+Q8*(1+$J$3) -> 29825198 | ... AG8: =+U8*(1+$J$3) -> 29825198 | AH8: =+V8*(1+$K$3) -> 32211214 | AI8: =+W8*(1+$K$3) -> 32211214 | AJ8: =+X8*(1+$K$3) -> 32211214 | AK8: =+Y8*(1+$K$3) -> 32211214 | AL8: =+Z8*(1+$K$3) -> 32211214 | AM8: =+AA8*(1+$K$3) -> 32211214 | AN8: =+AB8*(1+$K$3) -> 32211214 | AO8: =+AC8*(1+$K$3) -> 32211214 | ... AS8: =+AG8*(1+$K$3) -> 32211214 | AT8: =+AH8*(1+$L$3) -> 34143887 | AU8: =+AI8*(1+$L$3) -> 34143887 | AV8: =+AJ8*(1+$L$3) -> 34143887 | AW8: =+AK8*(1+$L$3) -> 34143887 | AX8: =+AL8*(1+$L$3) -> 34143887 | AY8: =+AM8*(1+$L$3) -> 34143887 | AZ8: =+AN8*(1+$L$3) -> 34143887 | BA8: =+AO8*(1+$L$3) -> 34143887 | ... BE8: =+AS8*(1+$L$3) -> 34143887 | BF8: =+AT8*(1+$M$3) -> 35509642 | BG8: =+AU8*(1+$M$3) -> 35509642 | BH8: =+AV8*(1+$M$3) -> 35509642 | BI8: =+AW8*(1+$M$3) -> 35509642 | BJ8: =+AX8*(1+$M$3) -> 35509642 | BK8: =+AY8*(1+$M$3) -> 35509642 | BL8: =+AZ8*(1+$M$3) -> 35509642 | BM8: =+BA8*(1+$M$3) -> 35509642 | ... BQ8: =+BE8*(1+$M$3) -> 35509642
A9: =+CUC!A1442 -> 510504 | B9: =+CUC!B1442 -> JORNALES | C9: =+CUC!D1442 -> 0 | D9: =+CUC!E1442 -> 0 | E9: =+CUC!F1442 -> 0 | F9: =+CUC!G1442 -> 0 | G9: =+CUC!H1442 -> 0 | H9: =+SUM(J9:U9) -> 0 | I9: =+G9/12*(1+J$3) -> 0 | J9: =+I9 -> 0 | K9: =+J9 -> 0 | L9: =+K9 -> 0 | M9: =+L9 -> 0 | N9: =+M9 -> 0 | O9: =+N9 -> 0 | P9: =+O9 -> 0 | Q9: =+P9 -> 0 | ... U9: =+T9 -> 0 | V9: =+J9*(1+$J$3) -> 0 | W9: =+K9*(1+$J$3) -> 0 | X9: =+L9*(1+$J$3) -> 0 | Y9: =+M9*(1+$J$3) -> 0 | Z9: =+N9*(1+$J$3) -> 0 | AA9: =+O9*(1+$J$3) -> 0 | AB9: =+P9*(1+$J$3) -> 0 | AC9: =+Q9*(1+$J$3) -> 0 | ... AG9: =+U9*(1+$J$3) -> 0 | AH9: =+V9*(1+$K$3) -> 0 | AI9: =+W9*(1+$K$3) -> 0 | AJ9: =+X9*(1+$K$3) -> 0 | AK9: =+Y9*(1+$K$3) -> 0 | AL9: =+Z9*(1+$K$3) -> 0 | AM9: =+AA9*(1+$K$3) -> 0 | AN9: =+AB9*(1+$K$3) -> 0 | AO9: =+AC9*(1+$K$3) -> 0 | ... AS9: =+AG9*(1+$K$3) -> 0 | AT9: =+AH9*(1+$L$3) -> 0 | AU9: =+AI9*(1+$L$3) -> 0 | AV9: =+AJ9*(1+$L$3) -> 0 | AW9: =+AK9*(1+$L$3) -> 0 | AX9: =+AL9*(1+$L$3) -> 0 | AY9: =+AM9*(1+$L$3) -> 0 | AZ9: =+AN9*(1+$L$3) -> 0 | BA9: =+AO9*(1+$L$3) -> 0 | ... BE9: =+AS9*(1+$L$3) -> 0 | BF9: =+AT9*(1+$M$3) -> 0 | BG9: =+AU9*(1+$M$3) -> 0 | BH9: =+AV9*(1+$M$3) -> 0 | BI9: =+AW9*(1+$M$3) -> 0 | BJ9: =+AX9*(1+$M$3) -> 0 | BK9: =+AY9*(1+$M$3) -> 0 | BL9: =+AZ9*(1+$M$3) -> 0 | BM9: =+BA9*(1+$M$3) -> 0 | ... BQ9: =+BE9*(1+$M$3) -> 0
A10: =+CUC!A1443 -> 510505 | B10: =+CUC!B1443 -> HORAS EXTRAS | C10: =+CUC!D1443 -> 0 | D10: =+CUC!E1443 -> 0 | E10: =+CUC!F1443 -> 0 | F10: =+CUC!G1443 -> 0 | G10: =+CUC!H1443 -> 0 | H10: =+SUM(J10:U10) -> 0 | I10: =+G10/12*(1+J$3) -> 0 | J10: =+I10 -> 0 | K10: =+J10 -> 0 | L10: =+K10 -> 0 | M10: =+L10 -> 0 | N10: =+M10 -> 0 | O10: =+N10 -> 0 | P10: =+O10 -> 0 | Q10: =+P10 -> 0 | ... U10: =+T10 -> 0 | V10: =+J10*(1+$J$3) -> 0 | W10: =+K10*(1+$J$3) -> 0 | X10: =+L10*(1+$J$3) -> 0 | Y10: =+M10*(1+$J$3) -> 0 | Z10: =+N10*(1+$J$3) -> 0 | AA10: =+O10*(1+$J$3) -> 0 | AB10: =+P10*(1+$J$3) -> 0 | AC10: =+Q10*(1+$J$3) -> 0 | ... AG10: =+U10*(1+$J$3) -> 0 | AH10: =+V10*(1+$K$3) -> 0 | AI10: =+W10*(1+$K$3) -> 0 | AJ10: =+X10*(1+$K$3) -> 0 | AK10: =+Y10*(1+$K$3) -> 0 | AL10: =+Z10*(1+$K$3) -> 0 | AM10: =+AA10*(1+$K$3) -> 0 | AN10: =+AB10*(1+$K$3) -> 0 | AO10: =+AC10*(1+$K$3) -> 0 | ... AS10: =+AG10*(1+$K$3) -> 0 | AT10: =+AH10*(1+$L$3) -> 0 | AU10: =+AI10*(1+$L$3) -> 0 | AV10: =+AJ10*(1+$L$3) -> 0 | AW10: =+AK10*(1+$L$3) -> 0 | AX10: =+AL10*(1+$L$3) -> 0 | AY10: =+AM10*(1+$L$3) -> 0 | AZ10: =+AN10*(1+$L$3) -> 0 | BA10: =+AO10*(1+$L$3) -> 0 | ... BE10: =+AS10*(1+$L$3) -> 0 | BF10: =+AT10*(1+$M$3) -> 0 | BG10: =+AU10*(1+$M$3) -> 0 | BH10: =+AV10*(1+$M$3) -> 0 | BI10: =+AW10*(1+$M$3) -> 0 | BJ10: =+AX10*(1+$M$3) -> 0 | BK10: =+AY10*(1+$M$3) -> 0 | BL10: =+AZ10*(1+$M$3) -> 0 | BM10: =+BA10*(1+$M$3) -> 0 | ... BQ10: =+BE10*(1+$M$3) -> 0
A11: =+CUC!A1444 -> 510506 | B11: =+CUC!B1444 -> COMISIONES | C11: =+CUC!D1444 -> 0 | D11: =+CUC!E1444 -> 0 | E11: =+CUC!F1444 -> 0 | F11: =+CUC!G1444 -> 0 | G11: =+CUC!H1444 -> 0 | H11: =+SUM(J11:U11) -> 0 | I11: =+G11/12*(1+J$3) -> 0 | J11: =+I11 -> 0 | K11: =+J11 -> 0 | L11: =+K11 -> 0 | M11: =+L11 -> 0 | N11: =+M11 -> 0 | O11: =+N11 -> 0 | P11: =+O11 -> 0 | Q11: =+P11 -> 0 | ... U11: =+T11 -> 0 | V11: =+J11*(1+$J$3) -> 0 | W11: =+K11*(1+$J$3) -> 0 | X11: =+L11*(1+$J$3) -> 0 | Y11: =+M11*(1+$J$3) -> 0 | Z11: =+N11*(1+$J$3) -> 0 | AA11: =+O11*(1+$J$3) -> 0 | AB11: =+P11*(1+$J$3) -> 0 | AC11: =+Q11*(1+$J$3) -> 0 | ... AG11: =+U11*(1+$J$3) -> 0 | AH11: =+V11*(1+$K$3) -> 0 | AI11: =+W11*(1+$K$3) -> 0 | AJ11: =+X11*(1+$K$3) -> 0 | AK11: =+Y11*(1+$K$3) -> 0 | AL11: =+Z11*(1+$K$3) -> 0 | AM11: =+AA11*(1+$K$3) -> 0 | AN11: =+AB11*(1+$K$3) -> 0 | AO11: =+AC11*(1+$K$3) -> 0 | ... AS11: =+AG11*(1+$K$3) -> 0 | AT11: =+AH11*(1+$L$3) -> 0 | AU11: =+AI11*(1+$L$3) -> 0 | AV11: =+AJ11*(1+$L$3) -> 0 | AW11: =+AK11*(1+$L$3) -> 0 | AX11: =+AL11*(1+$L$3) -> 0 | AY11: =+AM11*(1+$L$3) -> 0 | AZ11: =+AN11*(1+$L$3) -> 0 | BA11: =+AO11*(1+$L$3) -> 0 | ... BE11: =+AS11*(1+$L$3) -> 0 | BF11: =+AT11*(1+$M$3) -> 0 | BG11: =+AU11*(1+$M$3) -> 0 | BH11: =+AV11*(1+$M$3) -> 0 | BI11: =+AW11*(1+$M$3) -> 0 | BJ11: =+AX11*(1+$M$3) -> 0 | BK11: =+AY11*(1+$M$3) -> 0 | BL11: =+AZ11*(1+$M$3) -> 0 | BM11: =+BA11*(1+$M$3) -> 0 | ... BQ11: =+BE11*(1+$M$3) -> 0
A12: =+CUC!A1445 -> 510507 | B12: =+CUC!B1445 -> VIATICOS | C12: =+CUC!D1445 -> 0 | D12: =+CUC!E1445 -> 0 | E12: =+CUC!F1445 -> 0 | F12: =+CUC!G1445 -> 0 | G12: =+CUC!H1445 -> 0 | H12: =+SUM(J12:U12) -> 0 | I12: =+G12/12*(1+J$3) -> 0 | J12: =+I12 -> 0 | K12: =+J12 -> 0 | L12: =+K12 -> 0 | M12: =+L12 -> 0 | N12: =+M12 -> 0 | O12: =+N12 -> 0 | P12: =+O12 -> 0 | Q12: =+P12 -> 0 | ... U12: =+T12 -> 0 | V12: =+J12*(1+$J$3) -> 0 | W12: =+K12*(1+$J$3) -> 0 | X12: =+L12*(1+$J$3) -> 0 | Y12: =+M12*(1+$J$3) -> 0 | Z12: =+N12*(1+$J$3) -> 0 | AA12: =+O12*(1+$J$3) -> 0 | AB12: =+P12*(1+$J$3) -> 0 | AC12: =+Q12*(1+$J$3) -> 0 | ... AG12: =+U12*(1+$J$3) -> 0 | AH12: =+V12*(1+$K$3) -> 0 | AI12: =+W12*(1+$K$3) -> 0 | AJ12: =+X12*(1+$K$3) -> 0 | AK12: =+Y12*(1+$K$3) -> 0 | AL12: =+Z12*(1+$K$3) -> 0 | AM12: =+AA12*(1+$K$3) -> 0 | AN12: =+AB12*(1+$K$3) -> 0 | AO12: =+AC12*(1+$K$3) -> 0 | ... AS12: =+AG12*(1+$K$3) -> 0 | AT12: =+AH12*(1+$L$3) -> 0 | AU12: =+AI12*(1+$L$3) -> 0 | AV12: =+AJ12*(1+$L$3) -> 0 | AW12: =+AK12*(1+$L$3) -> 0 | AX12: =+AL12*(1+$L$3) -> 0 | AY12: =+AM12*(1+$L$3) -> 0 | AZ12: =+AN12*(1+$L$3) -> 0 | BA12: =+AO12*(1+$L$3) -> 0 | ... BE12: =+AS12*(1+$L$3) -> 0 | BF12: =+AT12*(1+$M$3) -> 0 | BG12: =+AU12*(1+$M$3) -> 0 | BH12: =+AV12*(1+$M$3) -> 0 | BI12: =+AW12*(1+$M$3) -> 0 | BJ12: =+AX12*(1+$M$3) -> 0 | BK12: =+AY12*(1+$M$3) -> 0 | BL12: =+AZ12*(1+$M$3) -> 0 | BM12: =+BA12*(1+$M$3) -> 0 | ... BQ12: =+BE12*(1+$M$3) -> 0
A13: =+CUC!A1446 -> 510508 | B13: =+CUC!B1446 -> INCAPACIDADES | C13: =+CUC!D1446 -> 284081 | D13: =+CUC!E1446 -> 532509 | E13: =+CUC!F1446 -> 7159 | F13: =+CUC!G1446 -> 60568 | G13: =+CUC!H1446 -> 115626.67 | H13: =+SUM(J13:U13) -> 128345.6 | I13: =+G13/12*(1+J$3) -> 10695.467 | J13: =+I13 -> 10695.467 | K13: =+J13 -> 10695.467 | L13: =+K13 -> 10695.467 | M13: =+L13 -> 10695.467 | N13: =+M13 -> 10695.467 | O13: =+N13 -> 10695.467 | P13: =+O13 -> 10695.467 | Q13: =+P13 -> 10695.467 | ... U13: =+T13 -> 10695.467 | V13: =+J13*(1+$J$3) -> 11871.968 | W13: =+K13*(1+$J$3) -> 11871.968 | X13: =+L13*(1+$J$3) -> 11871.968 | Y13: =+M13*(1+$J$3) -> 11871.968 | Z13: =+N13*(1+$J$3) -> 11871.968 | AA13: =+O13*(1+$J$3) -> 11871.968 | AB13: =+P13*(1+$J$3) -> 11871.968 | AC13: =+Q13*(1+$J$3) -> 11871.968 | ... AG13: =+U13*(1+$J$3) -> 11871.968 | AH13: =+V13*(1+$K$3) -> 12821.725 | AI13: =+W13*(1+$K$3) -> 12821.725 | AJ13: =+X13*(1+$K$3) -> 12821.725 | AK13: =+Y13*(1+$K$3) -> 12821.725 | AL13: =+Z13*(1+$K$3) -> 12821.725 | AM13: =+AA13*(1+$K$3) -> 12821.725 | AN13: =+AB13*(1+$K$3) -> 12821.725 | AO13: =+AC13*(1+$K$3) -> 12821.725 | ... AS13: =+AG13*(1+$K$3) -> 12821.725 | AT13: =+AH13*(1+$L$3) -> 13591.029 | AU13: =+AI13*(1+$L$3) -> 13591.029 | AV13: =+AJ13*(1+$L$3) -> 13591.029 | AW13: =+AK13*(1+$L$3) -> 13591.029 | AX13: =+AL13*(1+$L$3) -> 13591.029 | AY13: =+AM13*(1+$L$3) -> 13591.029 | AZ13: =+AN13*(1+$L$3) -> 13591.029 | BA13: =+AO13*(1+$L$3) -> 13591.029 | ... BE13: =+AS13*(1+$L$3) -> 13591.029 | BF13: =+AT13*(1+$M$3) -> 14134.67 | BG13: =+AU13*(1+$M$3) -> 14134.67 | BH13: =+AV13*(1+$M$3) -> 14134.67 | BI13: =+AW13*(1+$M$3) -> 14134.67 | BJ13: =+AX13*(1+$M$3) -> 14134.67 | BK13: =+AY13*(1+$M$3) -> 14134.67 | BL13: =+AZ13*(1+$M$3) -> 14134.67 | BM13: =+BA13*(1+$M$3) -> 14134.67 | ... BQ13: =+BE13*(1+$M$3) -> 14134.67
A14: =+CUC!A1447 -> 510509 | B14: =+CUC!B1447 -> AUXILIO DE TRANSPORTE | C14: =+CUC!D1447 -> 7015716 | D14: =+CUC!E1447 -> 6763130 | E14: =+CUC!F1447 -> 6695795 | F14: =+CUC!G1447 -> 7235324 | G14: =+CUC!H1447 -> 7644822.7 | H14: =+SUM(J14:U14) -> 8485753.2 | I14: =+G14/12*(1+J$3) -> 707146.1 | J14: =+I14 -> 707146.1 | K14: =+J14 -> 707146.1 | L14: =+K14 -> 707146.1 | M14: =+L14 -> 707146.1 | N14: =+M14 -> 707146.1 | O14: =+N14 -> 707146.1 | P14: =+O14 -> 707146.1 | Q14: =+P14 -> 707146.1 | ... U14: =+T14 -> 707146.1 | V14: =+J14*(1+$J$3) -> 784932.17 | W14: =+K14*(1+$J$3) -> 784932.17 | X14: =+L14*(1+$J$3) -> 784932.17 | Y14: =+M14*(1+$J$3) -> 784932.17 | Z14: =+N14*(1+$J$3) -> 784932.17 | AA14: =+O14*(1+$J$3) -> 784932.17 | AB14: =+P14*(1+$J$3) -> 784932.17 | AC14: =+Q14*(1+$J$3) -> 784932.17 | ... AG14: =+U14*(1+$J$3) -> 784932.17 | AH14: =+V14*(1+$K$3) -> 847726.74 | AI14: =+W14*(1+$K$3) -> 847726.74 | AJ14: =+X14*(1+$K$3) -> 847726.74 | AK14: =+Y14*(1+$K$3) -> 847726.74 | AL14: =+Z14*(1+$K$3) -> 847726.74 | AM14: =+AA14*(1+$K$3) -> 847726.74 | AN14: =+AB14*(1+$K$3) -> 847726.74 | AO14: =+AC14*(1+$K$3) -> 847726.74 | ... AS14: =+AG14*(1+$K$3) -> 847726.74 | AT14: =+AH14*(1+$L$3) -> 898590.35 | AU14: =+AI14*(1+$L$3) -> 898590.35 | AV14: =+AJ14*(1+$L$3) -> 898590.35 | AW14: =+AK14*(1+$L$3) -> 898590.35 | AX14: =+AL14*(1+$L$3) -> 898590.35 | AY14: =+AM14*(1+$L$3) -> 898590.35 | AZ14: =+AN14*(1+$L$3) -> 898590.35 | BA14: =+AO14*(1+$L$3) -> 898590.35 | ... BE14: =+AS14*(1+$L$3) -> 898590.35 | BF14: =+AT14*(1+$M$3) -> 934533.96 | BG14: =+AU14*(1+$M$3) -> 934533.96 | BH14: =+AV14*(1+$M$3) -> 934533.96 | BI14: =+AW14*(1+$M$3) -> 934533.96 | BJ14: =+AX14*(1+$M$3) -> 934533.96 | BK14: =+AY14*(1+$M$3) -> 934533.96 | BL14: =+AZ14*(1+$M$3) -> 934533.96 | BM14: =+BA14*(1+$M$3) -> 934533.96 | ... BQ14: =+BE14*(1+$M$3) -> 934533.96
A15: =+CUC!A1448 -> 510510 | B15: =+CUC!B1448 -> CESANTIAS | C15: =+CUC!D1448 -> 21695510 | D15: =+CUC!E1448 -> 21230141 | E15: =+CUC!F1448 -> 21929106 | F15: =+CUC!G1448 -> 23071361 | G15: =+CUC!H1448 -> 26714679 | H15: =+SUM(J15:U15) -> 29653293 | I15: =+G15/12*(1+J$3) -> 2471107.8 | J15: =+I15 -> 2471107.8 | K15: =+J15 -> 2471107.8 | L15: =+K15 -> 2471107.8 | M15: =+L15 -> 2471107.8 | N15: =+M15 -> 2471107.8 | O15: =+N15 -> 2471107.8 | P15: =+O15 -> 2471107.8 | Q15: =+P15 -> 2471107.8 | ... U15: =+T15 -> 2471107.8 | V15: =+J15*(1+$J$3) -> 2742929.6 | W15: =+K15*(1+$J$3) -> 2742929.6 | X15: =+L15*(1+$J$3) -> 2742929.6 | Y15: =+M15*(1+$J$3) -> 2742929.6 | Z15: =+N15*(1+$J$3) -> 2742929.6 | AA15: =+O15*(1+$J$3) -> 2742929.6 | AB15: =+P15*(1+$J$3) -> 2742929.6 | AC15: =+Q15*(1+$J$3) -> 2742929.6 | ... AG15: =+U15*(1+$J$3) -> 2742929.6 | AH15: =+V15*(1+$K$3) -> 2962364 | AI15: =+W15*(1+$K$3) -> 2962364 | AJ15: =+X15*(1+$K$3) -> 2962364 | AK15: =+Y15*(1+$K$3) -> 2962364 | AL15: =+Z15*(1+$K$3) -> 2962364 | AM15: =+AA15*(1+$K$3) -> 2962364 | AN15: =+AB15*(1+$K$3) -> 2962364 | AO15: =+AC15*(1+$K$3) -> 2962364 | ... AS15: =+AG15*(1+$K$3) -> 2962364 | AT15: =+AH15*(1+$L$3) -> 3140105.8 | AU15: =+AI15*(1+$L$3) -> 3140105.8 | AV15: =+AJ15*(1+$L$3) -> 3140105.8 | AW15: =+AK15*(1+$L$3) -> 3140105.8 | AX15: =+AL15*(1+$L$3) -> 3140105.8 | AY15: =+AM15*(1+$L$3) -> 3140105.8 | AZ15: =+AN15*(1+$L$3) -> 3140105.8 | BA15: =+AO15*(1+$L$3) -> 3140105.8 | ... BE15: =+AS15*(1+$L$3) -> 3140105.8 | BF15: =+AT15*(1+$M$3) -> 3265710.1 | BG15: =+AU15*(1+$M$3) -> 3265710.1 | BH15: =+AV15*(1+$M$3) -> 3265710.1 | BI15: =+AW15*(1+$M$3) -> 3265710.1 | BJ15: =+AX15*(1+$M$3) -> 3265710.1 | BK15: =+AY15*(1+$M$3) -> 3265710.1 | BL15: =+AZ15*(1+$M$3) -> 3265710.1 | BM15: =+BA15*(1+$M$3) -> 3265710.1 | ... BQ15: =+BE15*(1+$M$3) -> 3265710.1
A16: =+CUC!A1449 -> 510511 | B16: =+CUC!B1449 -> INTERESES SOBRE CESANTIAS | C16: =+CUC!D1449 -> 2409330 | D16: =+CUC!E1449 -> 2468645 | E16: =+CUC!F1449 -> 2631490 | F16: =+CUC!G1449 -> 2697569 | G16: =+CUC!H1449 -> 3091118.7 | H16: =+SUM(J16:U16) -> 3431141.7 | I16: =+G16/12*(1+J$3) -> 285928.48 | J16: =+I16 -> 285928.48 | K16: =+J16 -> 285928.48 | L16: =+K16 -> 285928.48 | M16: =+L16 -> 285928.48 | N16: =+M16 -> 285928.48 | O16: =+N16 -> 285928.48 | P16: =+O16 -> 285928.48 | Q16: =+P16 -> 285928.48 | ... U16: =+T16 -> 285928.48 | V16: =+J16*(1+$J$3) -> 317380.61 | W16: =+K16*(1+$J$3) -> 317380.61 | X16: =+L16*(1+$J$3) -> 317380.61 | Y16: =+M16*(1+$J$3) -> 317380.61 | Z16: =+N16*(1+$J$3) -> 317380.61 | AA16: =+O16*(1+$J$3) -> 317380.61 | AB16: =+P16*(1+$J$3) -> 317380.61 | AC16: =+Q16*(1+$J$3) -> 317380.61 | ... AG16: =+U16*(1+$J$3) -> 317380.61 | AH16: =+V16*(1+$K$3) -> 342771.06 | AI16: =+W16*(1+$K$3) -> 342771.06 | AJ16: =+X16*(1+$K$3) -> 342771.06 | AK16: =+Y16*(1+$K$3) -> 342771.06 | AL16: =+Z16*(1+$K$3) -> 342771.06 | AM16: =+AA16*(1+$K$3) -> 342771.06 | AN16: =+AB16*(1+$K$3) -> 342771.06 | AO16: =+AC16*(1+$K$3) -> 342771.06 | ... AS16: =+AG16*(1+$K$3) -> 342771.06 | AT16: =+AH16*(1+$L$3) -> 363337.32 | AU16: =+AI16*(1+$L$3) -> 363337.32 | AV16: =+AJ16*(1+$L$3) -> 363337.32 | AW16: =+AK16*(1+$L$3) -> 363337.32 | AX16: =+AL16*(1+$L$3) -> 363337.32 | AY16: =+AM16*(1+$L$3) -> 363337.32 | AZ16: =+AN16*(1+$L$3) -> 363337.32 | BA16: =+AO16*(1+$L$3) -> 363337.32 | ... BE16: =+AS16*(1+$L$3) -> 363337.32 | BF16: =+AT16*(1+$M$3) -> 377870.81 | BG16: =+AU16*(1+$M$3) -> 377870.81 | BH16: =+AV16*(1+$M$3) -> 377870.81 | BI16: =+AW16*(1+$M$3) -> 377870.81 | BJ16: =+AX16*(1+$M$3) -> 377870.81 | BK16: =+AY16*(1+$M$3) -> 377870.81 | BL16: =+AZ16*(1+$M$3) -> 377870.81 | BM16: =+BA16*(1+$M$3) -> 377870.81 | ... BQ16: =+BE16*(1+$M$3) -> 377870.81
A17: =+CUC!A1450 -> 510512 | B17: =+CUC!B1450 -> PRIMA LEGAL | C17: =+CUC!D1450 -> 21679342 | D17: =+CUC!E1450 -> 21083309 | E17: =+CUC!F1450 -> 21929106 | F17: =+CUC!G1450 -> 23071360 | G17: =+CUC!H1450 -> 26511803 | H17: =+SUM(J17:U17) -> 29428101 | I17: =+G17/12*(1+J$3) -> 2452341.7 | J17: =+I17 -> 2452341.7 | K17: =+J17 -> 2452341.7 | L17: =+K17 -> 2452341.7 | M17: =+L17 -> 2452341.7 | N17: =+M17 -> 2452341.7 | O17: =+N17 -> 2452341.7 | P17: =+O17 -> 2452341.7 | Q17: =+P17 -> 2452341.7 | ... U17: =+T17 -> 2452341.7 | V17: =+J17*(1+$J$3) -> 2722099.3 | W17: =+K17*(1+$J$3) -> 2722099.3 | X17: =+L17*(1+$J$3) -> 2722099.3 | Y17: =+M17*(1+$J$3) -> 2722099.3 | Z17: =+N17*(1+$J$3) -> 2722099.3 | AA17: =+O17*(1+$J$3) -> 2722099.3 | AB17: =+P17*(1+$J$3) -> 2722099.3 | AC17: =+Q17*(1+$J$3) -> 2722099.3 | ... AG17: =+U17*(1+$J$3) -> 2722099.3 | AH17: =+V17*(1+$K$3) -> 2939867.3 | AI17: =+W17*(1+$K$3) -> 2939867.3 | AJ17: =+X17*(1+$K$3) -> 2939867.3 | AK17: =+Y17*(1+$K$3) -> 2939867.3 | AL17: =+Z17*(1+$K$3) -> 2939867.3 | AM17: =+AA17*(1+$K$3) -> 2939867.3 | AN17: =+AB17*(1+$K$3) -> 2939867.3 | AO17: =+AC17*(1+$K$3) -> 2939867.3 | ... AS17: =+AG17*(1+$K$3) -> 2939867.3 | AT17: =+AH17*(1+$L$3) -> 3116259.3 | AU17: =+AI17*(1+$L$3) -> 3116259.3 | AV17: =+AJ17*(1+$L$3) -> 3116259.3 | AW17: =+AK17*(1+$L$3) -> 3116259.3 | AX17: =+AL17*(1+$L$3) -> 3116259.3 | AY17: =+AM17*(1+$L$3) -> 3116259.3 | AZ17: =+AN17*(1+$L$3) -> 3116259.3 | BA17: =+AO17*(1+$L$3) -> 3116259.3 | ... BE17: =+AS17*(1+$L$3) -> 3116259.3 | BF17: =+AT17*(1+$M$3) -> 3240909.7 | BG17: =+AU17*(1+$M$3) -> 3240909.7 | BH17: =+AV17*(1+$M$3) -> 3240909.7 | BI17: =+AW17*(1+$M$3) -> 3240909.7 | BJ17: =+AX17*(1+$M$3) -> 3240909.7 | BK17: =+AY17*(1+$M$3) -> 3240909.7 | BL17: =+AZ17*(1+$M$3) -> 3240909.7 | BM17: =+BA17*(1+$M$3) -> 3240909.7 | ... BQ17: =+BE17*(1+$M$3) -> 3240909.7
... A50: =+CUC!A1483 -> 510745 | B50: =+CUC!B1483 -> OTRAS | C50: =+CUC!D1483 -> 0 | D50: =+CUC!E1483 -> 0 | E50: =+CUC!F1483 -> 0 | F50: =+CUC!G1483 -> 0 | G50: =+CUC!H1483 -> 0 | H50: =+SUM(J50:U50) -> 0 | I50: =+G50/12*(1+J$3) -> 0 | J50: =+I50 -> 0 | K50: =+J50 -> 0 | L50: =+K50 -> 0 | M50: =+L50 -> 0 | N50: =+M50 -> 0 | O50: =+N50 -> 0 | P50: =+O50 -> 0 | Q50: =+P50 -> 0 | ... U50: =+T50 -> 0 | V50: =+J50*(1+$J$3) -> 0 | W50: =+K50*(1+$J$3) -> 0 | X50: =+L50*(1+$J$3) -> 0 | Y50: =+M50*(1+$J$3) -> 0 | Z50: =+N50*(1+$J$3) -> 0 | AA50: =+O50*(1+$J$3) -> 0 | AB50: =+P50*(1+$J$3) -> 0 | AC50: =+Q50*(1+$J$3) -> 0 | ... AG50: =+U50*(1+$J$3) -> 0 | AH50: =+V50*(1+$K$3) -> 0 | AI50: =+W50*(1+$K$3) -> 0 | AJ50: =+X50*(1+$K$3) -> 0 | AK50: =+Y50*(1+$K$3) -> 0 | AL50: =+Z50*(1+$K$3) -> 0 | AM50: =+AA50*(1+$K$3) -> 0 | AN50: =+AB50*(1+$K$3) -> 0 | AO50: =+AC50*(1+$K$3) -> 0 | ... AS50: =+AG50*(1+$K$3) -> 0 | AT50: =+AH50*(1+$L$3) -> 0 | AU50: =+AI50*(1+$L$3) -> 0 | AV50: =+AJ50*(1+$L$3) -> 0 | AW50: =+AK50*(1+$L$3) -> 0 | AX50: =+AL50*(1+$L$3) -> 0 | AY50: =+AM50*(1+$L$3) -> 0 | AZ50: =+AN50*(1+$L$3) -> 0 | BA50: =+AO50*(1+$L$3) -> 0 | ... BE50: =+AS50*(1+$L$3) -> 0 | BF50: =+AT50*(1+$M$3) -> 0 | BG50: =+AU50*(1+$M$3) -> 0 | BH50: =+AV50*(1+$M$3) -> 0 | BI50: =+AW50*(1+$M$3) -> 0 | BJ50: =+AX50*(1+$M$3) -> 0 | BK50: =+AY50*(1+$M$3) -> 0 | BL50: =+AZ50*(1+$M$3) -> 0 | BM50: =+BA50*(1+$M$3) -> 0 | ... BQ50: =+BE50*(1+$M$3) -> 0
A51: =+CUC!A1485 -> 511001 | B51: =+CUC!B1485 -> HONORARIOS | C51: =+CUC!D1485 -> 42851000 | D51: =+CUC!E1485 -> 47670600 | E51: =+CUC!F1485 -> 34259800 | F51: =+CUC!G1485 -> 59620200 | G51: =+CUC!H1485 -> 58465981 | H51: =+SUM(J51:U51) -> 64897239 | I51: =+G51/12*(1+J$3) -> 5408103.3 | J51: =+I51 -> 5408103.3 | K51: =+J51 -> 5408103.3 | L51: =+K51 -> 5408103.3 | M51: =+L51 -> 5408103.3 | N51: =+M51 -> 5408103.3 | O51: =+N51 -> 5408103.3 | P51: =+O51 -> 5408103.3 | Q51: =+P51 -> 5408103.3 | ... U51: =+T51 -> 5408103.3 | V51: =+J51*(1+$J$3) -> 6002994.6 | W51: =+K51*(1+$J$3) -> 6002994.6 | X51: =+L51*(1+$J$3) -> 6002994.6 | Y51: =+M51*(1+$J$3) -> 6002994.6 | Z51: =+N51*(1+$J$3) -> 6002994.6 | AA51: =+O51*(1+$J$3) -> 6002994.6 | AB51: =+P51*(1+$J$3) -> 6002994.6 | AC51: =+Q51*(1+$J$3) -> 6002994.6 | ... AG51: =+U51*(1+$J$3) -> 6002994.6 | AH51: =+V51*(1+$K$3) -> 6483234.2 | AI51: =+W51*(1+$K$3) -> 6483234.2 | AJ51: =+X51*(1+$K$3) -> 6483234.2 | AK51: =+Y51*(1+$K$3) -> 6483234.2 | AL51: =+Z51*(1+$K$3) -> 6483234.2 | AM51: =+AA51*(1+$K$3) -> 6483234.2 | AN51: =+AB51*(1+$K$3) -> 6483234.2 | AO51: =+AC51*(1+$K$3) -> 6483234.2 | ... AS51: =+AG51*(1+$K$3) -> 6483234.2 | AT51: =+AH51*(1+$L$3) -> 6872228.3 | AU51: =+AI51*(1+$L$3) -> 6872228.3 | AV51: =+AJ51*(1+$L$3) -> 6872228.3 | AW51: =+AK51*(1+$L$3) -> 6872228.3 | AX51: =+AL51*(1+$L$3) -> 6872228.3 | AY51: =+AM51*(1+$L$3) -> 6872228.3 | AZ51: =+AN51*(1+$L$3) -> 6872228.3 | BA51: =+AO51*(1+$L$3) -> 6872228.3 | ... BE51: =+AS51*(1+$L$3) -> 6872228.3 | BF51: =+AT51*(1+$M$3) -> 7147117.4 | BG51: =+AU51*(1+$M$3) -> 7147117.4 | BH51: =+AV51*(1+$M$3) -> 7147117.4 | BI51: =+AW51*(1+$M$3) -> 7147117.4 | BJ51: =+AX51*(1+$M$3) -> 7147117.4 | BK51: =+AY51*(1+$M$3) -> 7147117.4 | BL51: =+AZ51*(1+$M$3) -> 7147117.4 | BM51: =+BA51*(1+$M$3) -> 7147117.4 | ... BQ51: =+BE51*(1+$M$3) -> 7147117.4
A52: =+CUC!A1487 -> 511003 | B52: =+CUC!B1487 -> ARRENDAMIENTOS | C52: =+CUC!D1487 -> 8903416 | D52: =+CUC!E1487 -> 14402276 | E52: =+CUC!F1487 -> 12772424 | F52: =+CUC!G1487 -> 7907792 | G52: =+CUC!H1487 -> 8296885.3 | H52: =+SUM(J52:U52) -> 9209542.7 | I52: =+G52/12*(1+J$3) -> 767461.89 | J52: =+I52 -> 767461.89 | K52: =+J52 -> 767461.89 | L52: =+K52 -> 767461.89 | M52: =+L52 -> 767461.89 | N52: =+M52 -> 767461.89 | O52: =+N52 -> 767461.89 | P52: =+O52 -> 767461.89 | Q52: =+P52 -> 767461.89 | ... U52: =+T52 -> 767461.89 | V52: =+J52*(1+$J$3) -> 851882.7 | W52: =+K52*(1+$J$3) -> 851882.7 | X52: =+L52*(1+$J$3) -> 851882.7 | Y52: =+M52*(1+$J$3) -> 851882.7 | Z52: =+N52*(1+$J$3) -> 851882.7 | AA52: =+O52*(1+$J$3) -> 851882.7 | AB52: =+P52*(1+$J$3) -> 851882.7 | AC52: =+Q52*(1+$J$3) -> 851882.7 | ... AG52: =+U52*(1+$J$3) -> 851882.7 | AH52: =+V52*(1+$K$3) -> 920033.32 | AI52: =+W52*(1+$K$3) -> 920033.32 | AJ52: =+X52*(1+$K$3) -> 920033.32 | AK52: =+Y52*(1+$K$3) -> 920033.32 | AL52: =+Z52*(1+$K$3) -> 920033.32 | AM52: =+AA52*(1+$K$3) -> 920033.32 | AN52: =+AB52*(1+$K$3) -> 920033.32 | AO52: =+AC52*(1+$K$3) -> 920033.32 | ... AS52: =+AG52*(1+$K$3) -> 920033.32 | AT52: =+AH52*(1+$L$3) -> 975235.32 | AU52: =+AI52*(1+$L$3) -> 975235.32 | AV52: =+AJ52*(1+$L$3) -> 975235.32 | AW52: =+AK52*(1+$L$3) -> 975235.32 | AX52: =+AL52*(1+$L$3) -> 975235.32 | AY52: =+AM52*(1+$L$3) -> 975235.32 | AZ52: =+AN52*(1+$L$3) -> 975235.32 | BA52: =+AO52*(1+$L$3) -> 975235.32 | ... BE52: =+AS52*(1+$L$3) -> 975235.32 | BF52: =+AT52*(1+$M$3) -> 1014244.7 | BG52: =+AU52*(1+$M$3) -> 1014244.7 | BH52: =+AV52*(1+$M$3) -> 1014244.7 | BI52: =+AW52*(1+$M$3) -> 1014244.7 | BJ52: =+AX52*(1+$M$3) -> 1014244.7 | BK52: =+AY52*(1+$M$3) -> 1014244.7 | BL52: =+AZ52*(1+$M$3) -> 1014244.7 | BM52: =+BA52*(1+$M$3) -> 1014244.7 | ... BQ52: =+BE52*(1+$M$3) -> 1014244.7
A53: =+CUC!A1489 -> 511005 | B53: =+CUC!B1489 -> SEGUROS | C53: =+CUC!D1489 -> 0 | D53: =+CUC!E1489 -> 0 | E53: =+CUC!F1489 -> 0 | F53: =+CUC!G1489 -> 216959 | G53: =+CUC!H1489 -> 2603508 | H53: =+SUM(J53:U53) -> 2889893.9 | I53: =+G53/12*(1+J$3) -> 240824.49 | J53: =+I53 -> 240824.49 | K53: =+J53 -> 240824.49 | L53: =+K53 -> 240824.49 | M53: =+L53 -> 240824.49 | N53: =+M53 -> 240824.49 | O53: =+N53 -> 240824.49 | P53: =+O53 -> 240824.49 | Q53: =+P53 -> 240824.49 | ... U53: =+T53 -> 240824.49 | V53: =+J53*(1+$J$3) -> 267315.18 | W53: =+K53*(1+$J$3) -> 267315.18 | X53: =+L53*(1+$J$3) -> 267315.18 | Y53: =+M53*(1+$J$3) -> 267315.18 | Z53: =+N53*(1+$J$3) -> 267315.18 | AA53: =+O53*(1+$J$3) -> 267315.18 | AB53: =+P53*(1+$J$3) -> 267315.18 | AC53: =+Q53*(1+$J$3) -> 267315.18 | ... AG53: =+U53*(1+$J$3) -> 267315.18 | AH53: =+V53*(1+$K$3) -> 288700.4 | AI53: =+W53*(1+$K$3) -> 288700.4 | AJ53: =+X53*(1+$K$3) -> 288700.4 | AK53: =+Y53*(1+$K$3) -> 288700.4 | AL53: =+Z53*(1+$K$3) -> 288700.4 | AM53: =+AA53*(1+$K$3) -> 288700.4 | AN53: =+AB53*(1+$K$3) -> 288700.4 | AO53: =+AC53*(1+$K$3) -> 288700.4 | ... AS53: =+AG53*(1+$K$3) -> 288700.4 | AT53: =+AH53*(1+$L$3) -> 306022.42 | AU53: =+AI53*(1+$L$3) -> 306022.42 | AV53: =+AJ53*(1+$L$3) -> 306022.42 | AW53: =+AK53*(1+$L$3) -> 306022.42 | AX53: =+AL53*(1+$L$3) -> 306022.42 | AY53: =+AM53*(1+$L$3) -> 306022.42 | AZ53: =+AN53*(1+$L$3) -> 306022.42 | BA53: =+AO53*(1+$L$3) -> 306022.42 | ... BE53: =+AS53*(1+$L$3) -> 306022.42 | BF53: =+AT53*(1+$M$3) -> 318263.32 | BG53: =+AU53*(1+$M$3) -> 318263.32 | BH53: =+AV53*(1+$M$3) -> 318263.32 | BI53: =+AW53*(1+$M$3) -> 318263.32 | BJ53: =+AX53*(1+$M$3) -> 318263.32 | BK53: =+AY53*(1+$M$3) -> 318263.32 | BL53: =+AZ53*(1+$M$3) -> 318263.32 | BM53: =+BA53*(1+$M$3) -> 318263.32 | ... BQ53: =+BE53*(1+$M$3) -> 318263.32
A54: =+CUC!A1490 -> 511006 | B54: =+CUC!B1490 -> MANTENIMIENTO Y REPARACIONES | C54: =+CUC!D1490 -> 781815 | D54: =+CUC!E1490 -> 133000 | E54: =+CUC!F1490 -> 0 | F54: =+CUC!G1490 -> 0 | G54: =+CUC!H1490 -> 860000 | H54: =+SUM(J54:U54) -> 954600 | I54: =+G54/12*(1+J$3) -> 79550 | J54: =+I54 -> 79550 | K54: =+J54 -> 79550 | L54: =+K54 -> 79550 | M54: =+L54 -> 79550 | N54: =+M54 -> 79550 | O54: =+N54 -> 79550 | P54: =+O54 -> 79550 | Q54: =+P54 -> 79550 | ... U54: =+T54 -> 79550 | V54: =+J54*(1+$J$3) -> 88300.5 | W54: =+K54*(1+$J$3) -> 88300.5 | X54: =+L54*(1+$J$3) -> 88300.5 | Y54: =+M54*(1+$J$3) -> 88300.5 | Z54: =+N54*(1+$J$3) -> 88300.5 | AA54: =+O54*(1+$J$3) -> 88300.5 | AB54: =+P54*(1+$J$3) -> 88300.5 | AC54: =+Q54*(1+$J$3) -> 88300.5 | ... AG54: =+U54*(1+$J$3) -> 88300.5 | AH54: =+V54*(1+$K$3) -> 95364.54 | AI54: =+W54*(1+$K$3) -> 95364.54 | AJ54: =+X54*(1+$K$3) -> 95364.54 | AK54: =+Y54*(1+$K$3) -> 95364.54 | AL54: =+Z54*(1+$K$3) -> 95364.54 | AM54: =+AA54*(1+$K$3) -> 95364.54 | AN54: =+AB54*(1+$K$3) -> 95364.54 | AO54: =+AC54*(1+$K$3) -> 95364.54 | ... AS54: =+AG54*(1+$K$3) -> 95364.54 | AT54: =+AH54*(1+$L$3) -> 101086.41 | AU54: =+AI54*(1+$L$3) -> 101086.41 | AV54: =+AJ54*(1+$L$3) -> 101086.41 | AW54: =+AK54*(1+$L$3) -> 101086.41 | AX54: =+AL54*(1+$L$3) -> 101086.41 | AY54: =+AM54*(1+$L$3) -> 101086.41 | AZ54: =+AN54*(1+$L$3) -> 101086.41 | BA54: =+AO54*(1+$L$3) -> 101086.41 | ... BE54: =+AS54*(1+$L$3) -> 101086.41 | BF54: =+AT54*(1+$M$3) -> 105129.87 | BG54: =+AU54*(1+$M$3) -> 105129.87 | BH54: =+AV54*(1+$M$3) -> 105129.87 | BI54: =+AW54*(1+$M$3) -> 105129.87 | BJ54: =+AX54*(1+$M$3) -> 105129.87 | BK54: =+AY54*(1+$M$3) -> 105129.87 | BL54: =+AZ54*(1+$M$3) -> 105129.87 | BM54: =+BA54*(1+$M$3) -> 105129.87 | ... BQ54: =+BE54*(1+$M$3) -> 105129.87
A55: =+CUC!A1491 -> 511007 | B55: =+CUC!B1491 -> MEJORAS A BIENES AJENOS | C55: =+CUC!D1491 -> 0 | D55: =+CUC!E1491 -> 0 | E55: =+CUC!F1491 -> 0 | F55: =+CUC!G1491 -> 0 | G55: =+CUC!H1491 -> 0 | H55: =+SUM(J55:U55) -> 0 | I55: =+G55/12*(1+J$3) -> 0 | J55: =+I55 -> 0 | K55: =+J55 -> 0 | L55: =+K55 -> 0 | M55: =+L55 -> 0 | N55: =+M55 -> 0 | O55: =+N55 -> 0 | P55: =+O55 -> 0 | Q55: =+P55 -> 0 | ... U55: =+T55 -> 0 | V55: =+J55*(1+$J$3) -> 0 | W55: =+K55*(1+$J$3) -> 0 | X55: =+L55*(1+$J$3) -> 0 | Y55: =+M55*(1+$J$3) -> 0 | Z55: =+N55*(1+$J$3) -> 0 | AA55: =+O55*(1+$J$3) -> 0 | AB55: =+P55*(1+$J$3) -> 0 | AC55: =+Q55*(1+$J$3) -> 0 | ... AG55: =+U55*(1+$J$3) -> 0 | AH55: =+V55*(1+$K$3) -> 0 | AI55: =+W55*(1+$K$3) -> 0 | AJ55: =+X55*(1+$K$3) -> 0 | AK55: =+Y55*(1+$K$3) -> 0 | AL55: =+Z55*(1+$K$3) -> 0 | AM55: =+AA55*(1+$K$3) -> 0 | AN55: =+AB55*(1+$K$3) -> 0 | AO55: =+AC55*(1+$K$3) -> 0 | ... AS55: =+AG55*(1+$K$3) -> 0 | AT55: =+AH55*(1+$L$3) -> 0 | AU55: =+AI55*(1+$L$3) -> 0 | AV55: =+AJ55*(1+$L$3) -> 0 | AW55: =+AK55*(1+$L$3) -> 0 | AX55: =+AL55*(1+$L$3) -> 0 | AY55: =+AM55*(1+$L$3) -> 0 | AZ55: =+AN55*(1+$L$3) -> 0 | BA55: =+AO55*(1+$L$3) -> 0 | ... BE55: =+AS55*(1+$L$3) -> 0 | BF55: =+AT55*(1+$M$3) -> 0 | BG55: =+AU55*(1+$M$3) -> 0 | BH55: =+AV55*(1+$M$3) -> 0 | BI55: =+AW55*(1+$M$3) -> 0 | BJ55: =+AX55*(1+$M$3) -> 0 | BK55: =+AY55*(1+$M$3) -> 0 | BL55: =+AZ55*(1+$M$3) -> 0 | BM55: =+BA55*(1+$M$3) -> 0 | ... BQ55: =+BE55*(1+$M$3) -> 0
A56: =+CUC!A1492 -> 511008 | B56: =+CUC!B1492 -> CUOTAS DE ADMINISTRACION | C56: =+CUC!D1492 -> 0 | D56: =+CUC!E1492 -> 0 | E56: =+CUC!F1492 -> 0 | F56: =+CUC!G1492 -> 0 | G56: =+CUC!H1492 -> 0 | H56: =+SUM(J56:U56) -> 0 | I56: =+G56/12*(1+J$3) -> 0 | J56: =+I56 -> 0 | K56: =+J56 -> 0 | L56: =+K56 -> 0 | M56: =+L56 -> 0 | N56: =+M56 -> 0 | O56: =+N56 -> 0 | P56: =+O56 -> 0 | Q56: =+P56 -> 0 | ... U56: =+T56 -> 0 | V56: =+J56*(1+$J$3) -> 0 | W56: =+K56*(1+$J$3) -> 0 | X56: =+L56*(1+$J$3) -> 0 | Y56: =+M56*(1+$J$3) -> 0 | Z56: =+N56*(1+$J$3) -> 0 | AA56: =+O56*(1+$J$3) -> 0 | AB56: =+P56*(1+$J$3) -> 0 | AC56: =+Q56*(1+$J$3) -> 0 | ... AG56: =+U56*(1+$J$3) -> 0 | AH56: =+V56*(1+$K$3) -> 0 | AI56: =+W56*(1+$K$3) -> 0 | AJ56: =+X56*(1+$K$3) -> 0 | AK56: =+Y56*(1+$K$3) -> 0 | AL56: =+Z56*(1+$K$3) -> 0 | AM56: =+AA56*(1+$K$3) -> 0 | AN56: =+AB56*(1+$K$3) -> 0 | AO56: =+AC56*(1+$K$3) -> 0 | ... AS56: =+AG56*(1+$K$3) -> 0 | AT56: =+AH56*(1+$L$3) -> 0 | AU56: =+AI56*(1+$L$3) -> 0 | AV56: =+AJ56*(1+$L$3) -> 0 | AW56: =+AK56*(1+$L$3) -> 0 | AX56: =+AL56*(1+$L$3) -> 0 | AY56: =+AM56*(1+$L$3) -> 0 | AZ56: =+AN56*(1+$L$3) -> 0 | BA56: =+AO56*(1+$L$3) -> 0 | ... BE56: =+AS56*(1+$L$3) -> 0 | BF56: =+AT56*(1+$M$3) -> 0 | BG56: =+AU56*(1+$M$3) -> 0 | BH56: =+AV56*(1+$M$3) -> 0 | BI56: =+AW56*(1+$M$3) -> 0 | BJ56: =+AX56*(1+$M$3) -> 0 | BK56: =+AY56*(1+$M$3) -> 0 | BL56: =+AZ56*(1+$M$3) -> 0 | BM56: =+BA56*(1+$M$3) -> 0 | ... BQ56: =+BE56*(1+$M$3) -> 0
A57: =+CUC!A1493 -> 511009 | B57: =+CUC!B1493 -> REPARACIONES LOCATIVAS | C57: =+CUC!D1493 -> 0 | D57: =+CUC!E1493 -> 0 | E57: =+CUC!F1493 -> 0 | F57: =+CUC!G1493 -> 0 | G57: =+CUC!H1493 -> 0 | H57: =+SUM(J57:U57) -> 0 | I57: =+G57/12*(1+J$3) -> 0 | J57: =+I57 -> 0 | K57: =+J57 -> 0 | L57: =+K57 -> 0 | M57: =+L57 -> 0 | N57: =+M57 -> 0 | O57: =+N57 -> 0 | P57: =+O57 -> 0 | Q57: =+P57 -> 0 | ... U57: =+T57 -> 0 | V57: =+J57*(1+$J$3) -> 0 | W57: =+K57*(1+$J$3) -> 0 | X57: =+L57*(1+$J$3) -> 0 | Y57: =+M57*(1+$J$3) -> 0 | Z57: =+N57*(1+$J$3) -> 0 | AA57: =+O57*(1+$J$3) -> 0 | AB57: =+P57*(1+$J$3) -> 0 | AC57: =+Q57*(1+$J$3) -> 0 | ... AG57: =+U57*(1+$J$3) -> 0 | AH57: =+V57*(1+$K$3) -> 0 | AI57: =+W57*(1+$K$3) -> 0 | AJ57: =+X57*(1+$K$3) -> 0 | AK57: =+Y57*(1+$K$3) -> 0 | AL57: =+Z57*(1+$K$3) -> 0 | AM57: =+AA57*(1+$K$3) -> 0 | AN57: =+AB57*(1+$K$3) -> 0 | AO57: =+AC57*(1+$K$3) -> 0 | ... AS57: =+AG57*(1+$K$3) -> 0 | AT57: =+AH57*(1+$L$3) -> 0 | AU57: =+AI57*(1+$L$3) -> 0 | AV57: =+AJ57*(1+$L$3) -> 0 | AW57: =+AK57*(1+$L$3) -> 0 | AX57: =+AL57*(1+$L$3) -> 0 | AY57: =+AM57*(1+$L$3) -> 0 | AZ57: =+AN57*(1+$L$3) -> 0 | BA57: =+AO57*(1+$L$3) -> 0 | ... BE57: =+AS57*(1+$L$3) -> 0 | BF57: =+AT57*(1+$M$3) -> 0 | BG57: =+AU57*(1+$M$3) -> 0 | BH57: =+AV57*(1+$M$3) -> 0 | BI57: =+AW57*(1+$M$3) -> 0 | BJ57: =+AX57*(1+$M$3) -> 0 | BK57: =+AY57*(1+$M$3) -> 0 | BL57: =+AZ57*(1+$M$3) -> 0 | BM57: =+BA57*(1+$M$3) -> 0 | ... BQ57: =+BE57*(1+$M$3) -> 0
A58: =+CUC!A1494 -> 511010 | B58: =+CUC!B1494 -> ASEO Y ELEMENTOS | C58: =+CUC!D1494 -> 14526 | D58: =+CUC!E1494 -> 18655 | E58: =+CUC!F1494 -> 15378 | F58: =+CUC!G1494 -> 40526 | G58: =+CUC!H1494 -> 59048 | H58: =+SUM(J58:U58) -> 65543.28 | I58: =+G58/12*(1+J$3) -> 5461.94 | J58: =+I58 -> 5461.94 | K58: =+J58 -> 5461.94 | L58: =+K58 -> 5461.94 | M58: =+L58 -> 5461.94 | N58: =+M58 -> 5461.94 | O58: =+N58 -> 5461.94 | P58: =+O58 -> 5461.94 | Q58: =+P58 -> 5461.94 | ... U58: =+T58 -> 5461.94 | V58: =+J58*(1+$J$3) -> 6062.7534 | W58: =+K58*(1+$J$3) -> 6062.7534 | X58: =+L58*(1+$J$3) -> 6062.7534 | Y58: =+M58*(1+$J$3) -> 6062.7534 | Z58: =+N58*(1+$J$3) -> 6062.7534 | AA58: =+O58*(1+$J$3) -> 6062.7534 | AB58: =+P58*(1+$J$3) -> 6062.7534 | AC58: =+Q58*(1+$J$3) -> 6062.7534 | ... AG58: =+U58*(1+$J$3) -> 6062.7534 | AH58: =+V58*(1+$K$3) -> 6547.7737 | AI58: =+W58*(1+$K$3) -> 6547.7737 | AJ58: =+X58*(1+$K$3) -> 6547.7737 | AK58: =+Y58*(1+$K$3) -> 6547.7737 | AL58: =+Z58*(1+$K$3) -> 6547.7737 | AM58: =+AA58*(1+$K$3) -> 6547.7737 | AN58: =+AB58*(1+$K$3) -> 6547.7737 | AO58: =+AC58*(1+$K$3) -> 6547.7737 | ... AS58: =+AG58*(1+$K$3) -> 6547.7737 | AT58: =+AH58*(1+$L$3) -> 6940.6401 | AU58: =+AI58*(1+$L$3) -> 6940.6401 | AV58: =+AJ58*(1+$L$3) -> 6940.6401 | AW58: =+AK58*(1+$L$3) -> 6940.6401 | AX58: =+AL58*(1+$L$3) -> 6940.6401 | AY58: =+AM58*(1+$L$3) -> 6940.6401 | AZ58: =+AN58*(1+$L$3) -> 6940.6401 | BA58: =+AO58*(1+$L$3) -> 6940.6401 | ... BE58: =+AS58*(1+$L$3) -> 6940.6401 | BF58: =+AT58*(1+$M$3) -> 7218.2657 | BG58: =+AU58*(1+$M$3) -> 7218.2657 | BH58: =+AV58*(1+$M$3) -> 7218.2657 | BI58: =+AW58*(1+$M$3) -> 7218.2657 | BJ58: =+AX58*(1+$M$3) -> 7218.2657 | BK58: =+AY58*(1+$M$3) -> 7218.2657 | BL58: =+AZ58*(1+$M$3) -> 7218.2657 | BM58: =+BA58*(1+$M$3) -> 7218.2657 | ... BQ58: =+BE58*(1+$M$3) -> 7218.2657
A59: =+CUC!A1495 -> 511011 | B59: =+CUC!B1495 -> CAFETERIA | C59: =+CUC!D1495 -> 5046076 | D59: =+CUC!E1495 -> 2531559 | E59: =+CUC!F1495 -> 589208 | F59: =+CUC!G1495 -> 201468 | G59: =+CUC!H1495 -> 1339693.3 | H59: =+SUM(J59:U59) -> 1487059.6 | I59: =+G59/12*(1+J$3) -> 123921.63 | J59: =+I59 -> 123921.63 | K59: =+J59 -> 123921.63 | L59: =+K59 -> 123921.63 | M59: =+L59 -> 123921.63 | N59: =+M59 -> 123921.63 | O59: =+N59 -> 123921.63 | P59: =+O59 -> 123921.63 | Q59: =+P59 -> 123921.63 | ... U59: =+T59 -> 123921.63 | V59: =+J59*(1+$J$3) -> 137553.01 | W59: =+K59*(1+$J$3) -> 137553.01 | X59: =+L59*(1+$J$3) -> 137553.01 | Y59: =+M59*(1+$J$3) -> 137553.01 | Z59: =+N59*(1+$J$3) -> 137553.01 | AA59: =+O59*(1+$J$3) -> 137553.01 | AB59: =+P59*(1+$J$3) -> 137553.01 | AC59: =+Q59*(1+$J$3) -> 137553.01 | ... AG59: =+U59*(1+$J$3) -> 137553.01 | AH59: =+V59*(1+$K$3) -> 148557.25 | AI59: =+W59*(1+$K$3) -> 148557.25 | AJ59: =+X59*(1+$K$3) -> 148557.25 | AK59: =+Y59*(1+$K$3) -> 148557.25 | AL59: =+Z59*(1+$K$3) -> 148557.25 | AM59: =+AA59*(1+$K$3) -> 148557.25 | AN59: =+AB59*(1+$K$3) -> 148557.25 | AO59: =+AC59*(1+$K$3) -> 148557.25 | ... AS59: =+AG59*(1+$K$3) -> 148557.25 | AT59: =+AH59*(1+$L$3) -> 157470.69 | AU59: =+AI59*(1+$L$3) -> 157470.69 | AV59: =+AJ59*(1+$L$3) -> 157470.69 | AW59: =+AK59*(1+$L$3) -> 157470.69 | AX59: =+AL59*(1+$L$3) -> 157470.69 | AY59: =+AM59*(1+$L$3) -> 157470.69 | AZ59: =+AN59*(1+$L$3) -> 157470.69 | BA59: =+AO59*(1+$L$3) -> 157470.69 | ... BE59: =+AS59*(1+$L$3) -> 157470.69 | BF59: =+AT59*(1+$M$3) -> 163769.52 | BG59: =+AU59*(1+$M$3) -> 163769.52 | BH59: =+AV59*(1+$M$3) -> 163769.52 | BI59: =+AW59*(1+$M$3) -> 163769.52 | BJ59: =+AX59*(1+$M$3) -> 163769.52 | BK59: =+AY59*(1+$M$3) -> 163769.52 | BL59: =+AZ59*(1+$M$3) -> 163769.52 | BM59: =+BA59*(1+$M$3) -> 163769.52 | ... BQ59: =+BE59*(1+$M$3) -> 163769.52
A60: =+CUC!A1496 -> 511012 | B60: =+CUC!B1496 -> SERVICIOS PUBLICOS | C60: =+CUC!D1496 -> 3866206.5 | D60: =+CUC!E1496 -> 3859387.2 | E60: =+CUC!F1496 -> 4578524.4 | F60: =+CUC!G1496 -> 4890015.6 | G60: =+CUC!H1496 -> 5101233.6 | H60: =+SUM(J60:U60) -> 5662369.3 | I60: =+G60/12*(1+J$3) -> 471864.11 | J60: =+I60 -> 471864.11 | K60: =+J60 -> 471864.11 | L60: =+K60 -> 471864.11 | M60: =+L60 -> 471864.11 | N60: =+M60 -> 471864.11 | O60: =+N60 -> 471864.11 | P60: =+O60 -> 471864.11 | Q60: =+P60 -> 471864.11 | ... U60: =+T60 -> 471864.11 | V60: =+J60*(1+$J$3) -> 523769.16 | W60: =+K60*(1+$J$3) -> 523769.16 | X60: =+L60*(1+$J$3) -> 523769.16 | Y60: =+M60*(1+$J$3) -> 523769.16 | Z60: =+N60*(1+$J$3) -> 523769.16 | AA60: =+O60*(1+$J$3) -> 523769.16 | AB60: =+P60*(1+$J$3) -> 523769.16 | AC60: =+Q60*(1+$J$3) -> 523769.16 | ... AG60: =+U60*(1+$J$3) -> 523769.16 | AH60: =+V60*(1+$K$3) -> 565670.69 | AI60: =+W60*(1+$K$3) -> 565670.69 | AJ60: =+X60*(1+$K$3) -> 565670.69 | AK60: =+Y60*(1+$K$3) -> 565670.69 | AL60: =+Z60*(1+$K$3) -> 565670.69 | AM60: =+AA60*(1+$K$3) -> 565670.69 | AN60: =+AB60*(1+$K$3) -> 565670.69 | AO60: =+AC60*(1+$K$3) -> 565670.69 | ... AS60: =+AG60*(1+$K$3) -> 565670.69 | AT60: =+AH60*(1+$L$3) -> 599610.94 | AU60: =+AI60*(1+$L$3) -> 599610.94 | AV60: =+AJ60*(1+$L$3) -> 599610.94 | AW60: =+AK60*(1+$L$3) -> 599610.94 | AX60: =+AL60*(1+$L$3) -> 599610.94 | AY60: =+AM60*(1+$L$3) -> 599610.94 | AZ60: =+AN60*(1+$L$3) -> 599610.94 | BA60: =+AO60*(1+$L$3) -> 599610.94 | ... BE60: =+AS60*(1+$L$3) -> 599610.94 | BF60: =+AT60*(1+$M$3) -> 623595.37 | BG60: =+AU60*(1+$M$3) -> 623595.37 | BH60: =+AV60*(1+$M$3) -> 623595.37 | BI60: =+AW60*(1+$M$3) -> 623595.37 | BJ60: =+AX60*(1+$M$3) -> 623595.37 | BK60: =+AY60*(1+$M$3) -> 623595.37 | BL60: =+AZ60*(1+$M$3) -> 623595.37 | BM60: =+BA60*(1+$M$3) -> 623595.37 | ... BQ60: =+BE60*(1+$M$3) -> 623595.37
A61: =+CUC!A1497 -> 511013 | B61: =+CUC!B1497 -> CORREO | C61: =+CUC!D1497 -> 1798300 | D61: =+CUC!E1497 -> 2349700 | E61: =+CUC!F1497 -> 11176650 | F61: =+CUC!G1497 -> 7154700 | G61: =+CUC!H1497 -> 4916333.3 | H61: =+SUM(J61:U61) -> 5457130 | I61: =+G61/12*(1+J$3) -> 454760.83 | J61: =+I61 -> 454760.83 | K61: =+J61 -> 454760.83 | L61: =+K61 -> 454760.83 | M61: =+L61 -> 454760.83 | N61: =+M61 -> 454760.83 | O61: =+N61 -> 454760.83 | P61: =+O61 -> 454760.83 | Q61: =+P61 -> 454760.83 | ... U61: =+T61 -> 454760.83 | V61: =+J61*(1+$J$3) -> 504784.53 | W61: =+K61*(1+$J$3) -> 504784.53 | X61: =+L61*(1+$J$3) -> 504784.53 | Y61: =+M61*(1+$J$3) -> 504784.53 | Z61: =+N61*(1+$J$3) -> 504784.53 | AA61: =+O61*(1+$J$3) -> 504784.53 | AB61: =+P61*(1+$J$3) -> 504784.53 | AC61: =+Q61*(1+$J$3) -> 504784.53 | ... AG61: =+U61*(1+$J$3) -> 504784.53 | AH61: =+V61*(1+$K$3) -> 545167.29 | AI61: =+W61*(1+$K$3) -> 545167.29 | AJ61: =+X61*(1+$K$3) -> 545167.29 | AK61: =+Y61*(1+$K$3) -> 545167.29 | AL61: =+Z61*(1+$K$3) -> 545167.29 | AM61: =+AA61*(1+$K$3) -> 545167.29 | AN61: =+AB61*(1+$K$3) -> 545167.29 | AO61: =+AC61*(1+$K$3) -> 545167.29 | ... AS61: =+AG61*(1+$K$3) -> 545167.29 | AT61: =+AH61*(1+$L$3) -> 577877.32 | AU61: =+AI61*(1+$L$3) -> 577877.32 | AV61: =+AJ61*(1+$L$3) -> 577877.32 | AW61: =+AK61*(1+$L$3) -> 577877.32 | AX61: =+AL61*(1+$L$3) -> 577877.32 | AY61: =+AM61*(1+$L$3) -> 577877.32 | AZ61: =+AN61*(1+$L$3) -> 577877.32 | BA61: =+AO61*(1+$L$3) -> 577877.32 | ... BE61: =+AS61*(1+$L$3) -> 577877.32 | BF61: =+AT61*(1+$M$3) -> 600992.42 | BG61: =+AU61*(1+$M$3) -> 600992.42 | BH61: =+AV61*(1+$M$3) -> 600992.42 | BI61: =+AW61*(1+$M$3) -> 600992.42 | BJ61: =+AX61*(1+$M$3) -> 600992.42 | BK61: =+AY61*(1+$M$3) -> 600992.42 | BL61: =+AZ61*(1+$M$3) -> 600992.42 | BM61: =+BA61*(1+$M$3) -> 600992.42 | ... BQ61: =+BE61*(1+$M$3) -> 600992.42
A62: =+CUC!A1498 -> 511014 | B62: =+CUC!B1498 -> TRANSPORTE, FLETES Y ACARREOS | C62: =+CUC!D1498 -> 2752907 | D62: =+CUC!E1498 -> 1589563 | E62: =+CUC!F1498 -> 774700 | F62: =+CUC!G1498 -> 742300 | G62: =+CUC!H1498 -> 323137.33 | H62: =+SUM(J62:U62) -> 358682.44 | I62: =+G62/12*(1+J$3) -> 29890.203 | J62: =+I62 -> 29890.203 | K62: =+J62 -> 29890.203 | L62: =+K62 -> 29890.203 | M62: =+L62 -> 29890.203 | N62: =+M62 -> 29890.203 | O62: =+N62 -> 29890.203 | P62: =+O62 -> 29890.203 | Q62: =+P62 -> 29890.203 | ... U62: =+T62 -> 29890.203 | V62: =+J62*(1+$J$3) -> 33178.126 | W62: =+K62*(1+$J$3) -> 33178.126 | X62: =+L62*(1+$J$3) -> 33178.126 | Y62: =+M62*(1+$J$3) -> 33178.126 | Z62: =+N62*(1+$J$3) -> 33178.126 | AA62: =+O62*(1+$J$3) -> 33178.126 | AB62: =+P62*(1+$J$3) -> 33178.126 | AC62: =+Q62*(1+$J$3) -> 33178.126 | ... AG62: =+U62*(1+$J$3) -> 33178.126 | AH62: =+V62*(1+$K$3) -> 35832.376 | AI62: =+W62*(1+$K$3) -> 35832.376 | AJ62: =+X62*(1+$K$3) -> 35832.376 | AK62: =+Y62*(1+$K$3) -> 35832.376 | AL62: =+Z62*(1+$K$3) -> 35832.376 | AM62: =+AA62*(1+$K$3) -> 35832.376 | AN62: =+AB62*(1+$K$3) -> 35832.376 | AO62: =+AC62*(1+$K$3) -> 35832.376 | ... AS62: =+AG62*(1+$K$3) -> 35832.376 | AT62: =+AH62*(1+$L$3) -> 37982.318 | AU62: =+AI62*(1+$L$3) -> 37982.318 | AV62: =+AJ62*(1+$L$3) -> 37982.318 | AW62: =+AK62*(1+$L$3) -> 37982.318 | AX62: =+AL62*(1+$L$3) -> 37982.318 | AY62: =+AM62*(1+$L$3) -> 37982.318 | AZ62: =+AN62*(1+$L$3) -> 37982.318 | BA62: =+AO62*(1+$L$3) -> 37982.318 | ... BE62: =+AS62*(1+$L$3) -> 37982.318 | BF62: =+AT62*(1+$M$3) -> 39501.611 | BG62: =+AU62*(1+$M$3) -> 39501.611 | BH62: =+AV62*(1+$M$3) -> 39501.611 | BI62: =+AW62*(1+$M$3) -> 39501.611 | BJ62: =+AX62*(1+$M$3) -> 39501.611 | BK62: =+AY62*(1+$M$3) -> 39501.611 | BL62: =+AZ62*(1+$M$3) -> 39501.611 | BM62: =+BA62*(1+$M$3) -> 39501.611 | ... BQ62: =+BE62*(1+$M$3) -> 39501.611
A63: =+CUC!A1499 -> 511015 | B63: =+CUC!B1499 -> PAPELERIA Y UTILES DE OFICINA | C63: =+CUC!D1499 -> 6404283 | D63: =+CUC!E1499 -> 6381258 | E63: =+CUC!F1499 -> 3673577 | F63: =+CUC!G1499 -> 3748082 | G63: =+CUC!H1499 -> 2649933.3 | H63: =+SUM(J63:U63) -> 2941426 | I63: =+G63/12*(1+J$3) -> 245118.83 | J63: =+I63 -> 245118.83 | K63: =+J63 -> 245118.83 | L63: =+K63 -> 245118.83 | M63: =+L63 -> 245118.83 | N63: =+M63 -> 245118.83 | O63: =+N63 -> 245118.83 | P63: =+O63 -> 245118.83 | Q63: =+P63 -> 245118.83 | ... U63: =+T63 -> 245118.83 | V63: =+J63*(1+$J$3) -> 272081.91 | W63: =+K63*(1+$J$3) -> 272081.91 | X63: =+L63*(1+$J$3) -> 272081.91 | Y63: =+M63*(1+$J$3) -> 272081.91 | Z63: =+N63*(1+$J$3) -> 272081.91 | AA63: =+O63*(1+$J$3) -> 272081.91 | AB63: =+P63*(1+$J$3) -> 272081.91 | AC63: =+Q63*(1+$J$3) -> 272081.91 | ... AG63: =+U63*(1+$J$3) -> 272081.91 | AH63: =+V63*(1+$K$3) -> 293848.46 | AI63: =+W63*(1+$K$3) -> 293848.46 | AJ63: =+X63*(1+$K$3) -> 293848.46 | AK63: =+Y63*(1+$K$3) -> 293848.46 | AL63: =+Z63*(1+$K$3) -> 293848.46 | AM63: =+AA63*(1+$K$3) -> 293848.46 | AN63: =+AB63*(1+$K$3) -> 293848.46 | AO63: =+AC63*(1+$K$3) -> 293848.46 | ... AS63: =+AG63*(1+$K$3) -> 293848.46 | AT63: =+AH63*(1+$L$3) -> 311479.36 | AU63: =+AI63*(1+$L$3) -> 311479.36 | AV63: =+AJ63*(1+$L$3) -> 311479.36 | AW63: =+AK63*(1+$L$3) -> 311479.36 | AX63: =+AL63*(1+$L$3) -> 311479.36 | AY63: =+AM63*(1+$L$3) -> 311479.36 | AZ63: =+AN63*(1+$L$3) -> 311479.36 | BA63: =+AO63*(1+$L$3) -> 311479.36 | ... BE63: =+AS63*(1+$L$3) -> 311479.36 | BF63: =+AT63*(1+$M$3) -> 323938.54 | BG63: =+AU63*(1+$M$3) -> 323938.54 | BH63: =+AV63*(1+$M$3) -> 323938.54 | BI63: =+AW63*(1+$M$3) -> 323938.54 | BJ63: =+AX63*(1+$M$3) -> 323938.54 | BK63: =+AY63*(1+$M$3) -> 323938.54 | BL63: =+AZ63*(1+$M$3) -> 323938.54 | BM63: =+BA63*(1+$M$3) -> 323938.54 | ... BQ63: =+BE63*(1+$M$3) -> 323938.54
A64: =+CUC!A1500 -> 511016 | B64: =+CUC!B1500 -> FOTOCOPIAS | C64: =+CUC!D1500 -> 2304417 | D64: =+CUC!E1500 -> 2291239 | E64: =+CUC!F1500 -> 627566 | F64: =+CUC!G1500 -> 473491 | G64: =+CUC!H1500 -> 554492 | H64: =+SUM(J64:U64) -> 615486.12 | I64: =+G64/12*(1+J$3) -> 51290.51 | J64: =+I64 -> 51290.51 | K64: =+J64 -> 51290.51 | L64: =+K64 -> 51290.51 | M64: =+L64 -> 51290.51 | N64: =+M64 -> 51290.51 | O64: =+N64 -> 51290.51 | P64: =+O64 -> 51290.51 | Q64: =+P64 -> 51290.51 | ... U64: =+T64 -> 51290.51 | V64: =+J64*(1+$J$3) -> 56932.466 | W64: =+K64*(1+$J$3) -> 56932.466 | X64: =+L64*(1+$J$3) -> 56932.466 | Y64: =+M64*(1+$J$3) -> 56932.466 | Z64: =+N64*(1+$J$3) -> 56932.466 | AA64: =+O64*(1+$J$3) -> 56932.466 | AB64: =+P64*(1+$J$3) -> 56932.466 | AC64: =+Q64*(1+$J$3) -> 56932.466 | ... AG64: =+U64*(1+$J$3) -> 56932.466 | AH64: =+V64*(1+$K$3) -> 61487.063 | AI64: =+W64*(1+$K$3) -> 61487.063 | AJ64: =+X64*(1+$K$3) -> 61487.063 | AK64: =+Y64*(1+$K$3) -> 61487.063 | AL64: =+Z64*(1+$K$3) -> 61487.063 | AM64: =+AA64*(1+$K$3) -> 61487.063 | AN64: =+AB64*(1+$K$3) -> 61487.063 | AO64: =+AC64*(1+$K$3) -> 61487.063 | ... AS64: =+AG64*(1+$K$3) -> 61487.063 | AT64: =+AH64*(1+$L$3) -> 65176.287 | AU64: =+AI64*(1+$L$3) -> 65176.287 | AV64: =+AJ64*(1+$L$3) -> 65176.287 | AW64: =+AK64*(1+$L$3) -> 65176.287 | AX64: =+AL64*(1+$L$3) -> 65176.287 | AY64: =+AM64*(1+$L$3) -> 65176.287 | AZ64: =+AN64*(1+$L$3) -> 65176.287 | BA64: =+AO64*(1+$L$3) -> 65176.287 | ... BE64: =+AS64*(1+$L$3) -> 65176.287 | BF64: =+AT64*(1+$M$3) -> 67783.339 | BG64: =+AU64*(1+$M$3) -> 67783.339 | BH64: =+AV64*(1+$M$3) -> 67783.339 | BI64: =+AW64*(1+$M$3) -> 67783.339 | BJ64: =+AX64*(1+$M$3) -> 67783.339 | BK64: =+AY64*(1+$M$3) -> 67783.339 | BL64: =+AZ64*(1+$M$3) -> 67783.339 | BM64: =+BA64*(1+$M$3) -> 67783.339 | ... BQ64: =+BE64*(1+$M$3) -> 67783.339
... A67: =+CUC!A1503 -> 511019 | B67: =+CUC!B1503 -> CONTRIBUCIONES Y AFILIACIONES | C67: =+CUC!D1503 -> 3520200 | D67: =+CUC!E1503 -> 3697428 | E67: =+CUC!F1503 -> 3778386 | F67: =+CUC!G1503 -> 4240786 | G67: =+CUC!H1503 -> 6091488 | H67: =+SUM(J67:U67) -> 6761551.7 | I67: =+G67/12*(1+J$3) -> 563462.64 | J67: =+I67 -> 563462.64 | K67: =+J67 -> 563462.64 | L67: =+K67 -> 563462.64 | M67: =+L67 -> 563462.64 | N67: =+M67 -> 563462.64 | O67: =+N67 -> 563462.64 | P67: =+O67 -> 563462.64 | Q67: =+P67 -> 563462.64 | ... U67: =+T67 -> 563462.64 | V67: =+J67*(1+$J$3) -> 625443.53 | W67: =+K67*(1+$J$3) -> 625443.53 | X67: =+L67*(1+$J$3) -> 625443.53 | Y67: =+M67*(1+$J$3) -> 625443.53 | Z67: =+N67*(1+$J$3) -> 625443.53 | AA67: =+O67*(1+$J$3) -> 625443.53 | AB67: =+P67*(1+$J$3) -> 625443.53 | AC67: =+Q67*(1+$J$3) -> 625443.53 | ... AG67: =+U67*(1+$J$3) -> 625443.53 | AH67: =+V67*(1+$K$3) -> 675479.01 | AI67: =+W67*(1+$K$3) -> 675479.01 | AJ67: =+X67*(1+$K$3) -> 675479.01 | AK67: =+Y67*(1+$K$3) -> 675479.01 | AL67: =+Z67*(1+$K$3) -> 675479.01 | AM67: =+AA67*(1+$K$3) -> 675479.01 | AN67: =+AB67*(1+$K$3) -> 675479.01 | AO67: =+AC67*(1+$K$3) -> 675479.01 | ... AS67: =+AG67*(1+$K$3) -> 675479.01 | AT67: =+AH67*(1+$L$3) -> 716007.75 | AU67: =+AI67*(1+$L$3) -> 716007.75 | AV67: =+AJ67*(1+$L$3) -> 716007.75 | AW67: =+AK67*(1+$L$3) -> 716007.75 | AX67: =+AL67*(1+$L$3) -> 716007.75 | AY67: =+AM67*(1+$L$3) -> 716007.75 | AZ67: =+AN67*(1+$L$3) -> 716007.75 | BA67: =+AO67*(1+$L$3) -> 716007.75 | ... BE67: =+AS67*(1+$L$3) -> 716007.75 | BF67: =+AT67*(1+$M$3) -> 744648.06 | BG67: =+AU67*(1+$M$3) -> 744648.06 | BH67: =+AV67*(1+$M$3) -> 744648.06 | BI67: =+AW67*(1+$M$3) -> 744648.06 | BJ67: =+AX67*(1+$M$3) -> 744648.06 | BK67: =+AY67*(1+$M$3) -> 744648.06 | BL67: =+AZ67*(1+$M$3) -> 744648.06 | BM67: =+BA67*(1+$M$3) -> 744648.06 | ... BQ67: =+BE67*(1+$M$3) -> 744648.06
A68: =+CUC!A1504 -> 511020 | B68: =+CUC!B1504 -> GASTOS DE ASAMBLEA | C68: =+CUC!D1504 -> 19430067 | D68: =+CUC!E1504 -> 20593378 | E68: =+CUC!F1504 -> 30034386 | F68: =+CUC!G1504 -> 15100050 | G68: =+CUC!H1504 -> 21912389 | H68: =+SUM(J68:U68) -> 20634480 | I68: =+G68/12*(1+J$3) -> 2026896 | J68: 1500000 | K68: =+J68 -> 1500000 | L68: =+K68 -> 1500000 | M68: =+L68 -> 1500000 | N68: =+M68 -> 1500000 | O68: =+N68 -> 1500000 | P68: =+O68 -> 1500000 | Q68: =+I68 -> 2026896 | R68: =+Q68 -> 2026896 | S68: =+R68 -> 2026896 | T68: =+S68 -> 2026896 | U68: =+T68 -> 2026896 | V68: =+U68 -> 2026896 | W68: =+V68 -> 2026896 | X68: =+W68 -> 2026896 | Y68: =+X68 -> 2026896 | ... AB68: =+AA68 -> 2026896 | AC68: =+Q68*(1+$J$3) -> 2249854.6 | AD68: =+R68*(1+$J$3) -> 2249854.6 | AE68: =+S68*(1+$J$3) -> 2249854.6 | AF68: =+T68*(1+$J$3) -> 2249854.6 | AG68: =+U68*(1+$J$3) -> 2249854.6 | AH68: =+V68*(1+$K$3) -> 2189047.7 | AI68: =+W68*(1+$K$3) -> 2189047.7 | AJ68: =+X68*(1+$K$3) -> 2189047.7 | AK68: =+Y68*(1+$K$3) -> 2189047.7 | AL68: =+Z68*(1+$K$3) -> 2189047.7 | AM68: =+AA68*(1+$K$3) -> 2189047.7 | AN68: =+AB68*(1+$K$3) -> 2189047.7 | AO68: =+AC68*(1+$K$3) -> 2429842.9 | ... AS68: =+AG68*(1+$K$3) -> 2429842.9 | AT68: =+AH68*(1+$L$3) -> 2320390.6 | AU68: =+AI68*(1+$L$3) -> 2320390.6 | AV68: =+AJ68*(1+$L$3) -> 2320390.6 | AW68: =+AK68*(1+$L$3) -> 2320390.6 | AX68: =+AL68*(1+$L$3) -> 2320390.6 | AY68: =+AM68*(1+$L$3) -> 2320390.6 | AZ68: =+AN68*(1+$L$3) -> 2320390.6 | BA68: =+AO68*(1+$L$3) -> 2575633.5 | ... BE68: =+AS68*(1+$L$3) -> 2575633.5 | BF68: =+AT68*(1+$M$3) -> 2413206.2 | BG68: =+AU68*(1+$M$3) -> 2413206.2 | BH68: =+AV68*(1+$M$3) -> 2413206.2 | BI68: =+AW68*(1+$M$3) -> 2413206.2 | BJ68: =+AX68*(1+$M$3) -> 2413206.2 | BK68: =+AY68*(1+$M$3) -> 2413206.2 | BL68: =+AZ68*(1+$M$3) -> 2413206.2 | BM68: =+BA68*(1+$M$3) -> 2678658.9 | ... BQ68: =+BE68*(1+$M$3) -> 2678658.9
A69: =+CUC!A1505 -> 511021 | B69: =+CUC!B1505 -> GASTOS DE DIRECTIVOS | C69: =+CUC!D1505 -> 5599508 | D69: =+CUC!E1505 -> 6683420 | E69: =+CUC!F1505 -> 2248885 | F69: =+CUC!G1505 -> 2599124 | G69: =+CUC!H1505 -> 0 | H69: =+SUM(J69:U69) -> 0 | I69: =+G69/12*(1+J$3) -> 0 | J69: =+I69 -> 0 | K69: =+J69 -> 0 | L69: =+K69 -> 0 | M69: =+L69 -> 0 | N69: =+M69 -> 0 | O69: =+N69 -> 0 | P69: =+O69 -> 0 | Q69: =+P69 -> 0 | ... U69: =+T69 -> 0 | V69: =+J69*(1+$J$3) -> 0 | W69: =+K69*(1+$J$3) -> 0 | X69: =+L69*(1+$J$3) -> 0 | Y69: =+M69*(1+$J$3) -> 0 | Z69: =+N69*(1+$J$3) -> 0 | AA69: =+O69*(1+$J$3) -> 0 | AB69: =+P69*(1+$J$3) -> 0 | AC69: =+Q69*(1+$J$3) -> 0 | ... AG69: =+U69*(1+$J$3) -> 0 | AH69: =+V69*(1+$K$3) -> 0 | AI69: =+W69*(1+$K$3) -> 0 | AJ69: =+X69*(1+$K$3) -> 0 | AK69: =+Y69*(1+$K$3) -> 0 | AL69: =+Z69*(1+$K$3) -> 0 | AM69: =+AA69*(1+$K$3) -> 0 | AN69: =+AB69*(1+$K$3) -> 0 | AO69: =+AC69*(1+$K$3) -> 0 | ... AS69: =+AG69*(1+$K$3) -> 0 | AT69: =+AH69*(1+$L$3) -> 0 | AU69: =+AI69*(1+$L$3) -> 0 | AV69: =+AJ69*(1+$L$3) -> 0 | AW69: =+AK69*(1+$L$3) -> 0 | AX69: =+AL69*(1+$L$3) -> 0 | AY69: =+AM69*(1+$L$3) -> 0 | AZ69: =+AN69*(1+$L$3) -> 0 | BA69: =+AO69*(1+$L$3) -> 0 | ... BE69: =+AS69*(1+$L$3) -> 0 | BF69: =+AT69*(1+$M$3) -> 0 | BG69: =+AU69*(1+$M$3) -> 0 | BH69: =+AV69*(1+$M$3) -> 0 | BI69: =+AW69*(1+$M$3) -> 0 | BJ69: =+AX69*(1+$M$3) -> 0 | BK69: =+AY69*(1+$M$3) -> 0 | BL69: =+AZ69*(1+$M$3) -> 0 | BM69: =+BA69*(1+$M$3) -> 0 | ... BQ69: =+BE69*(1+$M$3) -> 0
A70: =+CUC!A1506 -> 511022 | B70: =+CUC!B1506 -> GASTOS DE COMITES | C70: =+CUC!D1506 -> 2266295 | D70: =+CUC!E1506 -> 2887841 | E70: =+CUC!F1506 -> 955502 | F70: =+CUC!G1506 -> 684830 | G70: =+CUC!H1506 -> 670321.33 | H70: =+SUM(J70:U70) -> 744056.68 | I70: =+G70/12*(1+J$3) -> 62004.723 | J70: 0 | K70: =+J70 -> 0 | L70: =+K70 -> 0 | M70: =+L70 -> 0 | N70: =+M70 -> 0 | O70: =+N70 -> 0 | P70: =+O70 -> 0 | Q70: =+P70 -> 0 | R70: =+Q70 -> 0 | S70: =+I70*12 -> 744056.68 | T70: 0 | U70: =+T70 -> 0 | V70: =+J70*(1+$J$3) -> 0 | W70: =+K70*(1+$J$3) -> 0 | X70: =+L70*(1+$J$3) -> 0 | Y70: =+M70*(1+$J$3) -> 0 | Z70: =+N70*(1+$J$3) -> 0 | AA70: =+O70*(1+$J$3) -> 0 | AB70: =+P70*(1+$J$3) -> 0 | AC70: =+Q70*(1+$J$3) -> 0 | ... AG70: =+U70*(1+$J$3) -> 0 | AH70: =+V70*(1+$K$3) -> 0 | AI70: =+W70*(1+$K$3) -> 0 | AJ70: =+X70*(1+$K$3) -> 0 | AK70: =+Y70*(1+$K$3) -> 0 | AL70: =+Z70*(1+$K$3) -> 0 | AM70: =+AA70*(1+$K$3) -> 0 | AN70: =+AB70*(1+$K$3) -> 0 | AO70: =+AC70*(1+$K$3) -> 0 | ... AS70: =+AG70*(1+$K$3) -> 0 | AT70: =+AH70*(1+$L$3) -> 0 | AU70: =+AI70*(1+$L$3) -> 0 | AV70: =+AJ70*(1+$L$3) -> 0 | AW70: =+AK70*(1+$L$3) -> 0 | AX70: =+AL70*(1+$L$3) -> 0 | AY70: =+AM70*(1+$L$3) -> 0 | AZ70: =+AN70*(1+$L$3) -> 0 | BA70: =+AO70*(1+$L$3) -> 0 | ... BE70: =+AS70*(1+$L$3) -> 0 | BF70: =+AT70*(1+$M$3) -> 0 | BG70: =+AU70*(1+$M$3) -> 0 | BH70: =+AV70*(1+$M$3) -> 0 | BI70: =+AW70*(1+$M$3) -> 0 | BJ70: =+AX70*(1+$M$3) -> 0 | BK70: =+AY70*(1+$M$3) -> 0 | BL70: =+AZ70*(1+$M$3) -> 0 | BM70: =+BA70*(1+$M$3) -> 0 | ... BQ70: =+BE70*(1+$M$3) -> 0
A71: =+CUC!A1507 -> 511023 | B71: =+CUC!B1507 -> REUNIONES Y CONFERENCIAS | C71: =+CUC!D1507 -> 0 | D71: =+CUC!E1507 -> 0 | E71: =+CUC!F1507 -> 0 | F71: =+CUC!G1507 -> 0 | G71: =+CUC!H1507 -> 0 | H71: =+SUM(J71:U71) -> 0 | I71: =+G71/12*(1+J$3) -> 0 | J71: =+I71 -> 0 | K71: =+J71 -> 0 | L71: =+K71 -> 0 | M71: =+L71 -> 0 | N71: =+M71 -> 0 | O71: =+N71 -> 0 | P71: =+O71 -> 0 | Q71: =+P71 -> 0 | ... U71: =+T71 -> 0 | V71: =+J71*(1+$J$3) -> 0 | W71: =+K71*(1+$J$3) -> 0 | X71: =+L71*(1+$J$3) -> 0 | Y71: =+M71*(1+$J$3) -> 0 | Z71: =+N71*(1+$J$3) -> 0 | AA71: =+O71*(1+$J$3) -> 0 | AB71: =+P71*(1+$J$3) -> 0 | AC71: =+Q71*(1+$J$3) -> 0 | ... AG71: =+U71*(1+$J$3) -> 0 | AH71: =+V71*(1+$K$3) -> 0 | AI71: =+W71*(1+$K$3) -> 0 | AJ71: =+X71*(1+$K$3) -> 0 | AK71: =+Y71*(1+$K$3) -> 0 | AL71: =+Z71*(1+$K$3) -> 0 | AM71: =+AA71*(1+$K$3) -> 0 | AN71: =+AB71*(1+$K$3) -> 0 | AO71: =+AC71*(1+$K$3) -> 0 | ... AS71: =+AG71*(1+$K$3) -> 0 | AT71: =+AH71*(1+$L$3) -> 0 | AU71: =+AI71*(1+$L$3) -> 0 | AV71: =+AJ71*(1+$L$3) -> 0 | AW71: =+AK71*(1+$L$3) -> 0 | AX71: =+AL71*(1+$L$3) -> 0 | AY71: =+AM71*(1+$L$3) -> 0 | AZ71: =+AN71*(1+$L$3) -> 0 | BA71: =+AO71*(1+$L$3) -> 0 | ... BE71: =+AS71*(1+$L$3) -> 0 | BF71: =+AT71*(1+$M$3) -> 0 | BG71: =+AU71*(1+$M$3) -> 0 | BH71: =+AV71*(1+$M$3) -> 0 | BI71: =+AW71*(1+$M$3) -> 0 | BJ71: =+AX71*(1+$M$3) -> 0 | BK71: =+AY71*(1+$M$3) -> 0 | BL71: =+AZ71*(1+$M$3) -> 0 | BM71: =+BA71*(1+$M$3) -> 0 | ... BQ71: =+BE71*(1+$M$3) -> 0
A72: =+CUC!A1508 -> 511024 | B72: =+CUC!B1508 -> GASTOS LEGALES | C72: =+CUC!D1508 -> 2074550 | D72: =+CUC!E1508 -> 2453200 | E72: =+CUC!F1508 -> 2244150 | F72: =+CUC!G1508 -> 2190500 | G72: =+CUC!H1508 -> 3212866.7 | H72: =+SUM(J72:U72) -> 3566282 | I72: =+G72/12*(1+J$3) -> 297190.17 | J72: =+I72 -> 297190.17 | K72: =+J72 -> 297190.17 | L72: =+K72 -> 297190.17 | M72: =+L72 -> 297190.17 | N72: =+M72 -> 297190.17 | O72: =+N72 -> 297190.17 | P72: =+O72 -> 297190.17 | Q72: =+P72 -> 297190.17 | ... U72: =+T72 -> 297190.17 | V72: =+J72*(1+$J$3) -> 329881.09 | W72: =+K72*(1+$J$3) -> 329881.09 | X72: =+L72*(1+$J$3) -> 329881.09 | Y72: =+M72*(1+$J$3) -> 329881.09 | Z72: =+N72*(1+$J$3) -> 329881.09 | AA72: =+O72*(1+$J$3) -> 329881.09 | AB72: =+P72*(1+$J$3) -> 329881.09 | AC72: =+Q72*(1+$J$3) -> 329881.09 | ... AG72: =+U72*(1+$J$3) -> 329881.09 | AH72: =+V72*(1+$K$3) -> 356271.57 | AI72: =+W72*(1+$K$3) -> 356271.57 | AJ72: =+X72*(1+$K$3) -> 356271.57 | AK72: =+Y72*(1+$K$3) -> 356271.57 | AL72: =+Z72*(1+$K$3) -> 356271.57 | AM72: =+AA72*(1+$K$3) -> 356271.57 | AN72: =+AB72*(1+$K$3) -> 356271.57 | AO72: =+AC72*(1+$K$3) -> 356271.57 | ... AS72: =+AG72*(1+$K$3) -> 356271.57 | AT72: =+AH72*(1+$L$3) -> 377647.87 | AU72: =+AI72*(1+$L$3) -> 377647.87 | AV72: =+AJ72*(1+$L$3) -> 377647.87 | AW72: =+AK72*(1+$L$3) -> 377647.87 | AX72: =+AL72*(1+$L$3) -> 377647.87 | AY72: =+AM72*(1+$L$3) -> 377647.87 | AZ72: =+AN72*(1+$L$3) -> 377647.87 | BA72: =+AO72*(1+$L$3) -> 377647.87 | ... BE72: =+AS72*(1+$L$3) -> 377647.87 | BF72: =+AT72*(1+$M$3) -> 392753.78 | BG72: =+AU72*(1+$M$3) -> 392753.78 | BH72: =+AV72*(1+$M$3) -> 392753.78 | BI72: =+AW72*(1+$M$3) -> 392753.78 | BJ72: =+AX72*(1+$M$3) -> 392753.78 | BK72: =+AY72*(1+$M$3) -> 392753.78 | BL72: =+AZ72*(1+$M$3) -> 392753.78 | BM72: =+BA72*(1+$M$3) -> 392753.78 | ... BQ72: =+BE72*(1+$M$3) -> 392753.78
A73: =+CUC!A1509 -> 511025 | B73: =+CUC!B1509 -> INFORMACION COMERCIAL | C73: =+CUC!D1509 -> 0 | D73: =+CUC!E1509 -> 0 | E73: =+CUC!F1509 -> 0 | F73: =+CUC!G1509 -> 0 | G73: =+CUC!H1509 -> 0 | H73: =+SUM(J73:U73) -> 0 | I73: =+G73/12*(1+J$3) -> 0 | J73: =+I73 -> 0 | K73: =+J73 -> 0 | L73: =+K73 -> 0 | M73: =+L73 -> 0 | N73: =+M73 -> 0 | O73: =+N73 -> 0 | P73: =+O73 -> 0 | Q73: =+P73 -> 0 | ... U73: =+T73 -> 0 | V73: =+J73*(1+$J$3) -> 0 | W73: =+K73*(1+$J$3) -> 0 | X73: =+L73*(1+$J$3) -> 0 | Y73: =+M73*(1+$J$3) -> 0 | Z73: =+N73*(1+$J$3) -> 0 | AA73: =+O73*(1+$J$3) -> 0 | AB73: =+P73*(1+$J$3) -> 0 | AC73: =+Q73*(1+$J$3) -> 0 | ... AG73: =+U73*(1+$J$3) -> 0 | AH73: =+V73*(1+$K$3) -> 0 | AI73: =+W73*(1+$K$3) -> 0 | AJ73: =+X73*(1+$K$3) -> 0 | AK73: =+Y73*(1+$K$3) -> 0 | AL73: =+Z73*(1+$K$3) -> 0 | AM73: =+AA73*(1+$K$3) -> 0 | AN73: =+AB73*(1+$K$3) -> 0 | AO73: =+AC73*(1+$K$3) -> 0 | ... AS73: =+AG73*(1+$K$3) -> 0 | AT73: =+AH73*(1+$L$3) -> 0 | AU73: =+AI73*(1+$L$3) -> 0 | AV73: =+AJ73*(1+$L$3) -> 0 | AW73: =+AK73*(1+$L$3) -> 0 | AX73: =+AL73*(1+$L$3) -> 0 | AY73: =+AM73*(1+$L$3) -> 0 | AZ73: =+AN73*(1+$L$3) -> 0 | BA73: =+AO73*(1+$L$3) -> 0 | ... BE73: =+AS73*(1+$L$3) -> 0 | BF73: =+AT73*(1+$M$3) -> 0 | BG73: =+AU73*(1+$M$3) -> 0 | BH73: =+AV73*(1+$M$3) -> 0 | BI73: =+AW73*(1+$M$3) -> 0 | BJ73: =+AX73*(1+$M$3) -> 0 | BK73: =+AY73*(1+$M$3) -> 0 | BL73: =+AZ73*(1+$M$3) -> 0 | BM73: =+BA73*(1+$M$3) -> 0 | ... BQ73: =+BE73*(1+$M$3) -> 0
A74: =+CUC!A1510 -> 511026 | B74: =+CUC!B1510 -> GASTOS DE REPRESENTACION | C74: =+CUC!D1510 -> 0 | D74: =+CUC!E1510 -> 0 | E74: =+CUC!F1510 -> 0 | F74: =+CUC!G1510 -> 0 | G74: =+CUC!H1510 -> 0 | H74: =+SUM(J74:U74) -> 3000000 | I74: =+G74/12*(1+J$3) -> 0 | J74: 500000 | K74: =+J74 -> 500000 | L74: =+K74 -> 500000 | M74: =+L74 -> 500000 | N74: =+M74 -> 500000 | O74: =+N74 -> 500000 | P74: =+I74 -> 0 | Q74: =+P74 -> 0 | R74: =+Q74 -> 0 | S74: =+R74 -> 0 | T74: =+S74 -> 0 | U74: =+T74 -> 0 | V74: =+U74 -> 0 | W74: =+V74 -> 0 | X74: =+W74 -> 0 | ... AA74: =+Z74 -> 0 | AB74: =+P74*(1+$J$3) -> 0 | AC74: =+Q74*(1+$J$3) -> 0 | AD74: =+R74*(1+$J$3) -> 0 | AE74: =+S74*(1+$J$3) -> 0 | AF74: =+T74*(1+$J$3) -> 0 | AG74: =+U74*(1+$J$3) -> 0 | AH74: =+V74*(1+$K$3) -> 0 | AI74: =+W74*(1+$K$3) -> 0 | AJ74: =+X74*(1+$K$3) -> 0 | AK74: =+Y74*(1+$K$3) -> 0 | AL74: =+Z74*(1+$K$3) -> 0 | AM74: =+AA74*(1+$K$3) -> 0 | AN74: =+AB74*(1+$K$3) -> 0 | AO74: =+AC74*(1+$K$3) -> 0 | ... AS74: =+AG74*(1+$K$3) -> 0 | AT74: =+AH74*(1+$L$3) -> 0 | AU74: =+AI74*(1+$L$3) -> 0 | AV74: =+AJ74*(1+$L$3) -> 0 | AW74: =+AK74*(1+$L$3) -> 0 | AX74: =+AL74*(1+$L$3) -> 0 | AY74: =+AM74*(1+$L$3) -> 0 | AZ74: =+AN74*(1+$L$3) -> 0 | BA74: =+AO74*(1+$L$3) -> 0 | ... BE74: =+AS74*(1+$L$3) -> 0 | BF74: =+AT74*(1+$M$3) -> 0 | BG74: =+AU74*(1+$M$3) -> 0 | BH74: =+AV74*(1+$M$3) -> 0 | BI74: =+AW74*(1+$M$3) -> 0 | BJ74: =+AX74*(1+$M$3) -> 0 | BK74: =+AY74*(1+$M$3) -> 0 | BL74: =+AZ74*(1+$M$3) -> 0 | BM74: =+BA74*(1+$M$3) -> 0 | ... BQ74: =+BE74*(1+$M$3) -> 0
A75: =+CUC!A1511 -> 511027 | B75: =+CUC!B1511 -> GASTOS DE VIAJES | C75: =+CUC!D1511 -> 137311 | D75: =+CUC!E1511 -> 119328 | E75: =+CUC!F1511 -> 0 | F75: =+CUC!G1511 -> 0 | G75: =+CUC!H1511 -> 0 | H75: =+SUM(J75:U75) -> 0 | I75: =+G75/12*(1+J$3) -> 0 | J75: =+I75 -> 0 | K75: =+J75 -> 0 | L75: =+K75 -> 0 | M75: =+L75 -> 0 | N75: =+M75 -> 0 | O75: =+N75 -> 0 | P75: =+O75 -> 0 | Q75: =+P75 -> 0 | ... U75: =+T75 -> 0 | V75: =+J75*(1+$J$3) -> 0 | W75: =+K75*(1+$J$3) -> 0 | X75: =+L75*(1+$J$3) -> 0 | Y75: =+M75*(1+$J$3) -> 0 | Z75: =+N75*(1+$J$3) -> 0 | AA75: =+O75*(1+$J$3) -> 0 | AB75: =+P75*(1+$J$3) -> 0 | AC75: =+Q75*(1+$J$3) -> 0 | ... AG75: =+U75*(1+$J$3) -> 0 | AH75: =+V75*(1+$K$3) -> 0 | AI75: =+W75*(1+$K$3) -> 0 | AJ75: =+X75*(1+$K$3) -> 0 | AK75: =+Y75*(1+$K$3) -> 0 | AL75: =+Z75*(1+$K$3) -> 0 | AM75: =+AA75*(1+$K$3) -> 0 | AN75: =+AB75*(1+$K$3) -> 0 | AO75: =+AC75*(1+$K$3) -> 0 | ... AS75: =+AG75*(1+$K$3) -> 0 | AT75: =+AH75*(1+$L$3) -> 0 | AU75: =+AI75*(1+$L$3) -> 0 | AV75: =+AJ75*(1+$L$3) -> 0 | AW75: =+AK75*(1+$L$3) -> 0 | AX75: =+AL75*(1+$L$3) -> 0 | AY75: =+AM75*(1+$L$3) -> 0 | AZ75: =+AN75*(1+$L$3) -> 0 | BA75: =+AO75*(1+$L$3) -> 0 | ... BE75: =+AS75*(1+$L$3) -> 0 | BF75: =+AT75*(1+$M$3) -> 0 | BG75: =+AU75*(1+$M$3) -> 0 | BH75: =+AV75*(1+$M$3) -> 0 | BI75: =+AW75*(1+$M$3) -> 0 | BJ75: =+AX75*(1+$M$3) -> 0 | BK75: =+AY75*(1+$M$3) -> 0 | BL75: =+AZ75*(1+$M$3) -> 0 | BM75: =+BA75*(1+$M$3) -> 0 | ... BQ75: =+BE75*(1+$M$3) -> 0
A76: =+CUC!A1512 -> 511028 | B76: =+CUC!B1512 -> SERVICIOS TEMPORALES | C76: =+CUC!D1512 -> 0 | D76: =+CUC!E1512 -> 0 | E76: =+CUC!F1512 -> 0 | F76: =+CUC!G1512 -> 0 | G76: =+CUC!H1512 -> 0 | H76: =+SUM(J76:U76) -> 0 | I76: =+G76/12*(1+J$3) -> 0 | J76: =+I76 -> 0 | K76: =+J76 -> 0 | L76: =+K76 -> 0 | M76: =+L76 -> 0 | N76: =+M76 -> 0 | O76: =+N76 -> 0 | P76: =+O76 -> 0 | Q76: =+P76 -> 0 | ... U76: =+T76 -> 0 | V76: =+J76*(1+$J$3) -> 0 | W76: =+K76*(1+$J$3) -> 0 | X76: =+L76*(1+$J$3) -> 0 | Y76: =+M76*(1+$J$3) -> 0 | Z76: =+N76*(1+$J$3) -> 0 | AA76: =+O76*(1+$J$3) -> 0 | AB76: =+P76*(1+$J$3) -> 0 | AC76: =+Q76*(1+$J$3) -> 0 | ... AG76: =+U76*(1+$J$3) -> 0 | AH76: =+V76*(1+$K$3) -> 0 | AI76: =+W76*(1+$K$3) -> 0 | AJ76: =+X76*(1+$K$3) -> 0 | AK76: =+Y76*(1+$K$3) -> 0 | AL76: =+Z76*(1+$K$3) -> 0 | AM76: =+AA76*(1+$K$3) -> 0 | AN76: =+AB76*(1+$K$3) -> 0 | AO76: =+AC76*(1+$K$3) -> 0 | ... AS76: =+AG76*(1+$K$3) -> 0 | AT76: =+AH76*(1+$L$3) -> 0 | AU76: =+AI76*(1+$L$3) -> 0 | AV76: =+AJ76*(1+$L$3) -> 0 | AW76: =+AK76*(1+$L$3) -> 0 | AX76: =+AL76*(1+$L$3) -> 0 | AY76: =+AM76*(1+$L$3) -> 0 | AZ76: =+AN76*(1+$L$3) -> 0 | BA76: =+AO76*(1+$L$3) -> 0 | ... BE76: =+AS76*(1+$L$3) -> 0 | BF76: =+AT76*(1+$M$3) -> 0 | BG76: =+AU76*(1+$M$3) -> 0 | BH76: =+AV76*(1+$M$3) -> 0 | BI76: =+AW76*(1+$M$3) -> 0 | BJ76: =+AX76*(1+$M$3) -> 0 | BK76: =+AY76*(1+$M$3) -> 0 | BL76: =+AZ76*(1+$M$3) -> 0 | BM76: =+BA76*(1+$M$3) -> 0 | ... BQ76: =+BE76*(1+$M$3) -> 0
A77: =+CUC!A1513 -> 511029 | B77: =+CUC!B1513 -> VIGILANCIA PRIVADA | C77: =+CUC!D1513 -> 0 | D77: =+CUC!E1513 -> 0 | E77: =+CUC!F1513 -> 0 | F77: =+CUC!G1513 -> 0 | G77: =+CUC!H1513 -> 0 | H77: =+SUM(J77:U77) -> 0 | I77: =+G77/12*(1+J$3) -> 0 | J77: =+I77 -> 0 | K77: =+J77 -> 0 | L77: =+K77 -> 0 | M77: =+L77 -> 0 | N77: =+M77 -> 0 | O77: =+N77 -> 0 | P77: =+O77 -> 0 | Q77: =+P77 -> 0 | ... U77: =+T77 -> 0 | V77: =+J77*(1+$J$3) -> 0 | W77: =+K77*(1+$J$3) -> 0 | X77: =+L77*(1+$J$3) -> 0 | Y77: =+M77*(1+$J$3) -> 0 | Z77: =+N77*(1+$J$3) -> 0 | AA77: =+O77*(1+$J$3) -> 0 | AB77: =+P77*(1+$J$3) -> 0 | AC77: =+Q77*(1+$J$3) -> 0 | ... AG77: =+U77*(1+$J$3) -> 0 | AH77: =+V77*(1+$K$3) -> 0 | AI77: =+W77*(1+$K$3) -> 0 | AJ77: =+X77*(1+$K$3) -> 0 | AK77: =+Y77*(1+$K$3) -> 0 | AL77: =+Z77*(1+$K$3) -> 0 | AM77: =+AA77*(1+$K$3) -> 0 | AN77: =+AB77*(1+$K$3) -> 0 | AO77: =+AC77*(1+$K$3) -> 0 | ... AS77: =+AG77*(1+$K$3) -> 0 | AT77: =+AH77*(1+$L$3) -> 0 | AU77: =+AI77*(1+$L$3) -> 0 | AV77: =+AJ77*(1+$L$3) -> 0 | AW77: =+AK77*(1+$L$3) -> 0 | AX77: =+AL77*(1+$L$3) -> 0 | AY77: =+AM77*(1+$L$3) -> 0 | AZ77: =+AN77*(1+$L$3) -> 0 | BA77: =+AO77*(1+$L$3) -> 0 | ... BE77: =+AS77*(1+$L$3) -> 0 | BF77: =+AT77*(1+$M$3) -> 0 | BG77: =+AU77*(1+$M$3) -> 0 | BH77: =+AV77*(1+$M$3) -> 0 | BI77: =+AW77*(1+$M$3) -> 0 | BJ77: =+AX77*(1+$M$3) -> 0 | BK77: =+AY77*(1+$M$3) -> 0 | BL77: =+AZ77*(1+$M$3) -> 0 | BM77: =+BA77*(1+$M$3) -> 0 | ... BQ77: =+BE77*(1+$M$3) -> 0
A78: =+CUC!A1514 -> 511030 | B78: =+CUC!B1514 -> SISTEMATIZACION | C78: =+CUC!D1514 -> 25901136 | D78: =+CUC!E1514 -> 11817996 | E78: =+CUC!F1514 -> 17260864 | F78: =+CUC!G1514 -> 25107593 | G78: =+CUC!H1514 -> 22399424 | H78: =+SUM(J78:U78) -> 24863361 | I78: =+G78/12*(1+J$3) -> 2071946.7 | J78: =+I78 -> 2071946.7 | K78: =+J78 -> 2071946.7 | L78: =+K78 -> 2071946.7 | M78: =+L78 -> 2071946.7 | N78: =+M78 -> 2071946.7 | O78: =+N78 -> 2071946.7 | P78: =+O78 -> 2071946.7 | Q78: =+P78 -> 2071946.7 | ... U78: =+T78 -> 2071946.7 | V78: =+J78*(1+$J$3) -> 2299860.9 | W78: =+K78*(1+$J$3) -> 2299860.9 | X78: =+L78*(1+$J$3) -> 2299860.9 | Y78: =+M78*(1+$J$3) -> 2299860.9 | Z78: =+N78*(1+$J$3) -> 2299860.9 | AA78: =+O78*(1+$J$3) -> 2299860.9 | AB78: =+P78*(1+$J$3) -> 2299860.9 | AC78: =+Q78*(1+$J$3) -> 2299860.9 | ... AG78: =+U78*(1+$J$3) -> 2299860.9 | AH78: =+V78*(1+$K$3) -> 2483849.7 | AI78: =+W78*(1+$K$3) -> 2483849.7 | AJ78: =+X78*(1+$K$3) -> 2483849.7 | AK78: =+Y78*(1+$K$3) -> 2483849.7 | AL78: =+Z78*(1+$K$3) -> 2483849.7 | AM78: =+AA78*(1+$K$3) -> 2483849.7 | AN78: =+AB78*(1+$K$3) -> 2483849.7 | AO78: =+AC78*(1+$K$3) -> 2483849.7 | ... AS78: =+AG78*(1+$K$3) -> 2483849.7 | AT78: =+AH78*(1+$L$3) -> 2632880.7 | AU78: =+AI78*(1+$L$3) -> 2632880.7 | AV78: =+AJ78*(1+$L$3) -> 2632880.7 | AW78: =+AK78*(1+$L$3) -> 2632880.7 | AX78: =+AL78*(1+$L$3) -> 2632880.7 | AY78: =+AM78*(1+$L$3) -> 2632880.7 | AZ78: =+AN78*(1+$L$3) -> 2632880.7 | BA78: =+AO78*(1+$L$3) -> 2632880.7 | ... BE78: =+AS78*(1+$L$3) -> 2632880.7 | BF78: =+AT78*(1+$M$3) -> 2738195.9 | BG78: =+AU78*(1+$M$3) -> 2738195.9 | BH78: =+AV78*(1+$M$3) -> 2738195.9 | BI78: =+AW78*(1+$M$3) -> 2738195.9 | BJ78: =+AX78*(1+$M$3) -> 2738195.9 | BK78: =+AY78*(1+$M$3) -> 2738195.9 | BL78: =+AZ78*(1+$M$3) -> 2738195.9 | BM78: =+BA78*(1+$M$3) -> 2738195.9 | ... BQ78: =+BE78*(1+$M$3) -> 2738195.9
A79: =+CUC!A1515 -> 511031 | B79: =+CUC!B1515 -> CUOTAS DE SOSTENIMIENTO | C79: =+CUC!D1515 -> 5766608 | D79: =+CUC!E1515 -> 5161870 | E79: =+CUC!F1515 -> 5402703 | F79: =+CUC!G1515 -> 5753231 | G79: =+CUC!H1515 -> 8169245.3 | H79: =+SUM(J79:U79) -> 9067862.3 | I79: =+G79/12*(1+J$3) -> 755655.19 | J79: =+I79 -> 755655.19 | K79: =+J79 -> 755655.19 | L79: =+K79 -> 755655.19 | M79: =+L79 -> 755655.19 | N79: =+M79 -> 755655.19 | O79: =+N79 -> 755655.19 | P79: =+O79 -> 755655.19 | Q79: =+P79 -> 755655.19 | ... U79: =+T79 -> 755655.19 | V79: =+J79*(1+$J$3) -> 838777.26 | W79: =+K79*(1+$J$3) -> 838777.26 | X79: =+L79*(1+$J$3) -> 838777.26 | Y79: =+M79*(1+$J$3) -> 838777.26 | Z79: =+N79*(1+$J$3) -> 838777.26 | AA79: =+O79*(1+$J$3) -> 838777.26 | AB79: =+P79*(1+$J$3) -> 838777.26 | AC79: =+Q79*(1+$J$3) -> 838777.26 | ... AG79: =+U79*(1+$J$3) -> 838777.26 | AH79: =+V79*(1+$K$3) -> 905879.45 | AI79: =+W79*(1+$K$3) -> 905879.45 | AJ79: =+X79*(1+$K$3) -> 905879.45 | AK79: =+Y79*(1+$K$3) -> 905879.45 | AL79: =+Z79*(1+$K$3) -> 905879.45 | AM79: =+AA79*(1+$K$3) -> 905879.45 | AN79: =+AB79*(1+$K$3) -> 905879.45 | AO79: =+AC79*(1+$K$3) -> 905879.45 | ... AS79: =+AG79*(1+$K$3) -> 905879.45 | AT79: =+AH79*(1+$L$3) -> 960232.21 | AU79: =+AI79*(1+$L$3) -> 960232.21 | AV79: =+AJ79*(1+$L$3) -> 960232.21 | AW79: =+AK79*(1+$L$3) -> 960232.21 | AX79: =+AL79*(1+$L$3) -> 960232.21 | AY79: =+AM79*(1+$L$3) -> 960232.21 | AZ79: =+AN79*(1+$L$3) -> 960232.21 | BA79: =+AO79*(1+$L$3) -> 960232.21 | ... BE79: =+AS79*(1+$L$3) -> 960232.21 | BF79: =+AT79*(1+$M$3) -> 998641.5 | BG79: =+AU79*(1+$M$3) -> 998641.5 | BH79: =+AV79*(1+$M$3) -> 998641.5 | BI79: =+AW79*(1+$M$3) -> 998641.5 | BJ79: =+AX79*(1+$M$3) -> 998641.5 | BK79: =+AY79*(1+$M$3) -> 998641.5 | BL79: =+AZ79*(1+$M$3) -> 998641.5 | BM79: =+BA79*(1+$M$3) -> 998641.5 | ... BQ79: =+BE79*(1+$M$3) -> 998641.5
A80: =+CUC!A1486 -> 511002 | B80: =+CUC!B1486 -> IMPUESTOS | C80: =+CUC!D1486 -> 65178366 | D80: =+CUC!E1486 -> 55204915 | E80: =+CUC!F1486 -> 50813893 | F80: =+CUC!G1486 -> 42819795 | G80: =+CUC!H1486 -> 51841095 | H80: =+SUM(J80:U80) -> 57543615 | I80: =+G80/12*(1+J$3) -> 4795301.3 | J80: =+I80 -> 4795301.3 | K80: =+J80 -> 4795301.3 | L80: =+K80 -> 4795301.3 | M80: =+L80 -> 4795301.3 | N80: =+M80 -> 4795301.3 | O80: =+N80 -> 4795301.3 | P80: =+O80 -> 4795301.3 | Q80: =+P80 -> 4795301.3 | ... U80: =+T80 -> 4795301.3 | V80: =+J80*(1+$J$3) -> 5322784.4 | W80: =+K80*(1+$J$3) -> 5322784.4 | X80: =+L80*(1+$J$3) -> 5322784.4 | Y80: =+M80*(1+$J$3) -> 5322784.4 | Z80: =+N80*(1+$J$3) -> 5322784.4 | AA80: =+O80*(1+$J$3) -> 5322784.4 | AB80: =+P80*(1+$J$3) -> 5322784.4 | AC80: =+Q80*(1+$J$3) -> 5322784.4 | ... AG80: =+U80*(1+$J$3) -> 5322784.4 | AH80: =+V80*(1+$K$3) -> 5748607.2 | AI80: =+W80*(1+$K$3) -> 5748607.2 | AJ80: =+X80*(1+$K$3) -> 5748607.2 | AK80: =+Y80*(1+$K$3) -> 5748607.2 | AL80: =+Z80*(1+$K$3) -> 5748607.2 | AM80: =+AA80*(1+$K$3) -> 5748607.2 | AN80: =+AB80*(1+$K$3) -> 5748607.2 | AO80: =+AC80*(1+$K$3) -> 5748607.2 | ... AS80: =+AG80*(1+$K$3) -> 5748607.2 | AT80: =+AH80*(1+$L$3) -> 6093523.6 | AU80: =+AI80*(1+$L$3) -> 6093523.6 | AV80: =+AJ80*(1+$L$3) -> 6093523.6 | AW80: =+AK80*(1+$L$3) -> 6093523.6 | AX80: =+AL80*(1+$L$3) -> 6093523.6 | AY80: =+AM80*(1+$L$3) -> 6093523.6 | AZ80: =+AN80*(1+$L$3) -> 6093523.6 | BA80: =+AO80*(1+$L$3) -> 6093523.6 | ... BE80: =+AS80*(1+$L$3) -> 6093523.6 | BF80: =+AT80*(1+$M$3) -> 6337264.5 | BG80: =+AU80*(1+$M$3) -> 6337264.5 | BH80: =+AV80*(1+$M$3) -> 6337264.5 | BI80: =+AW80*(1+$M$3) -> 6337264.5 | BJ80: =+AX80*(1+$M$3) -> 6337264.5 | BK80: =+AY80*(1+$M$3) -> 6337264.5 | BL80: =+AZ80*(1+$M$3) -> 6337264.5 | BM80: =+BA80*(1+$M$3) -> 6337264.5 | ... BQ80: =+BE80*(1+$M$3) -> 6337264.5
A81: =+CUC!A1516 -> 511032 | B81: =+CUC!B1516 -> SUSCRIPCIONES Y PUBLICACIONES | C81: =+CUC!D1516 -> 0 | D81: =+CUC!E1516 -> 1136530 | E81: =+CUC!F1516 -> 1202449 | F81: =+CUC!G1516 -> 1245857 | G81: =+CUC!H1516 -> 1754498.7 | H81: =+SUM(J81:U81) -> 1947493.5 | I81: =+G81/12*(1+J$3) -> 162291.13 | J81: =+I81 -> 162291.13 | K81: =+J81 -> 162291.13 | L81: =+K81 -> 162291.13 | M81: =+L81 -> 162291.13 | N81: =+M81 -> 162291.13 | O81: =+N81 -> 162291.13 | P81: =+O81 -> 162291.13 | Q81: =+P81 -> 162291.13 | ... U81: =+T81 -> 162291.13 | V81: =+J81*(1+$J$3) -> 180143.15 | W81: =+K81*(1+$J$3) -> 180143.15 | X81: =+L81*(1+$J$3) -> 180143.15 | Y81: =+M81*(1+$J$3) -> 180143.15 | Z81: =+N81*(1+$J$3) -> 180143.15 | AA81: =+O81*(1+$J$3) -> 180143.15 | AB81: =+P81*(1+$J$3) -> 180143.15 | AC81: =+Q81*(1+$J$3) -> 180143.15 | ... AG81: =+U81*(1+$J$3) -> 180143.15 | AH81: =+V81*(1+$K$3) -> 194554.6 | AI81: =+W81*(1+$K$3) -> 194554.6 | AJ81: =+X81*(1+$K$3) -> 194554.6 | AK81: =+Y81*(1+$K$3) -> 194554.6 | AL81: =+Z81*(1+$K$3) -> 194554.6 | AM81: =+AA81*(1+$K$3) -> 194554.6 | AN81: =+AB81*(1+$K$3) -> 194554.6 | AO81: =+AC81*(1+$K$3) -> 194554.6 | ... AS81: =+AG81*(1+$K$3) -> 194554.6 | AT81: =+AH81*(1+$L$3) -> 206227.88 | AU81: =+AI81*(1+$L$3) -> 206227.88 | AV81: =+AJ81*(1+$L$3) -> 206227.88 | AW81: =+AK81*(1+$L$3) -> 206227.88 | AX81: =+AL81*(1+$L$3) -> 206227.88 | AY81: =+AM81*(1+$L$3) -> 206227.88 | AZ81: =+AN81*(1+$L$3) -> 206227.88 | BA81: =+AO81*(1+$L$3) -> 206227.88 | ... BE81: =+AS81*(1+$L$3) -> 206227.88 | BF81: =+AT81*(1+$M$3) -> 214476.99 | BG81: =+AU81*(1+$M$3) -> 214476.99 | BH81: =+AV81*(1+$M$3) -> 214476.99 | BI81: =+AW81*(1+$M$3) -> 214476.99 | BJ81: =+AX81*(1+$M$3) -> 214476.99 | BK81: =+AY81*(1+$M$3) -> 214476.99 | BL81: =+AZ81*(1+$M$3) -> 214476.99 | BM81: =+BA81*(1+$M$3) -> 214476.99 | ... BQ81: =+BE81*(1+$M$3) -> 214476.99
A82: =+CUC!A1517 -> 511033 | B82: =+CUC!B1517 -> ADECUACION E INSTALACION | C82: =+CUC!D1517 -> 0 | D82: =+CUC!E1517 -> 0 | E82: =+CUC!F1517 -> 0 | F82: =+CUC!G1517 -> 0 | G82: =+CUC!H1517 -> 0 | H82: =+SUM(J82:U82) -> 0 | I82: =+G82/12*(1+J$3) -> 0 | J82: =+I82 -> 0 | K82: =+J82 -> 0 | L82: =+K82 -> 0 | M82: =+L82 -> 0 | N82: =+M82 -> 0 | O82: =+N82 -> 0 | P82: =+O82 -> 0 | Q82: =+P82 -> 0 | ... U82: =+T82 -> 0 | V82: =+J82*(1+$J$3) -> 0 | W82: =+K82*(1+$J$3) -> 0 | X82: =+L82*(1+$J$3) -> 0 | Y82: =+M82*(1+$J$3) -> 0 | Z82: =+N82*(1+$J$3) -> 0 | AA82: =+O82*(1+$J$3) -> 0 | AB82: =+P82*(1+$J$3) -> 0 | AC82: =+Q82*(1+$J$3) -> 0 | ... AG82: =+U82*(1+$J$3) -> 0 | AH82: =+V82*(1+$K$3) -> 0 | AI82: =+W82*(1+$K$3) -> 0 | AJ82: =+X82*(1+$K$3) -> 0 | AK82: =+Y82*(1+$K$3) -> 0 | AL82: =+Z82*(1+$K$3) -> 0 | AM82: =+AA82*(1+$K$3) -> 0 | AN82: =+AB82*(1+$K$3) -> 0 | AO82: =+AC82*(1+$K$3) -> 0 | ... AS82: =+AG82*(1+$K$3) -> 0 | AT82: =+AH82*(1+$L$3) -> 0 | AU82: =+AI82*(1+$L$3) -> 0 | AV82: =+AJ82*(1+$L$3) -> 0 | AW82: =+AK82*(1+$L$3) -> 0 | AX82: =+AL82*(1+$L$3) -> 0 | AY82: =+AM82*(1+$L$3) -> 0 | AZ82: =+AN82*(1+$L$3) -> 0 | BA82: =+AO82*(1+$L$3) -> 0 | ... BE82: =+AS82*(1+$L$3) -> 0 | BF82: =+AT82*(1+$M$3) -> 0 | BG82: =+AU82*(1+$M$3) -> 0 | BH82: =+AV82*(1+$M$3) -> 0 | BI82: =+AW82*(1+$M$3) -> 0 | BJ82: =+AX82*(1+$M$3) -> 0 | BK82: =+AY82*(1+$M$3) -> 0 | BL82: =+AZ82*(1+$M$3) -> 0 | BM82: =+BA82*(1+$M$3) -> 0 | ... BQ82: =+BE82*(1+$M$3) -> 0
A83: =+CUC!A1518 -> 511034 | B83: =+CUC!B1518 -> ASISTENCIA TECNICA | C83: =+CUC!D1518 -> 0 | D83: =+CUC!E1518 -> 0 | E83: =+CUC!F1518 -> 0 | F83: =+CUC!G1518 -> 0 | G83: =+CUC!H1518 -> 0 | H83: =+SUM(J83:U83) -> 0 | I83: =+G83/12*(1+J$3) -> 0 | J83: =+I83 -> 0 | K83: =+J83 -> 0 | L83: =+K83 -> 0 | M83: =+L83 -> 0 | N83: =+M83 -> 0 | O83: =+N83 -> 0 | P83: =+O83 -> 0 | Q83: =+P83 -> 0 | ... U83: =+T83 -> 0 | V83: =+J83*(1+$J$3) -> 0 | W83: =+K83*(1+$J$3) -> 0 | X83: =+L83*(1+$J$3) -> 0 | Y83: =+M83*(1+$J$3) -> 0 | Z83: =+N83*(1+$J$3) -> 0 | AA83: =+O83*(1+$J$3) -> 0 | AB83: =+P83*(1+$J$3) -> 0 | AC83: =+Q83*(1+$J$3) -> 0 | ... AG83: =+U83*(1+$J$3) -> 0 | AH83: =+V83*(1+$K$3) -> 0 | AI83: =+W83*(1+$K$3) -> 0 | AJ83: =+X83*(1+$K$3) -> 0 | AK83: =+Y83*(1+$K$3) -> 0 | AL83: =+Z83*(1+$K$3) -> 0 | AM83: =+AA83*(1+$K$3) -> 0 | AN83: =+AB83*(1+$K$3) -> 0 | AO83: =+AC83*(1+$K$3) -> 0 | ... AS83: =+AG83*(1+$K$3) -> 0 | AT83: =+AH83*(1+$L$3) -> 0 | AU83: =+AI83*(1+$L$3) -> 0 | AV83: =+AJ83*(1+$L$3) -> 0 | AW83: =+AK83*(1+$L$3) -> 0 | AX83: =+AL83*(1+$L$3) -> 0 | AY83: =+AM83*(1+$L$3) -> 0 | AZ83: =+AN83*(1+$L$3) -> 0 | BA83: =+AO83*(1+$L$3) -> 0 | ... BE83: =+AS83*(1+$L$3) -> 0 | BF83: =+AT83*(1+$M$3) -> 0 | BG83: =+AU83*(1+$M$3) -> 0 | BH83: =+AV83*(1+$M$3) -> 0 | BI83: =+AW83*(1+$M$3) -> 0 | BJ83: =+AX83*(1+$M$3) -> 0 | BK83: =+AY83*(1+$M$3) -> 0 | BL83: =+AZ83*(1+$M$3) -> 0 | BM83: =+BA83*(1+$M$3) -> 0 | ... BQ83: =+BE83*(1+$M$3) -> 0
A84: =+CUC!A1519 -> 511035 | B84: =+CUC!B1519 -> PROCESAMIENTO ELECTRONICO DE DATOS | C84: =+CUC!D1519 -> 0 | D84: =+CUC!E1519 -> 0 | E84: =+CUC!F1519 -> 0 | F84: =+CUC!G1519 -> 0 | G84: =+CUC!H1519 -> 0 | H84: =+SUM(J84:U84) -> 0 | I84: =+G84/12*(1+J$3) -> 0 | J84: =+I84 -> 0 | K84: =+J84 -> 0 | L84: =+K84 -> 0 | M84: =+L84 -> 0 | N84: =+M84 -> 0 | O84: =+N84 -> 0 | P84: =+O84 -> 0 | Q84: =+P84 -> 0 | ... U84: =+T84 -> 0 | V84: =+J84*(1+$J$3) -> 0 | W84: =+K84*(1+$J$3) -> 0 | X84: =+L84*(1+$J$3) -> 0 | Y84: =+M84*(1+$J$3) -> 0 | Z84: =+N84*(1+$J$3) -> 0 | AA84: =+O84*(1+$J$3) -> 0 | AB84: =+P84*(1+$J$3) -> 0 | AC84: =+Q84*(1+$J$3) -> 0 | ... AG84: =+U84*(1+$J$3) -> 0 | AH84: =+V84*(1+$K$3) -> 0 | AI84: =+W84*(1+$K$3) -> 0 | AJ84: =+X84*(1+$K$3) -> 0 | AK84: =+Y84*(1+$K$3) -> 0 | AL84: =+Z84*(1+$K$3) -> 0 | AM84: =+AA84*(1+$K$3) -> 0 | AN84: =+AB84*(1+$K$3) -> 0 | AO84: =+AC84*(1+$K$3) -> 0 | ... AS84: =+AG84*(1+$K$3) -> 0 | AT84: =+AH84*(1+$L$3) -> 0 | AU84: =+AI84*(1+$L$3) -> 0 | AV84: =+AJ84*(1+$L$3) -> 0 | AW84: =+AK84*(1+$L$3) -> 0 | AX84: =+AL84*(1+$L$3) -> 0 | AY84: =+AM84*(1+$L$3) -> 0 | AZ84: =+AN84*(1+$L$3) -> 0 | BA84: =+AO84*(1+$L$3) -> 0 | ... BE84: =+AS84*(1+$L$3) -> 0 | BF84: =+AT84*(1+$M$3) -> 0 | BG84: =+AU84*(1+$M$3) -> 0 | BH84: =+AV84*(1+$M$3) -> 0 | BI84: =+AW84*(1+$M$3) -> 0 | BJ84: =+AX84*(1+$M$3) -> 0 | BK84: =+AY84*(1+$M$3) -> 0 | BL84: =+AZ84*(1+$M$3) -> 0 | BM84: =+BA84*(1+$M$3) -> 0 | ... BQ84: =+BE84*(1+$M$3) -> 0
A85: =+CUC!A1520 -> 511095 | B85: =+CUC!B1520 -> OTROS | C85: =+CUC!D1520 -> 1.9642536e+08 | D85: =+CUC!E1520 -> 1.7824962e+08 | E85: =+CUC!F1520 -> 1.1551683e+08 | F85: =+CUC!G1520 -> 1.1063867e+08 | G85: =+CUC!H1520 -> 65000000 | H85: =+SUM(J85:U85) -> 120000000 | I85: 10000000 | J85: =+I85 -> 10000000 | K85: =+J85 -> 10000000 | L85: =+K85 -> 10000000 | M85: =+L85 -> 10000000 | N85: =+M85 -> 10000000 | O85: =+N85 -> 10000000 | P85: =+O85 -> 10000000 | Q85: =+P85 -> 10000000 | ... U85: =+T85 -> 10000000 | V85: =+J85*(1+$J$3) -> 11100000 | W85: =+K85*(1+$J$3) -> 11100000 | X85: =+L85*(1+$J$3) -> 11100000 | Y85: =+M85*(1+$J$3) -> 11100000 | Z85: =+N85*(1+$J$3) -> 11100000 | AA85: =+O85*(1+$J$3) -> 11100000 | AB85: =+P85*(1+$J$3) -> 11100000 | AC85: =+Q85*(1+$J$3) -> 11100000 | ... AG85: =+U85*(1+$J$3) -> 11100000 | AH85: =+V85*(1+$K$3) -> 11988000 | AI85: =+W85*(1+$K$3) -> 11988000 | AJ85: =+X85*(1+$K$3) -> 11988000 | AK85: =+Y85*(1+$K$3) -> 11988000 | AL85: =+Z85*(1+$K$3) -> 11988000 | AM85: =+AA85*(1+$K$3) -> 11988000 | AN85: =+AB85*(1+$K$3) -> 11988000 | AO85: =+AC85*(1+$K$3) -> 11988000 | ... AS85: =+AG85*(1+$K$3) -> 11988000 | AT85: =+AH85*(1+$L$3) -> 12707280 | AU85: =+AI85*(1+$L$3) -> 12707280 | AV85: =+AJ85*(1+$L$3) -> 12707280 | AW85: =+AK85*(1+$L$3) -> 12707280 | AX85: =+AL85*(1+$L$3) -> 12707280 | AY85: =+AM85*(1+$L$3) -> 12707280 | AZ85: =+AN85*(1+$L$3) -> 12707280 | BA85: =+AO85*(1+$L$3) -> 12707280 | ... BE85: =+AS85*(1+$L$3) -> 12707280 | BF85: =+AT85*(1+$M$3) -> 13215571 | BG85: =+AU85*(1+$M$3) -> 13215571 | BH85: =+AV85*(1+$M$3) -> 13215571 | BI85: =+AW85*(1+$M$3) -> 13215571 | BJ85: =+AX85*(1+$M$3) -> 13215571 | BK85: =+AY85*(1+$M$3) -> 13215571 | BL85: =+AZ85*(1+$M$3) -> 13215571 | BM85: =+BA85*(1+$M$3) -> 13215571 | ... BQ85: =+BE85*(1+$M$3) -> 13215571
A86: =+CUC!A1488 -> 511004 | B86: =+CUC!B1488 -> ADMINISTRACION DE BIENES | C86: =+CUC!D1488 -> 0 | D86: =+CUC!E1488 -> 0 | E86: =+CUC!F1488 -> 0 | F86: =+CUC!G1488 -> 0 | G86: =+CUC!H1488 -> 0 | H86: =+SUM(J86:U86) -> 0 | I86: =+G86/12*(1+J$3) -> 0 | J86: =+I86 -> 0 | K86: =+J86 -> 0 | L86: =+K86 -> 0 | M86: =+L86 -> 0 | N86: =+M86 -> 0 | O86: =+N86 -> 0 | P86: =+O86 -> 0 | Q86: =+P86 -> 0 | ... U86: =+T86 -> 0 | V86: =+J86*(1+$J$3) -> 0 | W86: =+K86*(1+$J$3) -> 0 | X86: =+L86*(1+$J$3) -> 0 | Y86: =+M86*(1+$J$3) -> 0 | Z86: =+N86*(1+$J$3) -> 0 | AA86: =+O86*(1+$J$3) -> 0 | AB86: =+P86*(1+$J$3) -> 0 | AC86: =+Q86*(1+$J$3) -> 0 | ... AG86: =+U86*(1+$J$3) -> 0 | AH86: =+V86*(1+$K$3) -> 0 | AI86: =+W86*(1+$K$3) -> 0 | AJ86: =+X86*(1+$K$3) -> 0 | AK86: =+Y86*(1+$K$3) -> 0 | AL86: =+Z86*(1+$K$3) -> 0 | AM86: =+AA86*(1+$K$3) -> 0 | AN86: =+AB86*(1+$K$3) -> 0 | AO86: =+AC86*(1+$K$3) -> 0 | ... AS86: =+AG86*(1+$K$3) -> 0 | AT86: =+AH86*(1+$L$3) -> 0 | AU86: =+AI86*(1+$L$3) -> 0 | AV86: =+AJ86*(1+$L$3) -> 0 | AW86: =+AK86*(1+$L$3) -> 0 | AX86: =+AL86*(1+$L$3) -> 0 | AY86: =+AM86*(1+$L$3) -> 0 | AZ86: =+AN86*(1+$L$3) -> 0 | BA86: =+AO86*(1+$L$3) -> 0 | ... BE86: =+AS86*(1+$L$3) -> 0 | BF86: =+AT86*(1+$M$3) -> 0 | BG86: =+AU86*(1+$M$3) -> 0 | BH86: =+AV86*(1+$M$3) -> 0 | BI86: =+AW86*(1+$M$3) -> 0 | BJ86: =+AX86*(1+$M$3) -> 0 | BK86: =+AY86*(1+$M$3) -> 0 | BL86: =+AZ86*(1+$M$3) -> 0 | BM86: =+BA86*(1+$M$3) -> 0 | ... BQ86: =+BE86*(1+$M$3) -> 0
C88: =SUM(C6:C87) -> 9.7202518e+08 | D88: =SUM(D6:D87) -> 9.9080358e+08 | E88: =SUM(E6:E87) -> 9.3930221e+08 | F88: =SUM(F6:F87) -> 9.6478092e+08 | G88: =SUM(G6:G87) -> 1.0160185e+09 | H88: =SUM(H6:H87) -> 1.1749422e+09 | I88: =SUM(I6:I87) -> 97969210 | J88: =SUM(J6:J87) -> 97880309 | ... BQ88: =SUM(BQ6:BQ87) -> 1.2938996e+08
C89: =+C88/12 -> 81002098 | D89: =+D88/12 -> 82566965 | E89: =+E88/12 -> 78275184 | F89: =+F88/12 -> 80398410 | G89: =+G88/4 -> 2.5400462e+08 | H89: =+H88/12 -> 97911854

Sheet FLUJO DE CARTERA
A1: FLUJO DE CARTERA | O1: Crecimiento | AA1: Crecimiento | AM1: Crecimiento | AY1: Crecimiento
N2: =+N13/C4-1 -> 0.027109423 | O2: =+PARÁMETROS!$D$4 -> 0.16 | AA2: =+PARÁMETROS!$E$4 -> 0.12 | AM2: =+PARÁMETROS!$F$4 -> 0.08 | AY2: =+PARÁMETROS!$G$4 -> 0.08
A3: =+PARÁMETROS!A41 -> LINEA 1 | C3: =+anexos!B2 -> 44957 | D3: =+anexos!C2 -> 44985 | E3: =+anexos!D2 -> 45016 | F3: =+anexos!E2 -> 45046 | G3: =+anexos!F2 -> 45077 | H3: =+anexos!G2 -> 45107 | I3: =+anexos!H2 -> 45138 | J3: =+anexos!I2 -> 45169 | ... BJ3: =+anexos!BI2 -> 46752
A4: Saldo Anterior | C4: =+PARÁMETROS!$D$61 -> 10200000000 | D4: =+C13 -> 1.0238886e+10 | E4: =+D13 -> 1.0276666e+10 | F4: =+E13 -> 1.0313376e+10 | G4: =+F13 -> 1.0205537e+10 | H4: =+G13 -> 1.0242413e+10 | I4: =+H13 -> 1.0278288e+10 | J4: =+I13 -> 1.0387082e+10 | K4: =+J13 -> 1.0419923e+10 | ... BJ4: =+BI13 -> 1.7018607e+10
A5: Intereses causados | C5: =+C4*PARÁMETROS!$C$41*100% -> 127500000 | D5: =+D4*PARÁMETROS!$C$41*100% -> 1.2798607e+08 | E5: =+E4*PARÁMETROS!$C$41*100% -> 1.2845832e+08 | F5: =+F4*PARÁMETROS!$C$41*100% -> 1.289172e+08 | G5: =+G4*PARÁMETROS!$C$41*100% -> 1.2756921e+08 | H5: =+H4*PARÁMETROS!$C$41*100% -> 1.2803016e+08 | I5: =+I4*PARÁMETROS!$C$41*100% -> 1.284786e+08 | J5: =+J4*PARÁMETROS!$C$41*100% -> 1.2983853e+08 | ... N5: =+N4*PARÁMETROS!$C$41*100% -> 1.2962551e+08 | O5: =+O4*PARÁMETROS!$D$41*100% -> 1.4143297e+08 | P5: =+P4*PARÁMETROS!$D$41*100% -> 1.4309406e+08 | Q5: =+Q4*PARÁMETROS!$D$41*100% -> 1.4473009e+08 | R5: =+R4*PARÁMETROS!$D$41*100% -> 1.4634151e+08 | S5: =+S4*PARÁMETROS!$D$41*100% -> 1.4601159e+08 | T5: =+T4*PARÁMETROS!$D$41*100% -> 1.4759938e+08 | U5: =+U4*PARÁMETROS!$D$41*100% -> 1.491635e+08 | V5: =+V4*PARÁMETROS!$D$41*100% -> 1.5169049e+08 | ... Z5: =+Z4*PARÁMETROS!$D$41*100% -> 1.5557927e+08 | AA5: =+AA4*PARÁMETROS!$E$41*100% -> 1.5801703e+08 | AB5: =+AB4*PARÁMETROS!$E$41*100% -> 1.601677e+08 | AC5: =+AC4*PARÁMETROS!$E$41*100% -> 1.6228862e+08 | AD5: =+AD4*PARÁMETROS!$E$41*100% -> 1.6438016e+08 | AE5: =+AE4*PARÁMETROS!$E$41*100% -> 1.6428924e+08 | AF5: =+AF4*PARÁMETROS!$E$41*100% -> 1.6635048e+08 | AG5: =+AG4*PARÁMETROS!$E$41*100% -> 1.6838309e+08 | AH5: =+AH4*PARÁMETROS!$E$41*100% -> 1.713713e+08 | ... AL5: =+AL4*PARÁMETROS!$E$41*100% -> 1.7679702e+08 | AM5: =+AM4*PARÁMETROS!$F$41*100% -> 1.7967221e+08 | AN5: =+AN4*PARÁMETROS!$F$41*100% -> 1.8208293e+08 | AO5: =+AO4*PARÁMETROS!$F$41*100% -> 1.8446162e+08 | AP5: =+AP4*PARÁMETROS!$F$41*100% -> 1.8680857e+08 | AQ5: =+AQ4*PARÁMETROS!$F$41*100% -> 1.866768e+08 | AR5: =+AR4*PARÁMETROS!$F$41*100% -> 1.8899222e+08 | AS5: =+AS4*PARÁMETROS!$F$41*100% -> 1.9127637e+08 | AT5: =+AT4*PARÁMETROS!$F$41*100% -> 1.9450681e+08 | ... AX5: =+AX4*PARÁMETROS!$F$41*100% -> 2.0059422e+08 | AY5: =+AY4*PARÁMETROS!$G$41*100% -> 2.0370065e+08 | AZ5: =+AZ4*PARÁMETROS!$G$41*100% -> 2.0639099e+08 | BA5: =+BA4*PARÁMETROS!$G$41*100% -> 2.0904544e+08 | BB5: =+BB4*PARÁMETROS!$G$41*100% -> 2.1166424e+08 | BC5: =+BC4*PARÁMETROS!$G$41*100% -> 2.1147478e+08 | BD5: =+BD4*PARÁMETROS!$G$41*100% -> 2.1405831e+08 | BE5: =+BE4*PARÁMETROS!$G$41*100% -> 2.1660655e+08 | BF5: =+BF4*PARÁMETROS!$G$41*100% -> 2.2009129e+08 | ... BJ5: =+BJ4*PARÁMETROS!$G$41*100% -> 2.297512e+08
A6: Recaudos | C6: =-PMT(PARÁMETROS!$C$41,PARÁMETROS!$C$51,C4,0)*1 -> 2.8387363e+08 | D6: =-PMT(PARÁMETROS!$C$41,PARÁMETROS!$C$51,D4,0)*1 -> 2.8495585e+08 | E6: =-PMT(PARÁMETROS!$C$41,PARÁMETROS!$C$51,E4,0)*1 -> 2.8600729e+08 | F6: =-PMT(PARÁMETROS!$C$41,PARÁMETROS!$C$51,F4,0)*1.5 -> 4.3054345e+08 | G6: =-PMT(PARÁMETROS!$C$41,PARÁMETROS!$C$51,G4,0)*1 -> 2.8402773e+08 | H6: =-PMT(PARÁMETROS!$C$41,PARÁMETROS!$C$51,H4,0)*1 -> 2.8505401e+08 | I6: =-PMT(PARÁMETROS!$C$41,PARÁMETROS!$C$51,I4,0)*1 -> 2.8605244e+08 | J6: =-PMT(PARÁMETROS!$C$41,PARÁMETROS!$C$51,J4,0)*1 -> 2.8908027e+08 | K6: =-PMT(PARÁMETROS!$C$41,PARÁMETROS!$C$51,K4,0)*1 -> 2.8999424e+08 | L6: =-PMT(PARÁMETROS!$C$41,PARÁMETROS!$C$51,L4,0)*1.5 -> 4.3632536e+08 | M6: =-PMT(PARÁMETROS!$C$41,PARÁMETROS!$C$51,M4,0)*1 -> 2.8770136e+08 | N6: =-PMT(PARÁMETROS!$C$41,PARÁMETROS!$C$51,N4,0)*1 -> 2.88606e+08 | O6: =-PMT(PARÁMETROS!$D$41,PARÁMETROS!$D$51,O4,0)*1 -> 2.7449359e+08 | P6: =-PMT(PARÁMETROS!$D$41,PARÁMETROS!$D$51,P4,0) -> 2.7771744e+08 | Q6: =-PMT(PARÁMETROS!$D$41,PARÁMETROS!$D$51,Q4,0)*1 -> 2.8089266e+08 | R6: =-PMT(PARÁMETROS!$D$41,PARÁMETROS!$D$51,R4,0)*1.5 -> 4.2603015e+08 | S6: =-PMT(PARÁMETROS!$D$41,PARÁMETROS!$D$51,S4,0)*1 -> 2.833798e+08 | T6: =-PMT(PARÁMETROS!$D$41,PARÁMETROS!$D$51,T4,0)*1 -> 2.8646138e+08 | U6: =-PMT(PARÁMETROS!$D$41,PARÁMETROS!$D$51,U4,0)*1 -> 2.8949702e+08 | V6: =-PMT(PARÁMETROS!$D$41,PARÁMETROS!$D$51,V4,0)*1 -> 2.9440142e+08 | W6: =-PMT(PARÁMETROS!$D$41,PARÁMETROS!$D$51,W4,0)*1 -> 2.973232e+08 | X6: =-PMT(PARÁMETROS!$D$41,PARÁMETROS!$D$51,X4,0)*1.5 -> 4.5030249e+08 | Y6: =-PMT(PARÁMETROS!$D$41,PARÁMETROS!$D$51,Y4,0)*1 -> 2.9910478e+08 | Z6: =-PMT(PARÁMETROS!$D$41,PARÁMETROS!$D$51,Z4,0) -> 3.0194878e+08 | AA6: =-PMT(PARÁMETROS!$E$41,PARÁMETROS!$E$51,AA4,0)*1 -> 3.0667998e+08 | AB6: =-PMT(PARÁMETROS!$E$41,PARÁMETROS!$E$51,AB4,0)*1 -> 3.1085402e+08 | AC6: =-PMT(PARÁMETROS!$E$41,PARÁMETROS!$E$51,AC4,0)*1 -> 3.1497031e+08 | AD6: =-PMT(PARÁMETROS!$E$41,PARÁMETROS!$E$51,AD4,0)*1.5 -> 4.7854437e+08 | AE6: =-PMT(PARÁMETROS!$E$41,PARÁMETROS!$E$51,AE4,0)*1 -> 3.1885312e+08 | AF6: =-PMT(PARÁMETROS!$E$41,PARÁMETROS!$E$51,AF4,0)*1 -> 3.2285358e+08 | AG6: =-PMT(PARÁMETROS!$E$41,PARÁMETROS!$E$51,AG4,0) -> 3.2679847e+08 | AH6: =-PMT(PARÁMETROS!$E$41,PARÁMETROS!$E$51,AH4,0)*1 -> 3.32598e+08 | AI6: =-PMT(PARÁMETROS!$E$41,PARÁMETROS!$E$51,AI4,0)*1 -> 3.364096e+08 | AJ6: =-PMT(PARÁMETROS!$E$41,PARÁMETROS!$E$51,AJ4,0)*1.5 -> 5.1025204e+08 | AK6: =-PMT(PARÁMETROS!$E$41,PARÁMETROS!$E$51,AK4,0)*1 -> 3.3941759e+08 | AL6: =-PMT(PARÁMETROS!$E$41,PARÁMETROS!$E$51,AL4,0)*1 -> 3.4312826e+08 | AM6: =-PMT(PARÁMETROS!$F$41,PARÁMETROS!$F$51,AM4,0)*1 -> 3.4870844e+08 | AN6: =-PMT(PARÁMETROS!$F$41,PARÁMETROS!$F$51,AN4,0)*1 -> 3.5338716e+08 | AO6: =-PMT(PARÁMETROS!$F$41,PARÁMETROS!$F$51,AO4,0)*1 -> 3.5800373e+08 | AP6: =-PMT(PARÁMETROS!$F$41,PARÁMETROS!$F$51,AP4,0)*1.5 -> 5.4383806e+08 | AQ6: =-PMT(PARÁMETROS!$F$41,PARÁMETROS!$F$51,AQ4,0)*1 -> 3.6230297e+08 | AR6: =-PMT(PARÁMETROS!$F$41,PARÁMETROS!$F$51,AR4,0)*1 -> 3.6679675e+08 | AS6: =-PMT(PARÁMETROS!$F$41,PARÁMETROS!$F$51,AS4,0)*1 -> 3.7122983e+08 | AT6: =-PMT(PARÁMETROS!$F$41,PARÁMETROS!$F$51,AT4,0)*1 -> 3.7749948e+08 | AU6: =-PMT(PARÁMETROS!$F$41,PARÁMETROS!$F$51,AU4,0)*1 -> 3.8178878e+08 | AV6: =-PMT(PARÁMETROS!$F$41,PARÁMETROS!$F$51,AV4,0)*1.5 -> 5.7902907e+08 | AW6: =-PMT(PARÁMETROS!$F$41,PARÁMETROS!$F$51,AW4,0)*1 -> 3.8513483e+08 | AX6: =-PMT(PARÁMETROS!$F$41,PARÁMETROS!$F$51,AX4,0)*1 -> 3.8931395e+08 | AY6: =-PMT(PARÁMETROS!$G$41,PARÁMETROS!$G$51,AY4,0)*1 -> 3.9534292e+08 | AZ6: =-PMT(PARÁMETROS!$G$41,PARÁMETROS!$G$51,AZ4,0)*1 -> 4.0056435e+08 | BA6: =-PMT(PARÁMETROS!$G$41,PARÁMETROS!$G$51,BA4,0)*1 -> 4.057161e+08 | BB6: =-PMT(PARÁMETROS!$G$41,PARÁMETROS!$G$51,BB4,0)*1.5 -> 6.1619803e+08 | BC6: =-PMT(PARÁMETROS!$G$41,PARÁMETROS!$G$51,BC4,0)*1 -> 4.1043097e+08 | BD6: =-PMT(PARÁMETROS!$G$41,PARÁMETROS!$G$51,BD4,0)*1 -> 4.154451e+08 | BE6: =-PMT(PARÁMETROS!$G$41,PARÁMETROS!$G$51,BE4,0)*1 -> 4.2039073e+08 | BF6: =-PMT(PARÁMETROS!$G$41,PARÁMETROS!$G$51,BF4,0)*1 -> 4.2715392e+08 | BG6: =-PMT(PARÁMETROS!$G$41,PARÁMETROS!$G$51,BG4,0)*1 -> 4.3194022e+08 | BH6: =-PMT(PARÁMETROS!$G$41,PARÁMETROS!$G$51,BH4,0)*1 -> 4.3665996e+08 | BI6: =-PMT(PARÁMETROS!$G$41,PARÁMETROS!$G$51,BI4,0)*1 -> 4.4131367e+08 | BJ6: =-PMT(PARÁMETROS!$G$41,PARÁMETROS!$G$51,BJ4,0)*1 -> 4.4590191e+08
A7: Cruces de Ahorros | C7: =+PARÁMETROS!$C$72 -> 0 | D7: =+C7 -> 0 | E7: =+D7 -> 0 | F7: =+E7 -> 0 | G7: =+F7 -> 0 | H7: =+G7 -> 0 | I7: =+H7 -> 0 | J7: =+I7 -> 0 | K7: =+J7 -> 0 | ... N7: =+M7 -> 0 | O7: =+PARÁMETROS!$D$72 -> 0 | P7: =+O7 -> 0 | Q7: =+P7 -> 0 | R7: =+Q7 -> 0 | S7: =+R7 -> 0 | T7: =+S7 -> 0 | U7: =+T7 -> 0 | V7: =+U7 -> 0 | W7: =+V7 -> 0 | ... Z7: =+Y7 -> 0 | AA7: =+PARÁMETROS!$E$72 -> 0 | AB7: =+AA7 -> 0 | AC7: =+AB7 -> 0 | AD7: =+AC7 -> 0 | AE7: =+AD7 -> 0 | AF7: =+AE7 -> 0 | AG7: =+AF7 -> 0 | AH7: =+AG7 -> 0 | AI7: =+AH7 -> 0 | ... AL7: =+AK7 -> 0 | AM7: =+PARÁMETROS!$F$72 -> 0 | AN7: =+AM7 -> 0 | AO7: =+AN7 -> 0 | AP7: =+AO7 -> 0 | AQ7: =+AP7 -> 0 | AR7: =+AQ7 -> 0 | AS7: =+AR7 -> 0 | AT7: =+AS7 -> 0 | AU7: =+AT7 -> 0 | ... AX7: =+AW7 -> 0 | AY7: =+PARÁMETROS!$G$72 -> 0 | AZ7: =+AY7 -> 0 | BA7: =+AZ7 -> 0 | BB7: =+BA7 -> 0 | BC7: =+BB7 -> 0 | BD7: =+BC7 -> 0 | BE7: =+BD7 -> 0 | BF7: =+BE7 -> 0 | BG7: =+BF7 -> 0 | ... BJ7: =+BI7 -> 0
A8: Cruce de Ex - Asociados | C8: =+(+anexos!B$109)*1*(B$127/B$135) -> 1.4499581e+08 | D8: =+(+anexos!C$109)*1*(C$127/C$135) -> 1.4550524e+08 | E8: =+(+anexos!D$109)*1*(D$127/D$135) -> 1.4599573e+08 | F8: =+(+anexos!E$109)*1*(E$127/E$135) -> 1.4646753e+08 | G8: =+(+anexos!F$109)*1*(F$127/F$135) -> 1.4692089e+08 | H8: =+(+anexos!G$109)*1*(G$127/G$135) -> 1.4735607e+08 | I8: =+(+anexos!H$109)*PARÁMETROS!C35*(H$127/H$135) -> 73886650 | J8: =+(+anexos!I$109)*1*(I$127/I$135) -> 1.4817284e+08 | K8: =+(+anexos!J$109)*1*(J$127/J$135) -> 1.4855492e+08 | L8: =+(+anexos!K$109)*1*(K$127/K$135) -> 1.4891979e+08 | M8: =+(+anexos!L$109)*1*(L$127/L$135) -> 1.4926768e+08 | N8: =+(+anexos!M$109)*PARÁMETROS!C35*(M$127/M$135) -> 74799409 | O8: =+(+anexos!N$109)*1*(N$127/N$135) -> 1.4446205e+08 | P8: =+(+anexos!O$109)*1*(O$127/O$135) -> 1.4475522e+08 | Q8: =+(+anexos!P$109)*1*(P$127/P$135) -> 1.4503984e+08 | R8: =+(+anexos!Q$109)*1*(Q$127/Q$135) -> 1.4531609e+08 | S8: =+(+anexos!R$109)*1*(R$127/R$135) -> 1.4558414e+08 | T8: =+(+anexos!S$109)*1*(S$127/S$135) -> 1.4584416e+08 | U8: =+(+anexos!T$109)*PARÁMETROS!C35*(T$127/T$135) -> 73048162 | V8: =+(+anexos!U$109)*1*(U$127/U$135) -> 1.4634079e+08 | W8: =+(+anexos!V$109)*1*(V$127/V$135) -> 1.4657773e+08 | X8: =+(+anexos!W$109)*1*(W$127/W$135) -> 1.4680728e+08 | Y8: =+(+anexos!X$109)*1*(X$127/X$135) -> 1.4702962e+08 | Z8: =+(+anexos!Y$109)*PARÁMETROS!C35*(Y$127/Y$135) -> 73622439 | AA8: =+(+anexos!Z$109)*1*(Z$127/Z$135) -> 1.4467108e+08 | AB8: =+(+anexos!AA$109)*1*(AA$127/AA$135) -> 1.4485181e+08 | AC8: =+(+anexos!AB$109)*1*(AB$127/AB$135) -> 1.4503274e+08 | AD8: =+(+anexos!AC$109)*1*(AC$127/AC$135) -> 1.4521388e+08 | AE8: =+(+anexos!AD$109)*1*(AD$127/AD$135) -> 1.4539521e+08 | AF8: =+(+anexos!AE$109)*1*(AE$127/AE$135) -> 1.4557673e+08 | AG8: =+(+anexos!AF$109)*PARÁMETROS!C35*(AF$127/AF$135) -> 72879214 | AH8: =+(+anexos!AG$109)*1*(AG$127/AG$135) -> 1.4594031e+08 | AI8: =+(+anexos!AH$109)*1*(AH$127/AH$135) -> 1.4612237e+08 | AJ8: =+(+anexos!AI$109)*1*(AI$127/AI$135) -> 1.4630459e+08 | AK8: =+(+anexos!AJ$109)*1*(AJ$127/AJ$135) -> 1.4648698e+08 | AL8: =+(+anexos!AK$109)*PARÁMETROS!C35*(AK$127/AK$135) -> 73334768 | AM8: =+(+anexos!AL$109)*1*(AL$127/AL$135) -> 1.4402817e+08 | AN8: =+(+anexos!AM$109)*1*(AM$127/AM$135) -> 1.4413226e+08 | AO8: =+(+anexos!AN$109)*1*(AN$127/AN$135) -> 1.4424526e+08 | AP8: =+(+anexos!AO$109)*1*(AO$127/AO$135) -> 1.4436689e+08 | AQ8: =+(+anexos!AP$109)*1*(AP$127/AP$135) -> 1.4449689e+08 | AR8: =+(+anexos!AQ$109)*1*(AQ$127/AQ$135) -> 1.44635e+08 | AS8: =+(+anexos!AR$109)*PARÁMETROS!C35*(AR$127/AR$135) -> 72390482 | AT8: =+(+anexos!AS$109)*1*(AS$127/AS$135) -> 1.4493455e+08 | AU8: =+(+anexos!AT$109)*1*(AT$127/AT$135) -> 1.4509551e+08 | AV8: =+(+anexos!AU$109)*1*(AU$127/AU$135) -> 1.4526363e+08 | AW8: =+(+anexos!AV$109)*1*(AV$127/AV$135) -> 1.454387e+08 | AX8: =+(+anexos!AW$109)*PARÁMETROS!C35*(AW$127/AW$135) -> 72810249 | AY8: =+(+anexos!AX$109)*1*(AX$127/AX$135) -> 1.4294983e+08 | AZ8: =+(+anexos!AY$109)*1*(AY$127/AY$135) -> 1.430779e+08 | BA8: =+(+anexos!AZ$109)*1*(AZ$127/AZ$135) -> 1.4322063e+08 | BB8: =+(+anexos!BA$109)*1*(BA$127/BA$135) -> 1.4337748e+08 | BC8: =+(+anexos!BB$109)*1*(BB$127/BB$135) -> 1.4354798e+08 | BD8: =+(+anexos!BC$109)*1*(BC$127/BC$135) -> 1.4373166e+08 | BE8: =+(+anexos!BD$109)*PARÁMETROS!C35*(BD$127/BD$135) -> 71964025 | BF8: =+(+anexos!BE$109)*1*(BE$127/BE$135) -> 1.4413673e+08 | BG8: =+(+anexos!BF$109)*1*(BF$127/BF$135) -> 1.4435728e+08 | BH8: =+(+anexos!BG$109)*1*(BG$127/BG$135) -> 1.4458929e+08 | BI8: =+(+anexos!BH$109)*1*(BH$127/BH$135) -> 1.4483239e+08 | BJ8: =+(+anexos!BI$109)*PARÁMETROS!C35*(BI$127/BI$135) -> 72543094
A9: Prestaciones Sociales Ex - Asociados | C9: =+anexos!B$54*0.66*(B$127/B$135) -> 41745000 | D9: =+anexos!C$54*0.66*(C$127/C$135) -> 41745000 | E9: =+anexos!D$54*0.66*(D$127/D$135) -> 41745000 | F9: =+anexos!E$54*0.66*(E$127/E$135) -> 41745000 | G9: =+anexos!F$54*0.66*(F$127/F$135) -> 41745000 | H9: =+anexos!G$54*0.66*(G$127/G$135) -> 41745000 | I9: =+anexos!H$54*0.66*(H$127/H$135) -> 41745000 | J9: =+anexos!I$54*0.66*(I$127/I$135) -> 41745000 | ... BJ9: =+anexos!BI$54*0.66*(BI$127/BI$135) -> 49720935
A10: Abonos Extra y Compras | C10: =+PARÁMETROS!$C33*(B$127/B$135) -> 23000000 | D10: =+PARÁMETROS!$C33*(C$127/C$135) -> 23000000 | E10: =+PARÁMETROS!$C33*(D$127/D$135) -> 23000000 | F10: =+PARÁMETROS!$C33*(E$127/E$135) -> 23000000 | G10: =+PARÁMETROS!$C33*(F$127/F$135) -> 23000000 | H10: =+PARÁMETROS!$C33*(G$127/G$135) -> 23000000 | I10: =+PARÁMETROS!$C33*(H$127/H$135) -> 23000000 | J10: =+PARÁMETROS!$C33*(I$127/I$135) -> 23000000 | ... N10: =+PARÁMETROS!$C33*(M$127/M$135) -> 23000000 | O10: =+PARÁMETROS!$D33*(N$127/N$135) -> 25185000 | P10: =+PARÁMETROS!$D33*(O$127/O$135) -> 25185000 | Q10: =+PARÁMETROS!$D33*(P$127/P$135) -> 25185000 | R10: =+PARÁMETROS!$D33*(Q$127/Q$135) -> 25185000 | S10: =+PARÁMETROS!$D33*(R$127/R$135) -> 25185000 | T10: =+PARÁMETROS!$D33*(S$127/S$135) -> 25185000 | U10: =+PARÁMETROS!$D33*(T$127/T$135) -> 25185000 | V10: =+PARÁMETROS!$D33*(U$127/U$135) -> 25185000 | ... Z10: =+PARÁMETROS!$D33*(Y$127/Y$135) -> 25185000 | AA10: =+PARÁMETROS!$E33*(Z$127/Z$135) -> 27073875 | AB10: =+PARÁMETROS!$E33*(AA$127/AA$135) -> 27073875 | AC10: =+PARÁMETROS!$E33*(AB$127/AB$135) -> 27073875 | AD10: =+PARÁMETROS!$E33*(AC$127/AC$135) -> 27073875 | AE10: =+PARÁMETROS!$E33*(AD$127/AD$135) -> 27073875 | AF10: =+PARÁMETROS!$E33*(AE$127/AE$135) -> 27073875 | AG10: =+PARÁMETROS!$E33*(AF$127/AF$135) -> 27073875 | AH10: =+PARÁMETROS!$E33*(AG$127/AG$135) -> 27073875 | ... AL10: =+PARÁMETROS!$E33*(AK$127/AK$135) -> 27073875 | AM10: =+PARÁMETROS!$F33*(AL$127/AL$135) -> 28562938 | AN10: =+PARÁMETROS!$F33*(AM$127/AM$135) -> 28562938 | AO10: =+PARÁMETROS!$F33*(AN$127/AN$135) -> 28562938 | AP10: =+PARÁMETROS!$F33*(AO$127/AO$135) -> 28562938 | AQ10: =+PARÁMETROS!$F33*(AP$127/AP$135) -> 28562938 | AR10: =+PARÁMETROS!$F33*(AQ$127/AQ$135) -> 28562938 | AS10: =+PARÁMETROS!$F33*(AR$127/AR$135) -> 28562938 | AT10: =+PARÁMETROS!$F33*(AS$127/AS$135) -> 28562938 | ... AX10: =+PARÁMETROS!$F33*(AW$127/AW$135) -> 28562938 | AY10: =+PARÁMETROS!$G33*(AX$127/AX$135) -> 30133900 | AZ10: =+PARÁMETROS!$G33*(AY$127/AY$135) -> 30133900 | BA10: =+PARÁMETROS!$G33*(AZ$127/AZ$135) -> 30133900 | BB10: =+PARÁMETROS!$G33*(BA$127/BA$135) -> 30133900 | BC10: =+PARÁMETROS!$G33*(BB$127/BB$135) -> 30133900 | BD10: =+PARÁMETROS!$G33*(BC$127/BC$135) -> 30133900 | BE10: =+PARÁMETROS!$G33*(BD$127/BD$135) -> 30133900 | BF10: =+PARÁMETROS!$G33*(BE$127/BE$135) -> 30133900 | ... BJ10: =+PARÁMETROS!$G33*(BI$127/BI$135) -> 30133900
A11: Colocaciones | C11: =+'Colocaciones 1er Año'!B2 -> 450000000 | D11: =+'Colocaciones 1er Año'!C2 -> 450000000 | E11: =+'Colocaciones 1er Año'!D2 -> 450000000 | F11: =+'Colocaciones 1er Año'!E2 -> 450000000 | G11: =+'Colocaciones 1er Año'!F2 -> 450000000 | H11: =+'Colocaciones 1er Año'!G2 -> 450000000 | I11: =+'Colocaciones 1er Año'!H2 -> 450000000 | J11: =+'Colocaciones 1er Año'!I2 -> 450000000 | ... N11: =+'Colocaciones 1er Año'!M2 -> 450000000 | O11: =+C11*(1+$O$2) -> 5.22e+08 | P11: =+D11*(1+$O$2) -> 5.22e+08 | Q11: =+E11*(1+$O$2) -> 5.22e+08 | R11: =+F11*(1+$O$2) -> 5.22e+08 | S11: =+G11*(1+$O$2) -> 5.22e+08 | T11: =+H11*(1+$O$2) -> 5.22e+08 | U11: =+I11*(1+$O$2) -> 5.22e+08 | V11: =+J11*(1+$O$2) -> 5.22e+08 | ... Z11: =+N11*(1+$O$2) -> 5.22e+08 | AA11: =+O11*(1+$AA$2) -> 584640000 | AB11: =+P11*(1+$AA$2) -> 584640000 | AC11: =+Q11*(1+$AA$2) -> 584640000 | AD11: =+R11*(1+$AA$2) -> 584640000 | AE11: =+S11*(1+$AA$2) -> 584640000 | AF11: =+T11*(1+$AA$2) -> 584640000 | AG11: =+U11*(1+$AA$2) -> 584640000 | AH11: =+V11*(1+$AA$2) -> 584640000 | ... AL11: =+Z11*(1+$AA$2) -> 584640000 | AM11: =+AA11*(1+$AM$2) -> 631411200 | AN11: =+AB11*(1+$AM$2) -> 631411200 | AO11: =+AC11*(1+$AM$2) -> 631411200 | AP11: =+AD11*(1+$AM$2) -> 631411200 | AQ11: =+AE11*(1+$AM$2) -> 631411200 | AR11: =+AF11*(1+$AM$2) -> 631411200 | AS11: =+AG11*(1+$AM$2) -> 631411200 | AT11: =+AH11*(1+$AM$2) -> 631411200 | ... AX11: =+AL11*(1+$AM$2) -> 631411200 | AY11: =+AM11*(1+$AY$2) -> 681924096 | AZ11: =+AN11*(1+$AY$2) -> 681924096 | BA11: =+AO11*(1+$AY$2) -> 681924096 | BB11: =+AP11*(1+$AY$2) -> 681924096 | BC11: =+AQ11*(1+$AY$2) -> 681924096 | BD11: =+AR11*(1+$AY$2) -> 681924096 | BE11: =+AS11*(1+$AY$2) -> 681924096 | BF11: =+AT11*(1+$AY$2) -> 681924096 | ... BJ11: =+AX11*(1+$AY$2) -> 681924096
A12: Refinanciaciones | C12: =+'Colocaciones 1er Año'!B14 -> 45000000 | D12: =+'Colocaciones 1er Año'!C14 -> 45000000 | E12: =+'Colocaciones 1er Año'!D14 -> 45000000 | F12: =+'Colocaciones 1er Año'!E14 -> 45000000 | G12: =+'Colocaciones 1er Año'!F14 -> 45000000 | H12: =+'Colocaciones 1er Año'!G14 -> 45000000 | I12: =+'Colocaciones 1er Año'!H14 -> 45000000 | J12: =+'Colocaciones 1er Año'!I14 -> 45000000 | ... N12: =+'Colocaciones 1er Año'!M14 -> 45000000 | O12: =+C12*(1+$O$2) -> 52200000 | P12: =+D12*(1+$O$2) -> 52200000 | Q12: =+E12*(1+$O$2) -> 52200000 | R12: =+F12*(1+$O$2) -> 52200000 | S12: =+G12*(1+$O$2) -> 52200000 | T12: =+H12*(1+$O$2) -> 52200000 | U12: =+I12*(1+$O$2) -> 52200000 | V12: =+J12*(1+$O$2) -> 52200000 | ... Z12: =+N12*(1+$O$2) -> 52200000 | AA12: =+O12*(1+$AA$2) -> 58464000 | AB12: =+P12*(1+$AA$2) -> 58464000 | AC12: =+Q12*(1+$AA$2) -> 58464000 | AD12: =+R12*(1+$AA$2) -> 58464000 | AE12: =+S12*(1+$AA$2) -> 58464000 | AF12: =+T12*(1+$AA$2) -> 58464000 | AG12: =+U12*(1+$AA$2) -> 58464000 | AH12: =+V12*(1+$AA$2) -> 58464000 | ... AL12: =+Z12*(1+$AA$2) -> 58464000 | AM12: =+AA12*(1+$AM$2) -> 63141120 | AN12: =+AB12*(1+$AM$2) -> 63141120 | AO12: =+AC12*(1+$AM$2) -> 63141120 | AP12: =+AD12*(1+$AM$2) -> 63141120 | AQ12: =+AE12*(1+$AM$2) -> 63141120 | AR12: =+AF12*(1+$AM$2) -> 63141120 | AS12: =+AG12*(1+$AM$2) -> 63141120 | AT12: =+AH12*(1+$AM$2) -> 63141120 | ... AX12: =+AL12*(1+$AM$2) -> 63141120 | AY12: =+AM12*(1+$AY$2) -> 68192410 | AZ12: =+AN12*(1+$AY$2) -> 68192410 | BA12: =+AO12*(1+$AY$2) -> 68192410 | BB12: =+AP12*(1+$AY$2) -> 68192410 | BC12: =+AQ12*(1+$AY$2) -> 68192410 | BD12: =+AR12*(1+$AY$2) -> 68192410 | BE12: =+AS12*(1+$AY$2) -> 68192410 | BF12: =+AT12*(1+$AY$2) -> 68192410 | ... BJ12: =+AX12*(1+$AY$2) -> 68192410
A13: Saldo final | C13: =+C4+C5+C11-C6-C7-C8-C9-C10-C12 -> 1.0238886e+10 | D13: =+D4+D5+D11-D6-D7-D8-D9-D10-D12 -> 1.0276666e+10 | E13: =+E4+E5+E11-E6-E7-E8-E9-E10-E12 -> 1.0313376e+10 | F13: =+F4+F5+F11-F6-F7-F8-F9-F10-F12 -> 1.0205537e+10 | G13: =+G4+G5+G11-G6-G7-G8-G9-G10-G12 -> 1.0242413e+10 | H13: =+H4+H5+H11-H6-H7-H8-H9-H10-H12 -> 1.0278288e+10 | I13: =+I4+I5+I11-I6-I7-I8-I9-I10-I12 -> 1.0387082e+10 | J13: =+J4+J5+J11-J6-J7-J8-J9-J10-J12 -> 1.0419923e+10 | ... BJ13: =+BJ4+BJ5+BJ11-BJ6-BJ7-BJ8-BJ9-BJ10-BJ12 -> 1.726379e+10
O14: =+$O$2 -> 0.16 | AA14: =+$AA$2 -> 0.12 | AM14: =+AM2 -> 0.08 | AY14: =+AY2 -> 0.08
A15: =+PARÁMETROS!A42 -> LINEA 2 | C15: =+C3 -> 44957 | D15: =+D3 -> 44985 | E15: =+E3 -> 45016 | F15: =+F3 -> 45046 | G15: =+G3 -> 45077 | H15: =+H3 -> 45107 | I15: =+I3 -> 45138 | J15: =+J3 -> 45169 | ... BJ15: =+BJ3 -> 46752
A16: Saldo Anterior | C16: =+PARÁMETROS!$D$62 -> 0 | D16: =+C25 -> 0 | E16: =+D25 -> 0 | F16: =+E25 -> 0 | G16: =+F25 -> 0 | H16: =+G25 -> 0 | I16: =+H25 -> 0 | J16: =+I25 -> 0 | K16: =+J25 -> 0 | ... BJ16: =+BI25 -> 0
A17: Intereses causados 97% (3% improductiva) | C17: =+C16*PARÁMETROS!$C$42*97% -> 0 | D17: =+D16*PARÁMETROS!$C$42*97% -> 0 | E17: =+E16*PARÁMETROS!$C$42*97% -> 0 | F17: =+F16*PARÁMETROS!$C$42*97% -> 0 | G17: =+G16*PARÁMETROS!$C$42*97% -> 0 | H17: =+H16*PARÁMETROS!$C$42*97% -> 0 | I17: =+I16*PARÁMETROS!$C$42*97% -> 0 | J17: =+J16*PARÁMETROS!$C$42*97% -> 0 | ... N17: =+N16*PARÁMETROS!$C$42*97% -> 0 | O17: =+O16*PARÁMETROS!$D$42*97% -> 0 | P17: =+P16*PARÁMETROS!$D$42*97% -> 0 | Q17: =+Q16*PARÁMETROS!$D$42*97% -> 0 | R17: =+R16*PARÁMETROS!$D$42*97% -> 0 | S17: =+S16*PARÁMETROS!$D$42*97% -> 0 | T17: =+T16*PARÁMETROS!$D$42*97% -> 0 | U17: =+U16*PARÁMETROS!$D$42*97% -> 0 | V17: =+V16*PARÁMETROS!$D$42*97% -> 0 | ... Z17: =+Z16*PARÁMETROS!$D$42*97% -> 0 | AA17: =+AA16*PARÁMETROS!$E$42*97% -> 0 | AB17: =+AB16*PARÁMETROS!$E$42*97% -> 0 | AC17: =+AC16*PARÁMETROS!$E$42*97% -> 0 | AD17: =+AD16*PARÁMETROS!$E$42*97% -> 0 | AE17: =+AE16*PARÁMETROS!$E$42*97% -> 0 | AF17: =+AF16*PARÁMETROS!$E$42*97% -> 0 | AG17: =+AG16*PARÁMETROS!$E$42*97% -> 0 | AH17: =+AH16*PARÁMETROS!$E$42*97% -> 0 | ... AL17: =+AL16*PARÁMETROS!$E$42*97% -> 0 | AM17: =+AM16*PARÁMETROS!$F$42*97% -> 0 | AN17: =+AN16*PARÁMETROS!$F$42*97% -> 0 | AO17: =+AO16*PARÁMETROS!$F$42*97% -> 0 | AP17: =+AP16*PARÁMETROS!$F$42*97% -> 0 | AQ17: =+AQ16*PARÁMETROS!$F$42*97% -> 0 | AR17: =+AR16*PARÁMETROS!$F$42*97% -> 0 | AS17: =+AS16*PARÁMETROS!$F$42*97% -> 0 | AT17: =+AT16*PARÁMETROS!$F$42*97% -> 0 | ... AX17: =+AX16*PARÁMETROS!$F$42*97% -> 0 | AY17: =+AY16*PARÁMETROS!$G$42*97% -> 0 | AZ17: =+AZ16*PARÁMETROS!$G$42*97% -> 0 | BA17: =+BA16*PARÁMETROS!$G$42*97% -> 0 | BB17: =+BB16*PARÁMETROS!$G$42*97% -> 0 | BC17: =+BC16*PARÁMETROS!$G$42*97% -> 0 | BD17: =+BD16*PARÁMETROS!$G$42*97% -> 0 | BE17: =+BE16*PARÁMETROS!$G$42*97% -> 0 | BF17: =+BF16*PARÁMETROS!$G$42*97% -> 0 | ... BJ17: =+BJ16*PARÁMETROS!$G$42*97% -> 0
A18: Recaudos | C18: =-PMT(PARÁMETROS!$C$42,PARÁMETROS!$C$52,C16,0)*1 -> 0 | D18: =-PMT(PARÁMETROS!$C$42,PARÁMETROS!$C$52,D16,0)*1 -> 0 | E18: =-PMT(PARÁMETROS!$C$42,PARÁMETROS!$C$52,E16,0)*1 -> 0 | F18: =-PMT(PARÁMETROS!$C$42,PARÁMETROS!$C$52,F16,0)*1 -> 0 | G18: =-PMT(PARÁMETROS!$C$42,PARÁMETROS!$C$52,G16,0)*1 -> 0 | H18: =-PMT(PARÁMETROS!$C$42,PARÁMETROS!$C$52,H16,0)*1 -> 0 | I18: =-PMT(PARÁMETROS!$C$42,PARÁMETROS!$C$52,I16,0)*1 -> 0 | J18: =-PMT(PARÁMETROS!$C$42,PARÁMETROS!$C$52,J16,0)*1 -> 0 | ... N18: =-PMT(PARÁMETROS!$C$42,PARÁMETROS!$C$52,N16,0)*1 -> 0 | O18: =-PMT(PARÁMETROS!$D$42,PARÁMETROS!$D$52,O16,0)*1 -> 0 | P18: =-PMT(PARÁMETROS!$D$42,PARÁMETROS!$D$52,P16,0)*1 -> 0 | Q18: =-PMT(PARÁMETROS!$D$42,PARÁMETROS!$D$52,Q16,0)*1 -> 0 | R18: =-PMT(PARÁMETROS!$D$42,PARÁMETROS!$D$52,R16,0)*1 -> 0 | S18: =-PMT(PARÁMETROS!$D$42,PARÁMETROS!$D$52,S16,0)*1 -> 0 | T18: =-PMT(PARÁMETROS!$D$42,PARÁMETROS!$D$52,T16,0)*1 -> 0 | U18: =-PMT(PARÁMETROS!$D$42,PARÁMETROS!$D$52,U16,0)*1 -> 0 | V18: =-PMT(PARÁMETROS!$D$42,PARÁMETROS!$D$52,V16,0)*1 -> 0 | ... Z18: =-PMT(PARÁMETROS!$D$42,PARÁMETROS!$D$52,Z16,0)*1 -> 0 | AA18: =-PMT(PARÁMETROS!$E$42,PARÁMETROS!$E$52,AA16,0)*1 -> 0 | AB18: =-PMT(PARÁMETROS!$E$42,PARÁMETROS!$E$52,AB16,0)*1 -> 0 | AC18: =-PMT(PARÁMETROS!$E$42,PARÁMETROS!$E$52,AC16,0)*1 -> 0 | AD18: =-PMT(PARÁMETROS!$E$42,PARÁMETROS!$E$52,AD16,0)*1 -> 0 | AE18: =-PMT(PARÁMETROS!$E$42,PARÁMETROS!$E$52,AE16,0)*1 -> 0 | AF18: =-PMT(PARÁMETROS!$E$42,PARÁMETROS!$E$52,AF16,0)*1 -> 0 | AG18: =-PMT(PARÁMETROS!$E$42,PARÁMETROS!$E$52,AG16,0)*1 -> 0 | AH18: =-PMT(PARÁMETROS!$E$42,PARÁMETROS!$E$52,AH16,0)*1 -> 0 | ... AL18: =-PMT(PARÁMETROS!$E$42,PARÁMETROS!$E$52,AL16,0)*1 -> 0 | AM18: =-PMT(PARÁMETROS!$F$42,PARÁMETROS!$F$52,AM16,0)*1 -> 0 | AN18: =-PMT(PARÁMETROS!$F$42,PARÁMETROS!$F$52,AN16,0)*1 -> 0 | AO18: =-PMT(PARÁMETROS!$F$42,PARÁMETROS!$F$52,AO16,0)*1 -> 0 | AP18: =-PMT(PARÁMETROS!$F$42,PARÁMETROS!$F$52,AP16,0)*1 -> 0 | AQ18: =-PMT(PARÁMETROS!$F$42,PARÁMETROS!$F$52,AQ16,0)*1 -> 0 | AR18: =-PMT(PARÁMETROS!$F$42,PARÁMETROS!$F$52,AR16,0)*1 -> 0 | AS18: =-PMT(PARÁMETROS!$F$42,PARÁMETROS!$F$52,AS16,0)*1 -> 0 | AT18: =-PMT(PARÁMETROS!$F$42,PARÁMETROS!$F$52,AT16,0)*1 -> 0 | ... AX18: =-PMT(PARÁMETROS!$F$42,PARÁMETROS!$F$52,AX16,0)*1 -> 0 | AY18: =-PMT(PARÁMETROS!$G$42,PARÁMETROS!$G$52,AY16,0)*1 -> 0 | AZ18: =-PMT(PARÁMETROS!$G$42,PARÁMETROS!$G$52,AZ16,0)*1 -> 0 | BA18: =-PMT(PARÁMETROS!$G$42,PARÁMETROS!$G$52,BA16,0)*1 -> 0 | BB18: =-PMT(PARÁMETROS!$G$42,PARÁMETROS!$G$52,BB16,0)*1 -> 0 | BC18: =-PMT(PARÁMETROS!$G$42,PARÁMETROS!$G$52,BC16,0)*1 -> 0 | BD18: =-PMT(PARÁMETROS!$G$42,PARÁMETROS!$G$52,BD16,0)*1 -> 0 | BE18: =-PMT(PARÁMETROS!$G$42,PARÁMETROS!$G$52,BE16,0)*1 -> 0 | BF18: =-PMT(PARÁMETROS!$G$42,PARÁMETROS!$G$52,BF16,0)*1 -> 0 | ... BJ18: =-PMT(PARÁMETROS!$G$42,PARÁMETROS!$G$52,BJ16,0)*1 -> 0
A19: Cruces de Ahorros | C19: =+PARÁMETROS!$C$73 -> 0 | D19: =+C19 -> 0 | E19: =+D19 -> 0 | F19: =+E19 -> 0 | G19: =+F19 -> 0 | H19: =+G19 -> 0 | I19: =+H19 -> 0 | J19: =+I19 -> 0 | K19: =+J19 -> 0 | ... N19: =+M19 -> 0 | O19: =+PARÁMETROS!$D$73 -> 0 | P19: =+O19 -> 0 | Q19: =+P19 -> 0 | R19: =+Q19 -> 0 | S19: =+R19 -> 0 | T19: =+S19 -> 0 | U19: =+T19 -> 0 | V19: =+U19 -> 0 | W19: =+V19 -> 0 | ... Z19: =+Y19 -> 0 | AA19: =+PARÁMETROS!$E$73 -> 0 | AB19: =+AA19 -> 0 | AC19: =+AB19 -> 0 | AD19: =+AC19 -> 0 | AE19: =+AD19 -> 0 | AF19: =+AE19 -> 0 | AG19: =+AF19 -> 0 | AH19: =+AG19 -> 0 | AI19: =+AH19 -> 0 | ... AL19: =+AK19 -> 0 | AM19: =+PARÁMETROS!$F$73 -> 0 | AN19: =+AM19 -> 0 | AO19: =+AN19 -> 0 | AP19: =+AO19 -> 0 | AQ19: =+AP19 -> 0 | AR19: =+AQ19 -> 0 | AS19: =+AR19 -> 0 | AT19: =+AS19 -> 0 | AU19: =+AT19 -> 0 | ... AX19: =+AW19 -> 0 | AY19: =+PARÁMETROS!$G$73 -> 0 | AZ19: =+AY19 -> 0 | BA19: =+AZ19 -> 0 | BB19: =+BA19 -> 0 | BC19: =+BB19 -> 0 | BD19: =+BC19 -> 0 | BE19: =+BD19 -> 0 | BF19: =+BE19 -> 0 | BG19: =+BF19 -> 0 | ... BJ19: =+BI19 -> 0
A20: Cruce de Aportes Ex - Asociados | C20: =+(+anexos!B$109)*1*(B$128/B$135) -> 0 | D20: =+(+anexos!C$109)*1*(C$128/C$135) -> 0 | E20: =+(+anexos!D$109)*1*(D$128/D$135) -> 0 | F20: =+(+anexos!E$109)*1*(E$128/E$135) -> 0 | G20: =+(+anexos!F$109)*1*(F$128/F$135) -> 0 | H20: =+(+anexos!G$109)*1*(G$128/G$135) -> 0 | I20: =+(+anexos!H$109)*PARÁMETROS!C35*(H$128/H$135) -> 0 | J20: =+(+anexos!I$109)*1*(I$128/I$135) -> 0 | K20: =+(+anexos!J$109)*1*(J$128/J$135) -> 0 | L20: =+(+anexos!K$109)*1*(K$128/K$135) -> 0 | M20: =+(+anexos!L$109)*1*(L$128/L$135) -> 0 | N20: =+(+anexos!M$109)*PARÁMETROS!C35*(M$128/M$135) -> 0 | O20: =+(+anexos!N$109)*1*(N$128/N$135) -> 0 | P20: =+(+anexos!O$109)*1*(O$128/O$135) -> 0 | Q20: =+(+anexos!P$109)*1*(P$128/P$135) -> 0 | R20: =+(+anexos!Q$109)*1*(Q$128/Q$135) -> 0 | S20: =+(+anexos!R$109)*1*(R$128/R$135) -> 0 | T20: =+(+anexos!S$109)*1*(S$128/S$135) -> 0 | U20: =+(+anexos!T$109)*PARÁMETROS!C35*(T$128/T$135) -> 0 | V20: =+(+anexos!U$109)*1*(U$128/U$135) -> 0 | W20: =+(+anexos!V$109)*1*(V$128/V$135) -> 0 | X20: =+(+anexos!W$109)*1*(W$128/W$135) -> 0 | Y20: =+(+anexos!X$109)*1*(X$128/X$135) -> 0 | Z20: =+(+anexos!Y$109)*PARÁMETROS!C35*(Y$128/Y$135) -> 0 | AA20: =+(+anexos!Z$109)*1*(Z$128/Z$135) -> 0 | AB20: =+(+anexos!AA$109)*1*(AA$128/AA$135) -> 0 | AC20: =+(+anexos!AB$109)*1*(AB$128/AB$135) -> 0 | AD20: =+(+anexos!AC$109)*1*(AC$128/AC$135) -> 0 | AE20: =+(+anexos!AD$109)*1*(AD$128/AD$135) -> 0 | AF20: =+(+anexos!AE$109)*1*(AE$128/AE$135) -> 0 | AG20: =+(+anexos!AF$109)*PARÁMETROS!C35*(AF$128/AF$135) -> 0 | AH20: =+(+anexos!AG$109)*1*(AG$128/AG$135) -> 0 | AI20: =+(+anexos!AH$109)*1*(AH$128/AH$135) -> 0 | AJ20: =+(+anexos!AI$109)*1*(AI$128/AI$135) -> 0 | AK20: =+(+anexos!AJ$109)*1*(AJ$128/AJ$135) -> 0 | AL20: =+(+anexos!AK$109)*PARÁMETROS!C35*(AK$128/AK$135) -> 0 | AM20: =+(+anexos!AL$109)*1*(AL$128/AL$135) -> 0 | AN20: =+(+anexos!AM$109)*1*(AM$128/AM$135) -> 0 | AO20: =+(+anexos!AN$109)*1*(AN$128/AN$135) -> 0 | AP20: =+(+anexos!AO$109)*1*(AO$128/AO$135) -> 0 | AQ20: =+(+anexos!AP$109)*1*(AP$128/AP$135) -> 0 | AR20: =+(+anexos!AQ$109)*1*(AQ$128/AQ$135) -> 0 | AS20: =+(+anexos!AR$109)*PARÁMETROS!C35*(AR$128/AR$135) -> 0 | AT20: =+(+anexos!AS$109)*1*(AS$128/AS$135) -> 0 | AU20: =+(+anexos!AT$109)*1*(AT$128/AT$135) -> 0 | AV20: =+(+anexos!AU$109)*1*(AU$128/AU$135) -> 0 | AW20: =+(+anexos!AV$109)*1*(AV$128/AV$135) -> 0 | AX20: =+(+anexos!AW$109)*PARÁMETROS!C35*(AW$128/AW$135) -> 0 | AY20: =+(+anexos!AX$109)*1*(AX$128/AX$135) -> 0 | AZ20: =+(+anexos!AY$109)*1*(AY$128/AY$135) -> 0 | BA20: =+(+anexos!AZ$109)*1*(AZ$128/AZ$135) -> 0 | BB20: =+(+anexos!BA$109)*1*(BA$128/BA$135) -> 0 | BC20: =+(+anexos!BB$109)*1*(BB$128/BB$135) -> 0 | BD20: =+(+anexos!BC$109)*1*(BC$128/BC$135) -> 0 | BE20: =+(+anexos!BD$109)*PARÁMETROS!C35*(BD$128/BD$135) -> 0 | BF20: =+(+anexos!BE$109)*1*(BE$128/BE$135) -> 0 | BG20: =+(+anexos!BF$109)*1*(BF$128/BF$135) -> 0 | BH20: =+(+anexos!BG$109)*1*(BG$128/BG$135) -> 0 | BI20: =+(+anexos!BH$109)*1*(BH$128/BH$135) -> 0 | BJ20: =+(+anexos!BI$109)*PARÁMETROS!C35*(BI$128/BI$135) -> 0
A21: Prestaciones Sociales Ex - Asociados | C21: =anexos!B$54*0.66*(B$128/B$135) -> 0 | D21: =anexos!C$54*0.66*(C$128/C$135) -> 0 | E21: =anexos!D$54*0.66*(D$128/D$135) -> 0 | F21: =anexos!E$54*0.66*(E$128/E$135) -> 0 | G21: =anexos!F$54*0.66*(F$128/F$135) -> 0 | H21: =anexos!G$54*0.66*(G$128/G$135) -> 0 | I21: =anexos!H$54*0.66*(H$128/H$135) -> 0 | J21: =anexos!I$54*0.66*(I$128/I$135) -> 0 | ... BJ21: =anexos!BI$54*0.66*(BI$128/BI$135) -> 0
A22: Abonos Extra y Compras | C22: =PARÁMETROS!$C$33*(B$128/B$135) -> 0 | D22: =PARÁMETROS!$C$33*(C$128/C$135) -> 0 | E22: =PARÁMETROS!$C$33*(D$128/D$135) -> 0 | F22: =PARÁMETROS!$C$33*(E$128/E$135) -> 0 | G22: =PARÁMETROS!$C$33*(F$128/F$135) -> 0 | H22: =PARÁMETROS!$C$33*(G$128/G$135) -> 0 | I22: =PARÁMETROS!$C$33*(H$128/H$135) -> 0 | J22: =PARÁMETROS!$C$33*(I$128/I$135) -> 0 | ... N22: =PARÁMETROS!$C$33*(M$128/M$135) -> 0 | O22: =PARÁMETROS!$D$33*(N$128/N$135) -> 0 | P22: =PARÁMETROS!$D$33*(O$128/O$135) -> 0 | Q22: =PARÁMETROS!$D$33*(P$128/P$135) -> 0 | R22: =PARÁMETROS!$D$33*(Q$128/Q$135) -> 0 | S22: =PARÁMETROS!$D$33*(R$128/R$135) -> 0 | T22: =PARÁMETROS!$D$33*(S$128/S$135) -> 0 | U22: =PARÁMETROS!$D$33*(T$128/T$135) -> 0 | V22: =PARÁMETROS!$D$33*(U$128/U$135) -> 0 | ... Z22: =PARÁMETROS!$D$33*(Y$128/Y$135) -> 0 | AA22: =PARÁMETROS!$E$33*(Z$128/Z$135) -> 0 | AB22: =PARÁMETROS!$E$33*(AA$128/AA$135) -> 0 | AC22: =PARÁMETROS!$E$33*(AB$128/AB$135) -> 0 | AD22: =PARÁMETROS!$E$33*(AC$128/AC$135) -> 0 | AE22: =PARÁMETROS!$E$33*(AD$128/AD$135) -> 0 | AF22: =PARÁMETROS!$E$33*(AE$128/AE$135) -> 0 | AG22: =PARÁMETROS!$E$33*(AF$128/AF$135) -> 0 | AH22: =PARÁMETROS!$E$33*(AG$128/AG$135) -> 0 | ... AL22: =PARÁMETROS!$E$33*(AK$128/AK$135) -> 0 | AM22: =PARÁMETROS!$F$33*(AL$128/AL$135) -> 0 | AN22: =PARÁMETROS!$F$33*(AM$128/AM$135) -> 0 | AO22: =PARÁMETROS!$F$33*(AN$128/AN$135) -> 0 | AP22: =PARÁMETROS!$F$33*(AO$128/AO$135) -> 0 | AQ22: =PARÁMETROS!$F$33*(AP$128/AP$135) -> 0 | AR22: =PARÁMETROS!$F$33*(AQ$128/AQ$135) -> 0 | AS22: =PARÁMETROS!$F$33*(AR$128/AR$135) -> 0 | AT22: =PARÁMETROS!$F$33*(AS$128/AS$135) -> 0 | ... AX22: =PARÁMETROS!$F$33*(AW$128/AW$135) -> 0 | AY22: =PARÁMETROS!$G$33*(AX$128/AX$135) -> 0 | AZ22: =PARÁMETROS!$G$33*(AY$128/AY$135) -> 0 | BA22: =PARÁMETROS!$G$33*(AZ$128/AZ$135) -> 0 | BB22: =PARÁMETROS!$G$33*(BA$128/BA$135) -> 0 | BC22: =PARÁMETROS!$G$33*(BB$128/BB$135) -> 0 | BD22: =PARÁMETROS!$G$33*(BC$128/BC$135) -> 0 | BE22: =PARÁMETROS!$G$33*(BD$128/BD$135) -> 0 | BF22: =PARÁMETROS!$G$33*(BE$128/BE$135) -> 0 | ... BJ22: =PARÁMETROS!$G$33*(BI$128/BI$135) -> 0
